Workbook

Sheet Fase 1 Ini
A1: Fase 1 Initiatief/haalbaarheid | D1: TU/e - opdrachtgever | E1: Architect / Stedenbouw | F1: Landschapsarchitect | G1: Adviseur constructies | H1: Installatie adviseur | I1: Bouwfysicus en Adviseur | J1: Kostenadviseur | K1: Aannemer | L1: Directievoerder | M1: Toezichthouder | O1: tblActiviteiten.omschr | P1: Documentomschrijving | Q1: Documentsoort | R1: Documentinhoud
A2: 01.01 | B2: Opdrachtgeving
A3: 01.01.010 | C3: Opstellen beleidsuitgangspunten project | P3: Projectbeleid fase Initiatief/haalbaarheid | Q3: Projectbeleid | R3: Inhoud*: eventueel bijgestelde beleidsuitgangspunten: analyse huisvestingsproblematiek / relevant ondernemingsbeleid / relevant huisvestingsbeleid / projectdoelstellingen / projectresultaten / projectbudget / projectmijlpalen / uitbestedingsbeleid / beoordelingscriteria alternatieven / randvoorwaarden
A4: 01.01.020 | C4: Nemen besluiten over faseresultaten en voortgang | P4: Besluiten fase Initiatief/haalbaarheid | R4: Inhoud: conclusies en besluiten m.b.t. de haalbaarheid / locatiekeuze / besluiten m.b.t. het vervolg van het project
A5: 01.02 | B5: Contracten
A6: 01.02.010 | C6: Voorbereiden contracteren van participant(en) | P6: Conceptcontracten met participant(en) fase Initiatief/haalbaarheid (en verder) | Q6: Model Basisopdracht DNR 2011 | R6: Inhoud*: zie Model Basisopdracht De Nieuwe Regeling 2011
A7: 01.02.010 | C7: Voorbereiden contracteren van participant(en) | P7: Verslagen contractbesprekingen fase Initiatief/haalbaarheid | Q7: Verslag contractbe | R7: Inhoud*: aanwezigen / agenda / besproken documenten / resultaten bespreking / afspraken
A8: 01.02.010 | C8: Voorbereiden contracteren van participant(en) | P8: Uitbestedingsplan fase Initiatief/haalbaarheid | Q8: Uitbestedingsplan | R8: Inhoud*: gekozen uitbestedingsvorm / uitbestedingstactiek / eventueel te houden aanbestedingen van diensten
A9: 01.02.010 | C9: Voorbereiden contracteren van participant(en) | P9: Conceptcontracten aanvullende expertise fase Initiatief/haalbaarheid (en verder) | Q9: Model Basisopdracht DNR 2011 | R9: Inhoud*: zie Model Basisopdracht De Nieuwe Regeling 2011
A10: 01.02.010 | C10: Voorbereiden contracteren van participant(en) | P10: Aanbestedingsplan fase Initiatief/haalbaarheid | Q10: Aanbestedingsplan | R10: Inhoud*: opzet aanbesteding per participant / tijdschema
A11: 01.02.015 | C11: Formuleren gewenste werkzaamheden eventuele aanvullende expertise (M-taak) | P11: Gewenste werkzaamheden aanvullende expertise fase Initiatief/haalbaarheid | Q11: Gewenste werkzaamheden | R11: Inhoud*: taakspecificatie extern in te schakelen deskundigen
A12: 01.02.020 | C12: Contracteren eventuele aanvullende expertise | P12: Contracten aanvullende expertise Initiatieffase (en verder) | Q12: Contracten aanvullende expertise | R12: Inhoud*: zie Model Basisopdracht De Nieuwe Regeling 2011
A13: 01.02.030 | C13: Contracteren van participant(en) | P13: Contracten met participant(en) fase Initiatief/haalbaarheid (en verder) | Q13: Contracten met participanten | R13: Inhoud*: zie Model Basisopdracht De Nieuwe Regeling 2011
A14: 01.02.030 | C14: Contracteren van participant(en) | P14: Rapport verleende opdracht(en) fase Initiatief/haalbaarheid (en verder) | Q14: Rapport verleende opdrachten | R14: Inhoud*: opsomming verleende opdrachten
A15: 01.03 | B15: Programma van Eisen
A16: 01.03.010 | C16: Verzamelen gegevens te huisvesten organisatie | P16: Gegevens te huisvesten organisatie fase Initiatief/haalbaarheid | R16: Inhoud: aard van de organisatie / organisatiestructuur / medewerkers / werkprocessen / producten en diensten / cultuur / imago / geschiedenis / toekomstverwachtingen
A17: 01.03.020 | C17: Analyseren huisvestingsbehoefte | P17: Analyse huisvestingsbehoefte fase Initiatief/haalbaarheid | R17: Inhoud: globale aanduiding van te huisvesten functies of functieclusters / relaties tussen functies/functieclusters / globale ruimtebehoefte / globale eisen en wensen met betrekking tot de locatie
A18: 01.03.020 | C18: Analyseren huisvestingsbehoefte | P18: Analyse behoefte Landschap | R18: Inhoud: analyse behoeften t.a.v. bereikbaarheid / uitstraling omgeving / benodigde Landschap met betrekking tot parkeren, verblijf, opslag etc.
A19: 01.03.020 | C19: Analyseren huisvestingsbehoefte | P19: Analyse ondernemingsbeleid fase Initiatief/haalbaarheid | Q19: Analyse ondernemingsbeleid | R19: Inhoud*: beleid t.a.v.: markten, producten en/of diensten, groei of krimp, organisatiestructuur, inrichting primaire en ondersteunende processen, innovatie, imago, strategie en marketing
A20: 01.03.020 | C20: Analyseren huisvestingsbehoefte | P20: Ambitiedocument | R20: Inhoud: ondernemingsbeleid vertaald naar ambities en doelstellingen t.a.v. vestigingsplaats/locatie, functionaliteit, logistiek, bereikbaarheid en toegankelijkheid, ruimtelijke en architectonische kwaliteit, veiligheid en gezondheids- en welzijnsaspecten van de huisvesting / globale budgetten voor investering en exploitatie
A21: 01.04 | B21: Architectuur/ bouwkunde
A22: 01.04.010 | C22: Verrichten onderzoek gewenste gebouw- en locatietype | P22: Rapportage gewenste gebouwtype | R22: Inhoud: gewenste gebouwtype in relatie tot de bedrijfscultuur en werkwijze van te huisvesten organisatie, huishouden of doelgroep en de visies van de opdrachtgever / gewenste gebouwtype in relatie tot maatschappelijke ontwikkelingen en actuele visies m.b.t. de opgave / verkenning uitgangspunten architectuur
A23: 01.04.010 | C23: Verrichten onderzoek gewenste gebouw- en locatietype | P23: Stedenbouwkundig wensenpakket vanuit expertise Architectuur/bouwkunde | R23: Inhoud: gewenste locatietype in relatie tot bedrijfscultuur en werkwijze van de te huisvesten organisatie, huishouden of doelgroep en visies van de opdrachtgever / gewenste locatietype in relatie tot maatschappelijke ontwikkelingen en actuele visies m.b.t. de opgave
A24: 01.04.020 | C24: Adviseren locatiekeuze vanuit expertise Architectuur/bouwkunde | P24: Advies locatiekeuze vanuit expertise Architectuur/bouwkunde | R24: Inhoud: analyse stedenbouwkundige context diverse locaties: architectonische representativiteit, kwaliteit van de ambiances / analyse planologische aspecten diverse locaties: eventuele toekomstige context / analyse bebouwingsmogelijkheden diverse locaties: grootte en vorm in relatie tot gewenste bouwvolume / sterkte-zwakte-analyse diverse locaties/ advies m.b.t. definitieve keuze
A25: 01.04.030 | C25: Verzamelen gegevens gekozen locatie vanuit expertise Architectuur/bouwkunde | P25: Locatiegegevens vanuit expertise Architectuur/bouwkunde | R25: Inhoud: analyse stedenbouwkundige kwaliteiten: morfologie van de omgeving, gehanteerde beeldtaal van de omgeving, architectonisch sfeerbepalende structuren / inventarisatie en interpretatie van historische informatie / analyse logistieke inbedding in de omgeving
A26: 01.04.040 | C26: Uitvoeren haalbaarheidsonderzoek vanuit expertise Architectuur/bouwkunde | P26: Haalbaarheidsonderzoek vanuit expertise Architectuur/bouwkunde | R26: Inhoud: inpassings- en oriëntatiemogelijkheden gewenste bouwvolume: bebouwingsmogelijkheden, potentie architectonische representatie / logistieke mogelijkheden van het terrein: ontsluitingsprincipes gebouw in relatie tot terrein / faseerbaarheid gewenste bouwvolume: inventarisatie bestaand bouwvolume en bestaande infrastructuur, faseringsvoorstel / advies haalbaarheid
A27: 01.04.050 | C27: Opnemen bestaande toestand bouwwerk (renovatie/restauratie) | P27: Globale gebrekentekening met toelichting | R27: Inhoud: globale inventarisatie van te herstellen bouwkundige gebreken, voldoende om een eerste, grove indicatie te kunnen geven van renovatie/restauratiekosten
A28: 01.04.050 | C28: Opnemen bestaande toestand bouwwerk (renovatie/restauratie) | P28: Inventarisatie bestaande tekeningen te renoveren/restaureren bouwwerk | R28: Inhoud: lijst van bestaande bouwkundige tekeningen / beoordeling kwaliteit aanwezige tekeningen
A29: 01.04.050 | C29: Opnemen bestaande toestand bouwwerk (renovatie/restauratie) | P29: Schetsmatige opmetingstekening | R29: Inhoud: schetsmatig opgezette plattegronden en/of plattegrondfragmenten 1:100 / schetsmatig opgezette gevelaanzichten en/of gevelfragmenten 1:100
A30: 01.04.050 | C30: Opnemen bestaande toestand bouwwerk (renovatie/restauratie) | P30: Bestaande tekeningen te renoveren/restaureren bouwwerk gedigitaliseerd | R30: Inhoud: bestaande tekeningen digitaal gemaakt (indien er wel bestaande tekeningen voorhanden zijn, maar geen CAD-versies)
A31: 01.04.050 | C31: Opnemen bestaande toestand bouwwerk (renovatie/restauratie) | P31: Rapportage status te renoveren/restaureren bouwwerk | R31: Inhoud: status: rijksmonument, gemeentelijk monument, geen monumentenstatus / overzicht eventueel eerder verleende subsidies / eventuele plaats op gemeentelijke meerjarenplanning / ….
A32: 01.04.050 | C32: Opnemen bestaande toestand bouwwerk (renovatie/restauratie) | P32: Gecontroleerde bestaande tekeningen te renoveren/restaureren bouwwerk | R32: Inhoud: Bestaande tekeningen met daarop aangegeven: aanvullende informatie uit opname van het bouwwerk / bij opname van het bouwwerk geconstateerde afwijkingen van de tekeningen
A33: 01.05 | B33: Interieur
A34: 01.05.020 | C34: Opnemen bestaande toestand Interieur (renovatie/restauratie) | P34: Inventarisatie bestaande tekeningen te renoveren/te restaureren Interieur | R34: Inhoud: lijst van bestaande interieurtekeningen / beoordeling kwaliteit aanwezige tekeningen
A35: 01.05.020 | C35: Opnemen bestaande toestand Interieur (renovatie/restauratie) | P35: Schetsmatige opname Interieur | R35: Inhoud: schetsmatig opgezette plattegronden, doorsneden en aanzichten van het bestaande interieur, inclusief materiaalgebruik en afwerkingen en eventuele gebreken / toelichting
A36: 01.05.020 | C36: Opnemen bestaande toestand Interieur (renovatie/restauratie) | P36: Gecontroleerde bestaande tekeningen te renoveren/te restaureren Interieur | R36: Inhoud: bestaande tekeningen met daarop aangegeven aanvullende informatie uit opname van het interieur en geconstateerde afwijkingen van de tekeningen
A37: 01.05.020 | C37: Opnemen bestaande toestand Interieur (renovatie/restauratie) | P37: Bestaande tekeningen interieur gedigitaliseerd | R37: Inhoud: bestaande tekeningen digitaal gemaakt (indien er wel bestaande tekeningen voorhanden zijn, maar geen CAD-versies)
A38: 01.06 | B38: Landschap
A39: 01.06.010 | C39: Adviseren gewenste type landschap | P39: Rapportage gewenste type Landschap | R39: Inhoud: gewenste type Landschap en/of locatie in relatie tot de bedrijfscultuur en werkwijze van te huisvesten organisatie, huishouden of doelgroep en de visies van de opdrachtgever / gewenste type Landschap in relatie tot maatschappelijke ontwikkelingen en actuele visies
A40: 01.06.020 | C40: Adviseren locatiekeuze vanuit expertise Landschapsarchitectuur | P40: Advies locatiekeuze vanuit expertise Landschapsarchitectuur | R40: Inhoud: analyse stedenbouwkundige context diverse locaties: landschappelijke representativiteit, kwaliteit van het landschappelijke ambiances / analyse logistieke infrastructuur diverse locaties: ligging ten opzichte van stedelijke of regionale infrastructuur, toegankelijkheid / analyse eventuele toekomstige context / analyse geologische aspecten diverse locaties in relatie tot: landschappelijke aspecten / analyse globale milieutechnische factoren / analyse landschappelijke mogelijkheden diverse locaties / sterkte-zwakte-analyse diverse locaties / advies m.b.t. definitieve keuze
A41: 01.06.030 | C41: Verzamelen gegevens gekozen locatie vanuit expertise Landschapsarchitectuur | P41: Locatiegegevens vanuit expertise Landschapsarchitectuur | R41: Inhoud: inventarisatie aanwezige groenstructuur en beplanting / inventarisatie bestaande infrastructuur op het terrein / inventarisatie en interpretatie van historische informatie t.a.v. landschappelijke aspecten
A42: 01.06.040 | C42: Uitvoeren haalbaarheidsonderzoek vanuit expertise Landschapsarchitectuur | P42: Haalbaarheidsonderzoek vanuit expertise Landschapsarchitectuur | R42: Inhoud: beoordeling initiatief, kwalitatief en kwantitatief, ten aanzien van omvang, situering
A43: 01.06.050 | C43: Opnemen bestaande toestand Landschap | P43: Bestaande tekeningen te renoveren/te restaureren Landschap gedigitaliseerd | R43: Inhoud: bestaande tekeningen digitaal gemaakt (indien er wel bestaande tekeningen voorhanden zijn, maar geen CAD-versies)
A44: 01.06.050 | C44: Opnemen bestaande toestand Landschap | P44: Gecontroleerde bestaande tekeningen te renoveren/te restaureren Landschap | R44: Inhoud: bestaande tekeningen met daarop aangegeven aanvullende informatie uit opname van het landschap en geconstateerde afwijkingen van de tekeningen
A45: 01.06.050 | C45: Opnemen bestaande toestand Landschap | P45: Inventarisatie bestaande tekeningen te renoveren/te restaureren Landschap | R45: Inhoud: lijst van bestaande landschapstekeningen / beoordeling kwaliteit aanwezige tekeningen
A46: 01.06.050 | C46: Opnemen bestaande toestand Landschap | P46: Schetsmatige opname Landschap | R46: Inhoud: schetsmatig opgezette plattegronden en doorsneden van bestaand Landschap, waarop aangegeven eventuele gebreken
A47: 01.06.060 | C47: Opzetten watertoets | P47: Opzet watertoets | R47: Inhoud: resultaten overleg met waterbeheerder / wateraandachtspunten / eventuele criteria
A48: 01.06.070 | C48: Doen uitvoeren landmeetkundige opmeting terrein | P48: Digitale ondergrond terrein | R48: Inhoud: digitaal model (database) van het terrein met exacte coördinaten, afmetingen en hoogtematen, coördinaten en afmetingen van bebouwingen
A49: 01.07 | B49: Bouwfysica, Akoestiek en Brandveiligheid
A50: 01.07.010 | C50: Bijdrage aan verzamelen locatiegegevens vanuit expertise Bouwfysica | R50: Inhoud: inventarisatie bouwfysische aspecten diverse locaties: wind, bezonning, trillingen, luchtkwaliteit / metingsresultaten
A51: 01.07.010 | C51: Bijdrage aan haalbaarheidsonderzoek vanuit expertise Bouwfysica | R51: Inhoud: analyse oplossingsmogelijkheden eventuele knelpunten van locaties t.a.v. bouwfysica / benoeming consequenties van oplossingen / advies
A52: 01.07.010 | C52: Bijdrage aan advies locatiekeuze vanuit expertise Bouwfysica | R52: Inhoud: analyse bouwfysische aspecten (wind, bezonning, trillingen, luchtkwaliteit) diverse locaties / sterkte-zwakteanalyse / advies
A53: 01.07.020 | C53: Bijdrage aan advies locatiekeuze vanuit expertise Akoestiek | R53: Inhoud: analyse akoestische aspecten (verkeerslawaai, industrielawaai, geluidsbelasting op de omgeving) diverse locaties / sterkte-zwakteanalyse / advies
A54: 01.07.020 | C54: Bijdrage aan haalbaarheidsonderzoek vanuit expertise Akoestiek | R54: Inhoud: analyse oplossingsmogelijkheden eventuele knelpunten van locaties t.a.v. akoestiek / benoeming consequenties van oplossingen / advies
A55: 01.07.020 | C55: Bijdrage aan verzamelen locatiegegevens vanuit expertise Akoestiek | R55: Inhoud: inventarisatie akoestische aspecten diverse locaties: verkeerslawaai, industrielawaai / metingsresultaten
A56: 01.08 | B56: Constructie
A57: 01.08.010 | C57: Verrichten vooronderzoek Constructies | P57: Bijdrage Constructies aan advies locatiekeuze | R57: Inhoud: sterktezwakteanalyse constructieve mogelijkheden diverse locaties / advies
A58: 01.08.010 | C58: Verrichten vooronderzoek Constructies | P58: Bijdrage Constructies aan locatiegegevens | R58: Inhoud: gegevens omtrent constructieve elementen bestaande omgeving
A59: 01.08.010 | C59: Verrichten vooronderzoek Constructies | P59: Bijdrage Constructies aan haalbaarheidsonderzoek | R59: Inhoud: analyse technische/constructieve mogelijkheden van het terrein / analyse constructietechnische haalbaarheid gewenste bouwvolume / eventuele knelpunten en mogelijke oplossingsrichtingen / advies haalbaarheid
A60: 01.08.020 | C60: Opnemen bestaande toestand Constructies (renovatie/restauratie) | P60: Inventarisatie bestaande tekeningen te renoveren/te restaureren constructie | R60: Inhoud: lijst van bestaande constructietekeningen / beoordeling kwaliteit aanwezige tekeningen
A61: 01.09 | B61: Installaties
A62: 01.09.010 | C62: Verrichten Vooronderzoek Installaties | P62: Bijdrage Installaties aan locatiegegevens | R62: Inhoud: gegevens omtrent installatietechnische aspecten en elementen bestaande omgeving, zoals energievoorziening, kabels en leidingen, aansluitingen op bedrijfsnetten van openbare nutsvoorzieningen
A63: 01.09.010 | C63: Verrichten Vooronderzoek Installaties | P63: Bijdrage Installaties aan haalbaarheidsonderzoek | R63: Inhoud: analyse installatietechnische en energievoorzieninsmogelijkheden van het terrein / eventuele knelpunten en mogelijke oplossingsrichtingen / advies haalbaarheid
A64: 01.09.010 | C64: Verrichten Vooronderzoek Installaties | P64: Bijdrage Installaties aan advies locatiekeuze | R64: Inhoud: sterktezwakteanalyse installatietechnische en energievoorzieningsmogelijkheden diverse locaties / advies
A65: 01.09.020 | C65: Opnemen bestaande toestand Installaties (renovatie/restauratie) | P65: Inventarisatie bestaande tekeningen te renoveren/te restaureren Installaties | R65: Inhoud: lijst van bestaande installatietekeningen / beoordeling kwaliteit aanwezige tekeningen
A66: 01.10 | B66: Geotechniek
A67: 01.10.010 | C67: Verrichten vooronderzoek Geotechniek | P67: Bijdrage Geotechniek aan advies locatiekeuze | R67: Inhoud: sterktezwakteanalyse geotechnische mogelijkheden diverse locaties / advies
A68: 01.10.010 | C68: Verrichten vooronderzoek Geotechniek | P68: Bijdrage Geotechniek aan haalbaarheidsonderzoek | R68: Inhoud: analyse geotechnische mogelijkheden van het terrein (draagkracht, waterhuishouding, invloed van/op belendingen) / eventuele knelpunten en mogelijke oplossingsrichtingen / advies haalbaarheid
A69: 01.10.010 | C69: Verrichten vooronderzoek Geotechniek | P69: Bijdrage Geotechniek aan locatiegegevens | R69: Inhoud: gegevens betreffende grondwaterstand en bodemgesteldheid
A70: 01.11 | B70: Ontwerpintegratie
A71: 01.11.010 | C71: Coördineren adviezen participanten | P71: (Ontwerp)Aanwijzingen fase Initiatief/haalbaarheid | R71: Inhoud: aanwijzingen en afspraken t.a.v. inhoudelijke afstemming van werkzaamheden en adviezen participanten
A72: 01.11.030 | C72: Uitvoeren haalbaarheidsonderzoek (incl. integreren evt. adviezen participanten) | P72: (Integraal) Haalbaarheidsonderzoek | R72: Inhoud: Algemeen: samenvatting van of verwijzing naar projectbeleid, gegevens te huisvesten organisatie, locatiegegevens / conclusies m.b.t. sociaal-culturele context / gehanteerde wegingscriteria / representatie geïntegreerde stedenbouwkundige, ruimtelijke, landschappelijke en technische oplossingsrichting(en), conceptuele massastudie / conclusies m.b.t. functionele en fysieke haalbaarheid, technische haalbaarheid, financieel-economische haalbaarheid / waardering en advies
A73: 01.11.030 | C73: Uitvoeren haalbaarheidsonderzoek (incl. integreren evt. adviezen participanten) | P73: Oplossingsrichtingen voor de huisvestingsvraag | R73: Inhoud: Onderbouwde adviezen voor het oplossen van de huisvestingsvraag (bijv. nieuwbouw, verbouw, renovatie, verhuizen, reorganisatie bestaande huisvesting, alternatieve locatie)
A74: 01.11.040 | C74: Uitvoeren haalbaarheidsonderzoek (incl. integreren evt. adviezen participanten) | P74: (Integraal) advies locatiekeuze | R74: Inhoud: beschrijving alternatieve locaties / wegingscriteria / waardering en advies
A75: 01.11.040 | C75: Uitvoeren haalbaarheidsonderzoek (incl. integreren evt. adviezen participanten) | P75: Locatiegegevens fase Initiatief/haalbaarheid | R75: Inhoud: analyse stedenbouwkundige kwaliteiten: morfologie van de omgeving, gehanteerde beeldtaal van de omgeving, architectonisch sfeerbepalende structuren / inventarisatie en interpretatie van historische informatie / analyse logistieke inbedding in de omgeving / inventarisatie aanwezige groenstructuur en beplanting / inventarisatie bestaande infrastructuur op terrein / inventarisatie en metingsresultaten bouwfysische en akoestische aspecten / gegevens omtrent constructieve elementen bestaande omgeving / gegevens omtrent installatietechnische aspecten en elementen bestaande omgeving, zoals energievoorziening, kabels en leidingen, aansluitingen op bedrijfsnetten van openbare nutsvoorzieningen / gegevens betreffende grondwaterstand en bodemgesteldheid
A76: 01.12 | B76: Geld
A77: 01.12.010 | C77: Bewaken fasebudget | P77: Rapport bewaking budget Initiatief/haalbaarheid | Q77: Rapport bewaking budget | R77: Inhoud*: overzicht beschikbare budgetten en bestedingen per adviseur en totaal
A78: 01.12.020 | C78: Adviseren bouwkosten | P78: Haalbaarheidsraming fase Initiatief/haalbaarheid | Q78: Haalbaarheidsraming | R78: Inhoud*: raming van bouwkosten op het niveau van het gehele bouwwerk of ruimtelijke delen en op basis van kostenkengetallen per aan het gebruik gerelateerde eenheid/beoordeling ten opzichte van het budget / advies
A79: 01.12.030 | C79: Adviseren investeringskosten | P79: Advies investeringskosten fase Initiatief/haalbaarheid | Q79: Raming investeringskosten | R79: Inhoud*: gekozen aannames / grondslag voor de raming / ramingsmethode / raming investeringskosten conform NEN 2631 / advies
A80: 01.12.040 | C80: Ramen exploitatiekosten | P80: Raming exploitatiekosten fase Initiatief/haalbaarheid | Q80: Raming exploitatiekosten | R80: Inhoud*: raming exploitatiekosten, onderverdeeld in budgetten voor vaste kosten, energiekosten, onderhoudskosten, administratieve beheerkosten en specifieke bedrijfskosten / gekozen aannames / beoordeling t.o.v. budget / aanbevelingen t.a.v. te treffen maatregelen
A81: 01.12.050 | C81: Analyseren kosten-baten exploitatie | P81: Analyse kosten-baten exploitatie fase Initiatief/haalbaarheid | Q81: Analyse k-b expl tm fase3 | R81: Inhoud*: rentabiliteitsberekening / afweging exploitatiekosten tegen verwachte opbrengsten / advies
A82: 01.12.060 | C82: Inventariseren financieringsmogelijkheden | P82: Inventarisatie financieringsmogelijkheden fase Initiatief/haalbaarhieid | Q82: Inventarisatie finanieringsmogelijkheden | R82: Inhoud*: overzicht financieringsmogelijkheden / conclusies / advies
A83: 01.12.070 | C83: Inventariseren subsidiemogelijkheden | P83: Inventarisatie subsidiemogelijkheden fase Initiatief/haalbaarheid | Q83: Inventarisatie subsidiemogelijkheden | R83: Inhoud*: overzicht subsidiemogelijkheden / conclusies / advies
A84: 01.13 | B84: Organisatie/procesintegratie
A85: 01.13.010 | C85: Organiseren project | P85: Realisatie projectorganisatie fase Initiatief/haalbaarheid | Q85: Realisatie projectorganisatie | R85: Inhoud*: Verschillen tussen plan en realisatie/ voorgestelde maatregelen
A86: 01.13.010 | C86: Organiseren project | P86: Plan projectorganisatie fase Initiatief/haalbaarheid | Q86: Plan projectorganisatie | R86: Inhoud*: besturingsorganisatie / werkorganisatie / communicatieorganen / communicatieprocedures / vergaderingen / communicatiegegevens / overzicht participanten / NAW-gegevens / taakverdeling
A87: 01.13.020 | C87: Sturen en bewaken project | Q87: Faseplan | R87: Inhoud*: verwijzing naar plan van aanpak project / analyse opdracht / specificatie faseresultaten / uitgangssituatie / takenstructuur / organisatiestructuur / overlegstructuur / fasetijdschema / fasebudget / configuratiemanagement / projectdocumenten / kwaliteitsbeheersing / randvoorwaarden werkplannen
A88: 01.13.020 | C88: Sturen en bewaken project | Q88: PvA Project | R88: Inhoud*: projectresultaat / te hanteren fasen / faseresultaten / projectaanpak/ besturingsorganisatie/ uitgangspunten voor tijd en kosten
A89: 01.13.020 | C89: Sturen en bewaken project | Q89: Fase-afsluiting | R89: Inhoud*: vergelijking faserealisatie en faseplan naar resultaten en proces / opgetreden ontwikkelingen en verwerking daarvan / risicobeoordeling van het projectresultaat / beëindigde (deel)opdrachten van adviseurs / openstaande punten voor besluitvorming / aanbevelingen voor de volgende fase
A90: 01.13.020 | C90: Sturen en bewaken project | P90: Sturingsmaatregelen Initiatief/haalbaarheid | Q90: Sturingsmaatregelen | R90: Inhoud*: opsomming van maatregelen
A91: 01.13.020 | C91: Sturen en bewaken project | Q91: Startrapport | R91: Inhoud*: uitgangssituatie fase / globaal faseresultaat / vereiste startcondities / getroffen maatregelen om condities te realiseren
A92: 01.13.030 | C92: Voorbereiden besluitvorming faseresultaten Intiatief/haalbaarheid | P92: Advies besluitvorming faseresultaten Initiatief/haalbaarheid | R92: Inhoud: samenvatting resultaatdocumenten haalbaarheidsstudie op hoofdlijnen / conclusies m.b.t. kwaliteit, geld en productrisico’s / aandachtspunten voor de volgende fase / conclusies / advies inzake besluitvorming van de opdrachtgever over faseresultaten
A93: 01.13.030 | C93: Voorbereiden besluitvorming faseresultaten Intiatief/haalbaarheid | P93: Advies besluitvorming voortgang project fase Initiatief/Haalbaarheid | R93: Inhoud: evaluatie van het proces in de fase Initiatief/haalbaarheid: organisatie, procesintegratie, planning, informatie en communicatie / procesrisico’s / aandachtspunten voor het Faseplan Programma van Eisen / conclusies / advies inzake besluitvorming van de opdrachtgever over de voortgang van het project
A94: 01.14 | B94: Tijd
A95: 01.14.010 | C95: Plannen projectdoorlooptijd | P95: Planning projectdoorlooptijd fase Initiatief/haalbaarheid | Q95: Projecttijdschema | R95: Inhoud*: tijdschemastructuur/ projecttijdschema/ fasetijdschema/ specifieke tijdschema’s
A96: 01.15 | B96: Informatie en Communicatie
A97: 01.15.010 | C97: Opstellen en beheren informatie- en communicatieplan fase Initiatief/haalbaarheid | P97: Informatie- en communicatieplan fase Initiatief/haalbaarheid | Q97: Info- en comm.plan | R97: Inhoud*: overlegvormen, inclusief deelnemers, frequenties, vergadertijden, globale agenderingen / afspraken en procedures voor informatie-uitwisseling tussen participanten
A98: 01.15.020 | C98: Voeren van overleg met opdrachtgever (M-taak)
A99: 01.15.030 | C99: Voorbereiden, voorzitten, verslagleggen van teamvergaderingen | P99: Verslagen teamvergaderingen fase Initiatief/haalbaarheid | Q99: Verslag vergadering | R99: Inhoud*: datum vergadering / agenda / aanwezigen / besprekingsresultaten / afspraken / actiepunten
A100: 01.15.035 | C100: Voorbereiden, voorzitten, verslagleggen van stuurgroepvergaderingen | P100: Verslagen stuurgroepvergaderingen fase Initiatief/haalbaarheid | Q100: Verslag vergadering | R100: Inhoud*: datum vergadering / agenda / aanwezigen / besprekingsresultaten / afspraken / actiepunten
...

Sheet Fase 2 Def
A1: Fase 2 Projectdefinitie | D1: ='Fase 1 Ini'!D1 -> TU/e - opdrachtgever | E1: ='Fase 1 Ini'!E1 -> Architect / Stedenbouw | F1: ='Fase 1 Ini'!F1 -> Landschapsarchitect | G1: ='Fase 1 Ini'!G1 -> Adviseur constructies | H1: ='Fase 1 Ini'!H1 -> Installatie adviseur | I1: ='Fase 1 Ini'!I1 -> Bouwfysicus en Adviseur | J1: ='Fase 1 Ini'!J1 -> Kostenadviseur | K1: ='Fase 1 Ini'!K1 -> Aannemer | L1: ='Fase 1 Ini'!L1 -> Directievoerder | N1: tblActiviteiten.omschr | O1: Documentomschrijving | P1: Documentsoort | Q1: Documentinhoud
A2: 02.01 | B2: Opdrachtgeving
A3: 02.01.010 | C3: Evalueren en bijstellen beleidsuitgangspunten project | D3: X | N3: Evalueren en bijstellen beleidsuitgangspunten project | O3: Projectbeleid fase Projectdefinitie | Q3: Inhoud: eventueel bijgestelde analyse huisvestingsproblematiek / relevant ondernemingsbeleid / relevant huisvestingsbeleid / projectdoelstellingen / projectresultaten / projectbudget / projectmijlpalen / uitbestedingsbeleid / beoordelingscriteria alternatieven / randvoorwaarden
A4: 02.01.020 | C4: Nemen besluiten over faseresultaten en voortgang | D4: X | N4: Nemen besluiten over faseresultaten en voortgang | O4: Besluiten fase Projectdefinitie | Q4: Inhoud: opsomming van besluiten over resultaten / formele vaststelling integraal Programma van Eisen / besluiten m.b.t. het vervolg van het project
A5: 02.02 | B5: Contracten
A6: 02.02.010 | C6: Voorbereiden contracteren van participanten | D6: X | N6: Opstellen/herijken aanbestedingsplan | O6: Aanbestedingsplan fase Projectdefinitie (en verder) | P6: Aanbestedingsplan | Q6: Inhoud*: opzet aanbesteding per participant / tijdschema
A7: 02.02.010 | C7: Voorbereiden contracteren van participanten | N7: Voorbereiden contracteren van eventuele aanvullende expertise | O7: Conceptcontracten aanvullende expertise fase Projectdefinitie (en verder) | P7: Model Basisopdracht DNR 2011 | Q7: Inhoud*: zie Model Basisopdracht De Nieuwe Regeling 2011
A8: 02.02.010 | C8: Voorbereiden contracteren van participanten | N8: Voorbereiden contracteren van participanten | O8: Verslagen contractbesprekingen fase Projectdefinitie (en verder) | P8: Verslag contractbe | Q8: Inhoud*: aanwezigen / agenda / besproken documenten / resultaten bespreking / afspraken
A9: 02.02.010 | C9: Voorbereiden contracteren van participanten | N9: Voorbereiden contracteren van participanten | O9: Conceptcontracten met participanten fase Projectdefinitie (en verder) | P9: Model Basisopdracht DNR 2011 | Q9: Inhoud*: zie Model Basisopdracht De Nieuwe Regeling 2011
A10: 02.02.010 | C10: Voorbereiden contracteren van participanten | N10: Organiseren contractvorming | O10: Uitbestedingsplan fase Projectdefinitie (en verder) | P10: Uitbestedingsplan | Q10: Inhoud*: gekozen uitbestedingsvorm / uitbestedingstactiek / eventueel te houden aanbestedingen van diensten
A11: 02.02.020 | C11: Formuleren gewenste werkzaamheden aanvullende expertise (M-taak) | D11: X | N11: Formuleren gewenste werkzaamheden aanvullende expertise | O11: Gewenste werkzaamheden aanvullende expertise fase Projectdefinitie | P11: Gewenste werkzaamheden | Q11: Inhoud*: taakspecificatie extern in te schakelen deskundigen
A12: 02.02.030 | C12: Contracteren van participanten | D12: X | N12: Contracteren van participanten | O12: Contracten met participanten fase Projectdefinitie (en verder) | P12: Contracten met participanten | Q12: Inhoud*: zie Model Basisopdracht De Nieuwe Regeling 2011
A13: 02.02.030 | C13: Contracteren van participanten | N13: Contracteren van participanten | O13: Rapport verleende opdrachten fase Projectdefinitie (en verder) | P13: Rapport verleende opdrachten | Q13: Inhoud*: opsomming verleende opdrachten
A14: 02.02.035 | C14: Contracteren aanvullende expertise | D14: X | N14: Contracteren aanvullende expertise | O14: Contracten aanvullende expertise fase Projectdefinitie | P14: Contracten aanvullende expertise | Q14: Inhoud*: zie Model Basisopdracht De Nieuwe Regeling 2011
A15: 02.03 | B15: Programma van Eisen
A16: 02.03.010 | C16: Analyseren te huisvesten organisatie | D16: X | N16: Analyseren te huisvesten organisatie | O16: Analyse te huisvesten organisatie fase Projectdefinitie | Q16: Inhoud: analyse van: aard van de organisatie, missie en doelstellingen, organisatiestructuur, ambities, medewerkers, werkprocessen, producten en diensten, cultuur, imago, toekomstverwachtingen
A17: 02.03.010 | C17: Analyseren te huisvesten organisatie | N17: Analyseren huisvestingsbeleid | O17: Analyse huisvestingsbeleid fase Projectdefinitie | Q17: Inhoud: bestaande situatie / organisatierichtlijnen / relatie huisvesting en onderneming / facilitaire normen / financiële normen / organisatie interne besluitvorming
A18: 02.03.010 | C18: Analyseren te huisvesten organisatie | N18: Analyseren ondernemingsbeleid | O18: Analyse ondernemingsbeleid fase Projectdefinitie | P18: Analyse ondernemingsbeleid | Q18: Inhoud*: beleid t.a.v.: markten, producten en/of diensten, groei of krimp, organisatiestructuur, inrichting primaire en ondersteunende processen, innovatie, imago, strategie en marketing
A19: 02.03.020 | C19: Analyseren locatiegegevens | D19: X | N19: Analyseren locatiegegevens | O19: Analyse locatiegegevens fase Projectdefinitie | Q19: Inhoud: Stedenbouwkundig plan, bestemmingsplan / Verkeersplan / Kadastrale gegevens / Ondergronds verkeer/ waardering bestaande bebouwing van de omgeving
A20: 02.03.030 | C20: Verzorgen inbreng expertise Architectuur/bouwkunde in PvE | E20: B | N20: Verzorgen inbreng expertise Architectuur/bouwkunde in PvE | O20: Inbreng expertise Architectuur/bouwkunde fase Projectdefinitie | Q20: Inhoud: (afhankelijk van het project): eisen en wensen m.b.t. stedenbouwkundige en architectonische inpassing / ambities en verwachtingen m.b.t. de architectonische verschijningsvorm / ruimtebehoefte van en relaties tussen gebruiksactiviteiten, inclusief routing en omvang van mensen- en goederenstromen / eisen m.b.t. flexibiliteit, uitbreidbaarheid, bereikbaarheid, toegankelijkheid en veiligheid
A21: 02.03.032 | C21: Verzorgen inbreng expertise Interieurarchitectuur in PvE | E21: B | N21: Verzorgen inbreng expertise Interieurarchitectuur in PvE | O21: Inbreng expertise Interieurarchitectuur fase Projectdefinitie | Q21: Inhoud: (afhankelijk van het project): ambities en verwachtingen m.b.t. de verschijningsvorm en materialisatie van het interieur / verwachtingen m.b.t. kleurgebruik / functionele eisen m.b.t. inrichting van werkplekken en algemene (representatieve) ruimten
A22: 02.03.034 | C22: Verzorgen inbreng expertise Landschapsarchitectuur in PvE | F22: B | N22: Verzorgen inbreng expertise Landschapsarchitectuur in PvE | O22: Inbreng expertise Landschapsarchitectuur fase Projectdefinitie | Q22: Inhoud: (afhankelijk van het project): eisen en wensen m.b.t. landschappelijke inpassing / gebruikseisen aan tuin, externe verblijfsruimten, toegankelijkheid en veiligheid terrein, parkeren, opslagmogelijkheden / ambities en verwachtingen m.b.t. de landschappelijke verschijningsvorm van de buitenruimte
A23: 02.03.036 | C23: Verzorgen inbreng expertise Bouwfysica in PvE | I23: B | N23: Verzorgen inbreng expertise Bouwfysica in PvE | O23: Inbreng expertise Bouwfysica fase Projectdefinitie | Q23: Inhoud: (afhankelijk van het project): eisen m.b.t. ruimtecondities (licht, lucht, temperatuur) / eisen aan energiegebruik (EPC), milieu en duurzaamheid / stedenbouwfysische eisen
A24: 02.03.038 | C24: Verzorgen inbreng expertise Akoestiek in PvE | I24: B | N24: Verzorgen inbreng expertise Akoestiek in PvE | O24: Inbreng expertise Akoestiek fase Projectdefinitie | Q24: Inhoud: (afhankelijk van project): eisen aan ruimteakoestiek van relevante ruimten / eisen m.b.t. interne en externe geluidsbelasting
A25: 02.03.040 | C25: Verzorgen inbreng expertise Constructies in PvE | G25: B | N25: Verzorgen inbreng expertise Constructies in PvE | O25: Inbreng expertise Constructies fase Projectdefinitie | Q25: Inhoud: (afhankelijk van het project) overzicht maximale vloerbelastingen in relatie tot gebruiksactiviteiten en ruimtefuncties / trillingseisen / geluidseisen
A26: 02.03.042 | C26: Verzorgen inbreng expertise Installaties in PvE | H26: X | N26: Verzorgen inbreng expertise Installaties in PvE | O26: Inbreng expertise Installaties fase Projectdefinitie | Q26: Inhoud: (afhankelijk van het project): eisen en/of uitgangspunten m.b.t. energievoorziening / eisen en/of uitgangspunten m.b.t. installatieconcepten
A27: 02.03.044 | C27: Verzorgen inbreng expertise Geotechniek in PvE | G27: B | N27: Verzorgen inbreng expertise Geotechniek in PvE | O27: Inbreng expertise Geotechniek in PvE | Q27: Inhoud: (afhankelijk van het project): eisen en/of uitgangspunten m.b.t. funderingsconstructies, waterhuishouding (grondwater, bemaling) en bouwput
A28: 02.03.050 | C28: Ontwikkelen integraal Programma van Eisen | D28: X | N28: Ontwikkelen integraal PvE / integreren inbreng expertise in integraal PvE | O28: Integraal Programma van Eisen fase Projectdefinitie | P28: PvE | Q28: Inhoud*: (afhankelijk van het project): eventueel gewijzigde en/of nader uitgewerkte eisen aan de locatie / eisen en wensen m.b.t. stedenbouwkundige, landschappelijke en architectonische inpassing / ambities en verwachtingen m.b.t. de architectonische verschijningsvorm, verschijningsvorm van interieur en buitenruimte / ruimtebehoefte van en relaties tussen gebruiksactiviteiten, inclusief routing en omvang van mensen- en goederenstromen / eisen m.b.t. flexibiliteit, uitbreidbaarheid, bereikbaarheid, toegankelijkheid en veiligheid / functionele eisen m.b.t. inrichting van werkplekken en algemene (representatieve) ruimten / gebruikseisen aan tuin, externe verblijfsruimten, toegankelijkheid en veiligheid terrein, parkeren, opslagmogelijkheden op het terrein / eisen m.b.t. ruimtecondities (licht, lucht, temperatuur) / eisen aan energiegebruik (EPC), milieu en duurzaamheid / stedenbouwfysische eisen / eisen aan ruimteakoestiek van relevante ruimten / eisen m.b.t. interne en externe geluidsbelasting / overzicht maximale vloerbelastingen in relatie tot gebruiksactiviteiten en ruimtefuncties / eisen en/of uitgangspunten m.b.t. energievoorziening / eisen en/of uitgangspunten m.b.t. installatieconcepten / eisen en/of uitgangspunten m.b.t. funderingsconstructies, waterhuishouding en bouwput / randvoorwaarden m.b.t. investeringskosten, exploitatie- en/of levensduurkosten, doorlooptijd, arbeidsomstandigheden, onderhoud en reiniging
A29: 02.04 | B29: Architectuur/ bouwkunde
A30: 02.04.010 | C30: Toetsen realiseerbaarheid PvE vanuit expertise Architectuur/bouwkunde | E30: X | N30: Toetsen realiseerbaarheid PvE vanuit expertise Architectuur/bouwkunde | O30: Toetsing realiseerbaarheid PvE vanuit expertise Architectuur/bouwkunde | Q30: Inhoud: beoordeling consistentie eisenpakket vanuit gezichtspunt architectuur/bouwkunde, bijvoorbeeld: verkenning mogelijkheden stedenbouwkundige inpassing in relatie tot de omvang programma, verkenning mogelijkheden bouwmassa in relatie tot budgetten, verkenning verhouding ambitieniveau architectuur en budgetten, toetsing eisenpakket op strijdigheid met bouwregelgeving t.a.v. veiligheid en bruikbaarheid / mogelijke programmatische knelpunten / conclusies / aanbevelingen
A31: 02.05 | B31: Interieur
A32: 02.05.010 | C32: Toetsen realiseerbaarheid PvE vanuit expertise Interieurarchitectuur | E32: X | N32: Toetsen realiseerbaarheid PvE vanuit expertise Interieurarchitectuur | O32: Toetsing realiseerbaarheid PvE vanuit expertise Interieurarchitectuur | Q32: Inhoud: beoordeling consistentie eisenpakket vanuit gezichtspunt interieur, bijvoorbeeld: verkenning verhouding ambitieniveau interieur en budgetten, toetsing eisenpakket op strijdigheid met bouwregelgeving t.a.v. veiligheid en bruikbaarheid / mogelijke programmatische knelpunten / conclusies / aanbevelingen
A33: 02.06 | B33: Landschap
A34: 02.06.010 | C34: Toetsen realiseerbaarheid PvE vanuit expertise Landschapsarchitectuur | F34: X | N34: Toetsen realiseerbaarheid PvE vanuit expertise Landschapsarchitectuur | O34: Toetsing realiseerbaarheid PvE vanuit expertise Landschapsarchitectuur | Q34: Inhoud: beoordeling consistentie eisenpakket vanuit gezichtspunt architectuurlandschap, bijvoorbeeld: verkenning mogelijkheden situatie en landschappelijke inpassing in relatie tot de omvang programma en bouwmassa, verkenning verhouding ambitieniveau landschapsarchitectuur en budgetten, toetsing eisenpakket op strijdigheid met bouwregelgeving t.a.v. veiligheid en bruikbaarheid / mogelijke programmatische knelpunten / conclusies / aanbevelingen
A35: 02.07 | B35: Bouwfysica, Akoestiek en Brandveiligheid
A36: 02.07.010 | C36: Toetsen realiseerbaarheid PvE vanuit expertise Bouwfysica | I36: X | N36: Toetsen realiseerbaarheid PvE vanuit expertise Bouwfysica | O36: Toetsing realiseerbaarheid PvE vanuit expertise Bouwfysica | Q36: Inhoud: beoordeling consistentie eisenpakket vanuit gezichtspunt bouwfysica, bijvoorbeeld: toetsing eisenpakket voor ruimtecondities op strijdigheid met bouwregelgeving t.a.v. veiligheid, gezondheid, energiezuinigheid en milieu / verkenning verhouding ambitieniveau binnenklimaat in relatie tot budgetten / mogelijke programmatische knelpunten / conclusies / aanbevelingen
A37: 02.07.020 | C37: Toetsen realiseerbaarheid PvE vanuit expertise Akoestiek | I37: X | N37: Toetsen realiseerbaarheid PvE vanuit expertise Akoestiek | O37: Toetsing realiseerbaarheid PvE vanuit expertise Akoestiek | Q37: Inhoud: beoordeling consistentie eisenpakket vanuit gezichtspunt akoestiek, bijvoorbeeld: toetsing eisenpakket akoestiek op strijdigheid met bouwregelgeving t.a.v. gezondheid en milieu, verkenning verhouding ambitieniveau akoestiek in relatie tot budgetten / mogelijke programmatische knelpunten / conclusies / aanbevelingen
A38: 02.08 | B38: Constructie
A39: 02.08.010 | C39: Toetsen realiseerbaarheid PvE vanuit expertise Constructies | G39: X | N39: Toetsen realiseerbaarheid PvE vanuit expertise Constructies | O39: Toetsing realiseerbaarheid PvE vanuit expertise Constructies | Q39: Inhoud: beoordeling consistentie eisenpakket vanuit gezichtspunt constructies, bijvoorbeeld: toetsing eisenpakket in relatie tot constructies op strijdigheid met bouwregelgeving t.a.v. (constructieve) veiligheid / verkenning verhouding ambitieniveau binnenklimaat in relatie tot budgetten / mogelijke programmatische knelpunten / conclusies / aanbevelingen
A40: 02.09 | B40: Installaties
A41: 02.09.010 | C41: Toetsen realiseerbaarheid PvE vanuit expertise Installaties | H41: X | N41: Toetsen realiseerbaarheid PvE vanuit expertise Installaties | O41: Toetsing realiseerbaarheid PvE vanuit expertise Installaties | Q41: Inhoud: beoordeling consistentie eisenpakket vanuit gezichtspunt installaties, bijvoorbeeld in relatie tot energievoorziening en energiezuinigheid / mogelijke programmatische knelpunten / conclusies / aanbevelingen
A42: 02.10 | B42: Geotechniek
A43: 02.10.010 | C43: Toetsen realiseerbaarheid PvE vanuit expertise Geotechniek | G43: X | N43: Toetsen realiseerbaarheid PvE vanuit expertise Geotechniek | O43: Toetsing realiseerbaarheid PvE vanuit expertise Geotechniek | Q43: Inhoud: beoordeling consistentie eisenpakket vanuit gezichtspunt geotechniek / mogelijke programmatische knelpunten / conclusies / aanbevelingen
A44: 02.11 | B44: Ontwerpintegratie
A45: 02.11.010 | C45: Coördineren adviezen participanten | D45: X | N45: Coördineren teamproces | O45: Aanwijzingen fase Projectdefinitie | Q45: Inhoud: afspraken m.b.t. vakinhoudelijke afstemming van werkzaamheden van betrokken participanten / afspraken m.b.t. tot workflow en onderlinge informatie-uitwisseling
A46: 02.11.030 | C46: Integreren toetsingen realiseerbaarheid PvE | D46: X | N46: Integreren toetsingen realiseerbaarheid PvE | O46: Toetsing realiseerbaarheid PvE | Q46: Inhoud: rapportage eerste globale toetsing planologische en technische realiseerbaarheid van integraal programma van eisen vanuit de invalshoeken (indien aan de orde) architectuur/bouwkunde, interieurarchitectuur, landschapsarchitectuur, bouwfysica, akoestiek, constructies, technische installaties en geotechniek
A47: 02.12 | B47: Geld
A48: 02.12.010 | C48: Bewaken fasebudget | D48: X | N48: Bewaken fasebudget | O48: Rapport bewaking budget Projectdefinitie | P48: Rapport bewaking budget | Q48: Inhoud*: overzicht beschikbare budgetten en bestedingen per adviseur en totaal
A49: 02.12.020 | C49: Adviseren bouwkosten | D49: X | N49: Adviseren bouwkosten | O49: Haalbaarheidsraming fase Projectdefinitie | P49: Haalbaarheidsraming | Q49: Inhoud*: raming van bouwkosten op het niveau van het gehele bouwwerk of ruimtelijke delen en op basis van kostenkengetallen per aan het gebruik gerelateerde eenheid/beoordeling ten opzichte van het budget / advies
A50: 02.12.030 | C50: Adviseren investeringskosten | D50: X | N50: Adviseren investeringskosten | O50: Advies investeringskosten PD | P50: Raming investeringskosten | Q50: Inhoud*: gekozen aannames / grondslag voor de raming / ramingsmethode / raming investeringskosten conform NEN 2631 / advies
A51: 02.12.040 | C51: Ramen exploitatiekosten | D51: X | N51: Ramen exploitatiekosten | O51: Raming exploitatiekosten fase Projectdefinitie | P51: Raming exploitatiekosten | Q51: Inhoud*: raming exploitatiekosten, onderverdeeld in budgetten voor vaste kosten, energiekosten, onderhoudskosten, administratieve beheerkosten en specifieke bedrijfskosten / gekozen aannames / beoordeling t.o.v. budget / aanbevelingen t.a.v. te treffen maatregelen
A52: 02.12.050 | C52: Analyseren kosten-baten exploitatie | D52: X | N52: Analyseren kosten-baten exploitatie | O52: Analyse kosten-baten exploitatie fase Projectdefinitie | P52: Analyse k-b expl tm fase3 | Q52: Inhoud*: rentabiliteitsberekening / afweging exploitatiekosten tegen verwachte opbrengsten / advies
A53: 02.12.060 | C53: Inventariseren financieringsmogelijkheden | N53: Inventariseren financieringsmogelijkheden | O53: Inventarisatie financieringsmogelijkheden fase Projectdefinitie | P53: Inventarisatie finanieringsmogelijkheden | Q53: Inhoud*: overzicht financieringsmogelijkheden / conclusies / advies
A54: 02.12.070 | C54: Inventariseren subsidiemogelijkheden | N54: Inventariseren subsidiemogelijkheden | O54: Inventarisatie subsidiemogelijkheden fase Projectdefinitie | P54: Inventarisatie subsidiemogelijkheden | Q54: Inhoud*: overzicht subsidiemogelijkheden / conclusies / advies
A55: 02.13 | B55: Organisatie/procesintegratie
A56: 02.13.010 | C56: Organiseren project | N56: Opzetten/herijken en waar nodig bijstellen projectorganisatie | O56: Plan projectorganisatie fase Projectdefinitie | P56: Plan projectorganisatie | Q56: Inhoud*: besturingsorganisatie / werkorganisatie / communicatieorganen / communicatieprocedures / vergaderingen / communicatiegegevens / overzicht participanten / NAW-gegevens / taakverdeling
A57: 02.13.010 | C57: Organiseren project | N57: Beheren projectorganisatie | O57: Realisatie projectorganisatie fase Projectdefinitie | P57: Realisatie projectorganisatie | Q57: Inhoud*: Verschillen tussen plan en realisatie/ voorgestelde maatregelen
A58: 02.13.020 | C58: Sturen en bewaken project | N58: Sturen en bewaken fase Projectdefinitie | O58: Startrapport fase Projectdefinitie | P58: Startrapport | Q58: Inhoud*: uitgangssituatie fase / globaal faseresultaat / vereiste startcondities / getroffen maatregelen om condities te realiseren
A59: 02.13.020 | C59: Sturen en bewaken project | N59: Herijken en uitwerken Plan van Aanpak project | O59: Faseplan Projectdefinitie | P59: Faseplan | Q59: Inhoud*: verwijzing naar plan van aanpak project / analyse opdracht / specificatie faseresultaten / uitgangssituatie / takenstructuur / organisatiestructuur / overlegstructuur / fasetijdschema / fasebudget / configuratiemanagement / projectdocumenten / kwaliteitsbeheersing / randvoorwaarden werkplannen
A60: 02.13.020 | C60: Sturen en bewaken project | N60: Sturen en bewaken fase Projectdefinitie | O60: Fase-afsluiting Projectdefinitie | P60: Fase-afsluiting | Q60: Inhoud*: vergelijking faserealisatie en faseplan naar resultaten en proces / opgetreden ontwikkelingen en verwerking daarvan / risicobeoordeling van het projectresultaat / beëindigde (deel)opdrachten van adviseurs / openstaande punten voor besluitvorming / aanbevelingen voor de volgende fase
A61: 02.13.020 | C61: Sturen en bewaken project | N61: Sturen en bewaken fase Projectdefinitie | O61: Sturingsmaatregelen Projectdefinitie | P61: Sturingsmaatregelen | Q61: Inhoud*: opsomming van maatregelen
A62: 02.13.020 | C62: Sturen en bewaken project | N62: Voorbereiden besluiten over resultaten en voortgang | O62: Conceptbesluiten fase Projectdefinitie | P62: Conceptbesluiten proces | Q62: Inhoud*: samenvatting en beschouwing van procesgang, afwijkingen van Faseplan, voortgang ten opzichte van tijdschema, knelpunten, genomen en nog te nemen maatregelen / prognose procesafwikkeling / conclusies / aanbevelingen m.b.t. door opdrachtgever te nemen maatregelen en besluiten
A63: 02.13.020 | C63: Sturen en bewaken project | N63: Herijken en uitwerken Plan van Aanpak project | O63: Plan van Aanpak Project fase Projectdefinitie | P63: PvA Project | Q63: Inhoud*: projectresultaat / te hanteren fasen / faseresultaten / projectaanpak/ besturingsorganisatie/ uitgangspunten voor tijd en kosten
A64: 02.14 | B64: Tijd
A65: 02.14.010 | C65: Plannen projectdoorlooptijd | D65: X | N65: Plannen projectdoorlooptijd | O65: Planning projectdoorlooptijd fase Projectdefinitie | P65: Projecttijdschema | Q65: Inhoud*: tijdschemastructuur/ projecttijdschema/ fasetijdschema/ specifieke tijdschema’s
A66: 02.15 | B66: Informatie en Communicatie
A67: 02.15.001 | C67: Opstellen en beheren informatie- en communicatieplan fase Projectdefinitie | N67: Opstellen en beheren informatie- en communicatieplan fase Projectdefinitie | O67: Informatie- en communicatieplan fase Projectdefinitie | P67: Info- en comm.plan | Q67: Inhoud*: overlegvormen, inclusief deelnemers, frequenties, vergadertijden, globale agenderingen / afspraken en procedures voor informatie-uitwisseling tussen participanten
A68: 02.15.010 | C68: Voeren van overleg met de opdrachtgever (M-taak) | D68: X | N68: Voeren van overleg met de opdrachtgever | O68: Verslagen overleg opdrachtgever fase Projectdefinitie | P68: Verslag overleg | Q68: Inhoud*: datum overleg / aanwezigen / onderwerpen / besprekingsresultaten / afspraken / actiepunten
A69: 02.15.015 | C69: Voorbereiden, voorzitten, verslagleggen van teamvergaderingen | N69: Voorbereiden, voorzitten, verslagleggen van teamvergaderingen | O69: Verslagen teamvergaderingen fase Projectdefinitie | P69: Verslag vergadering | Q69: Inhoud*: datum vergadering / agenda / aanwezigen / besprekingsresultaten / afspraken / actiepunten
A70: 02.15.020 | C70: Deelnemen aan teamvergaderingen (M-taak) | N70: Deelnemen aan teamvergaderingen
A71: 02.15.024 | C71: Voorbereiden, voorzitten, verslagleggen van stuurgroepvergaderingen | D71: X | N71: Voorbereiden, voorzitten, verslagleggen van stuurgroepvergaderingen | O71: Verslagen stuurgroepvergaderingen fase Projectdefinitie | P71: Verslag vergadering | Q71: Inhoud*: datum vergadering / agenda / aanwezigen / besprekingsresultaten / afspraken / actiepunten
A72: 02.15.025 | C72: Deelnemen aan stuurgroepvergaderingen (M-taak) | D72: X | N72: Deelnemen aan stuurgroepvergaderingen
A73: 02.15.030 | C73: Voeren van overleg met bevoegde instanties (M-taak) | N73: Voeren van overleg met bevoegde instanties | O73: Verslagen overleg bevoegde instanties fase Projectdefinitie | P73: Verslag overleg | Q73: Inhoud*: datum overleg / aanwezigen / onderwerpen / besprekingsresultaten / afspraken / actiepunten
A74: 02.15.035 | C74: Voeren van overleg over financiering en subsidies (M-taak) | N74: Voeren van overleg over financiering en subsidies | O74: Besprekingsverslagen overleg financiering en subsidies fase Projectdefinitie | P74: Bespr.vers. overleg fin. en subs | Q74: Inhoud*: datum overleg / aanwezigen / onderwerpen / besprekingsresultaten / afspraken / actiepunten
A75: 02.15.040 | C75: Beheren projectdocumenten | D75: X | N75: Beheren productdocumenten | O75: Rapport productdocumenten fase Projectdefinitie | P75: Rapport documenten | Q75: Inhoud*: overzicht fasedocumenten, inclusief data, versiebeheer, verantwoordelijke participanten, auteurs, verspreiding, autorisatie
A76: 02.15.040 | C76: Beheren projectdocumenten | N76: Beheren procesdocumenten | O76: Rapport procesdocumenten fase Projectdefinitie | P76: Rapport documenten | Q76: Inhoud*: overzicht fasedocumenten, inclusief data, versiebeheer, verantwoordelijke participanten, auteurs, verspreiding, autorisatie
A77: 02.15.040 | C77: Beheren projectdocumenten | N77: Documentvoorziening | O77: Rapport projectdocumenten fase Projectdefinitie | P77: Rapport documenten | Q77: Inhoud*: overzicht fasedocumenten, inclusief data, versiebeheer, verantwoordelijke participanten, auteurs, verspreiding, autorisatie
A78: 02.16 | B78: Kwaliteitszorg en risico's
A79: 02.16.005 | C79: Herijken en behandelen projectrisico`s per projectdeel (cluster) | D79: X | N79: Herijken en behandelen projectrisico`s per projectdeel (cluster)
A80: 02.16.005.01 | C80: Herijken en behandelen projectrisico`s Architectuur/bouwkunde | N80: Herijken en behandelen projectrisico`s Architectuur/bouwkunde | O80: RI&E Architectuur/bouwkunde fase Projectdefinitie | P80: RI&E | Q80: Inhoud*: gehanteerde methodiek / geïdentificeerde risico's ten aanzien van geld, organisatie, tijd, informatie, kwaliteit, maakbaarheid en beheer / beheermaatregelen
A81: 02.16.005.02 | C81: Herijken en behandelen projectrisico`s Interieur | N81: Herijken en behandelen projectrisico`s Interieur | O81: RI&E Interieur fase Projectdefinitie | P81: RI&E | Q81: Inhoud*: gehanteerde methodiek / geïdentificeerde risico's ten aanzien van geld, organisatie, tijd, informatie, kwaliteit, maakbaarheid en beheer / beheermaatregelen
A82: 02.16.005.03 | C82: Herijken en behandelen projectrisico`s Landschap | N82: Herijken en behandelen projectrisico`s Landschap | O82: RI&E Landschap fase Projectdefinitie | P82: RI&E | Q82: Inhoud*: gehanteerde methodiek / geïdentificeerde risico's ten aanzien van geld, organisatie, tijd, informatie, kwaliteit, maakbaarheid en beheer / beheermaatregelen
A83: 02.16.005.04 | C83: Herijken en behandelen projectrisico`s Constructies | N83: Herijken en behandelen projectrisico`s Constructies | O83: RI&E Constructies fase Projectdefinitie | P83: RI&E | Q83: Inhoud*: gehanteerde methodiek / geïdentificeerde risico's ten aanzien van geld, organisatie, tijd, informatie, kwaliteit, maakbaarheid en beheer / beheermaatregelen
A84: 02.16.005.05 | C84: Herijken en behandelen projectrisico`s Installaties | N84: Herijken en behandelen projectrisico`s Installaties | O84: RI&E Installaties fase Projectdefinitie | P84: RI&E | Q84: Inhoud*: gehanteerde methodiek / geïdentificeerde risico's ten aanzien van geld, organisatie, tijd, informatie, kwaliteit, maakbaarheid en beheer / beheermaatregelen
A85: 02.16.010 | C85: Herijken en behandelen projectrisico`s: integreren RI&E`s per projectdeel | N85: Integreren RI&Es per projectdeel | O85: Project RI&E fase Projectdefinitie | P85: RI&E | Q85: Inhoud*: gehanteerde methodiek / geïdentificeerde risico's ten aanzien van geld, organisatie, tijd, informatie, kwaliteit, maakbaarheid en beheer / beheermaatregelen
A86: 02.17 | B86: Vergunningen
A87: 02.17.010 | C87: Inventariseren benodigde vergunningen (M-taak) | D87: X | N87: Inventariseren benodigde vergunningen | O87: Inventarisatie benodigde vergunningen fase Projectdefinitie | Q87: Inhoud: opsomming benodigde vergunningen

Sheet Fase 3 SO
A1: Fase 3 Structuurontwerp | D1: ='Fase 1 Ini'!D1 -> TU/e - opdrachtgever | E1: ='Fase 1 Ini'!E1 -> Architect / Stedenbouw | F1: ='Fase 1 Ini'!F1 -> Landschapsarchitect | G1: ='Fase 1 Ini'!G1 -> Adviseur constructies | H1: ='Fase 1 Ini'!H1 -> Installatie adviseur | I1: ='Fase 1 Ini'!I1 -> Bouwfysicus en Adviseur | J1: ='Fase 1 Ini'!J1 -> Kostenadviseur | K1: ='Fase 1 Ini'!K1 -> Aannemer | L1: ='Fase 1 Ini'!L1 -> Directievoerder | N1: tblActiviteiten.omschr | O1: Documentomschrijving | P1: Documentsoort | Q1: Documentinhoud
A2: 03.01 | B2: Opdrachtgeving
A3: 03.01.010 | C3: Evalueren en bijstellen beleidsuitgangspunten project | D3: X | N3: Evalueren en bijstellen beleidsuitgangspunten project | O3: Projectbeleid fase Structuurontwerp | P3: Projectbeleid | Q3: Inhoud*: eventueel bijgestelde beleidsuitgangspunten: analyse huisvestingsproblematiek / relevant ondernemingsbeleid / relevant huisvestingsbeleid / projectdoelstellingen / projectresultaten / projectbudget / projectmijlpalen / uitbestedingsbeleid / beoordelingscriteria alternatieven / randvoorwaarden
A4: 03.01.020 | C4: Nemen besluiten over resultaten en voortgang | D4: X | N4: Nemen besluiten over resultaten en voortgang | O4: Besluiten fase Structuurontwerp | Q4: Inhoud: opsomming van besluiten over resultaten / formele vaststelling integraal Structuurontwerp / besluiten m.b.t. het vervolg van het project
A5: 03.02 | B5: Contracten
A6: 03.02.010 | C6: Voorbereiden contracteren van participanten | D6: X | N6: Opstellen aanbestedingsplan | O6: Aanbestedingsplan fase Structuurontwerp (en verder) | P6: Aanbestedingsplan | Q6: Inhoud*: opzet aanbesteding per participant / tijdschema
A7: 03.02.010 | C7: Voorbereiden contracteren van participanten | N7: Voorbereiden contracteren van participanten | O7: Conceptcontracten met participanten fase Structuurontwerp (en verder) | P7: Model Basisopdracht DNR 2011 | Q7: Inhoud*: zie Model Basisopdracht De Nieuwe Regeling 2011
A8: 03.02.010 | C8: Voorbereiden contracteren van participanten | N8: Voorbereiden contracteren van eventuele aanvullende expertise | O8: Conceptcontracten aanvullende expertise fase Structuurontwerp (en verder) | P8: Model Basisopdracht DNR 2011 | Q8: Inhoud*: zie Model Basisopdracht De Nieuwe Regeling 2011
A9: 03.02.010 | C9: Voorbereiden contracteren van participanten | N9: Voorbereiden contracteren van participanten | O9: Verslagen contractbesprekingen fase Structuurontwerp (en verder) | P9: Verslag contractbe | Q9: Inhoud*: aanwezigen / agenda / besproken documenten / resultaten bespreking / afspraken
A10: 03.02.010 | C10: Voorbereiden contracteren van participanten | N10: Organiseren contractvorming | O10: Uitbestedingsplan fase Structuurontwerp (en verder) | P10: Uitbestedingsplan | Q10: Inhoud*: gekozen uitbestedingsvorm / uitbestedingstactiek / eventueel te houden aanbestedingen van diensten
A11: 03.02.020 | C11: Formuleren gewenste werkzaamheden aanvullende expertise (M-taak) | D11: X | N11: Formuleren gewenste werkzaamheden aanvullende expertise | O11: Gewenste werkzaamheden aanvullende expertise fase Structuurontwerp (en verder) | P11: Gewenste werkzaamheden | Q11: Inhoud*: taakspecificatie extern in te schakelen deskundigen
A12: 03.02.030 | C12: Contracteren van participanten | D12: X | N12: Contracteren van participanten | O12: Rapport verleende opdrachten fase Structuurontwerp (en verder) | P12: Rapport verleende opdrachten | Q12: Inhoud*: opsomming verleende opdrachten
A13: 03.02.030 | C13: Contracteren van participanten | N13: Contracteren van participanten | O13: Contracten met participanten fase Structuurontwerp (en verder) | P13: Contracten met participanten | Q13: Inhoud*: zie Model Basisopdracht De Nieuwe Regeling 2011
A14: 03.02.035 | C14: Contracteren aanvullende expertise | D14: X | N14: Contracteren aanvullende expertise | O14: Contracten aanvullende expertise fase Structuurontwerp (en verder) | P14: Contracten aanvullende expertise | Q14: Inhoud*: zie Model Basisopdracht De Nieuwe Regeling 2011
A15: 03.03 | B15: Programma van Eisen
A16: 03.03.020 | C16: Herijken en uitwerken PvE | D16: X | E16: B | G16: B | H16: B | I16: B | N16: Herijken en uitwerken PvE | O16: PvE fase Structuurontwerp | P16: PvE | Q16: Inhoud*: (afhankelijk van het project): eventueel gewijzigde en/of nader uitgewerkte eisen aan de locatie / eisen en wensen m.b.t. stedenbouwkundige, landschappelijke en architectonische inpassing / ambities en verwachtingen m.b.t. de architectonische verschijningsvorm, verschijningsvorm van interieur en buitenruimte / ruimtebehoefte van en relaties tussen gebruiksactiviteiten, inclusief routing en omvang van mensen- en goederenstromen / eisen m.b.t. flexibiliteit, uitbreidbaarheid, bereikbaarheid, toegankelijkheid en veiligheid / functionele eisen m.b.t. inrichting van werkplekken en algemene (representatieve) ruimten / gebruikseisen aan tuin, externe verblijfsruimten, toegankelijkheid en veiligheid terrein, parkeren, opslagmogelijkheden op het terrein / eisen m.b.t. ruimtecondities (licht, lucht, temperatuur) / eisen aan energiegebruik (EPC), milieu en duurzaamheid / stedenbouwfysische eisen / eisen aan ruimteakoestiek van relevante ruimten / eisen m.b.t. interne en externe geluidsbelasting / overzicht maximale vloerbelastingen in relatie tot gebruiksactiviteiten en ruimtefuncties / eisen en/of uitgangspunten m.b.t. energievoorziening / eisen en/of uitgangspunten m.b.t. installatieconcepten / eisen en/of uitgangspunten m.b.t. funderingsconstructies, waterhuishouding en bouwput / randvoorwaarden m.b.t. investeringskosten, exploitatie- en/of levensduurkosten, doorlooptijd, arbeidsomstandigheden, onderhoud en reiniging
A17: 03.04 | B17: Architectuur/ bouwkunde
A18: 03.04.010 | C18: Interpreteren van locatie- en terreingegevens vanuit expertise Architectuur/bouwkunde | E18: X | N18: Analyseren van de ligging van het terrein vanuit expertise Architectuur/bouwkunde | O18: Analyse ligging terrein vanuit expertise Architectuur/bouwkunde | Q18: Inhoud: historie van de locatie / historie van de stedenbouwkundig-architectonische context / invloed van de ligging op de gebouwtypologie
A19: 03.04.010 | C19: Interpreteren van locatie- en terreingegevens vanuit expertise Architectuur/bouwkunde | N19: Bepalen van de kwaliteiten van het terrein vanuit expertise Architectuur/bouwkunde | O19: Kwaliteiten van het terrein vanuit Expertise Architectuur/bouwkunde | Q19: Inhoud: morfologische structuur omgeving / beeldtaal omgeving / gewenste architectonische structuur
A20: 03.04.020 | C20: Ontwikkelen visie Architectuur/bouwkunde | E20: X | N20: Ontwikkelen visie Architectuur/bouwkunde | O20: Visie Architectuur/bouwkunde | Q20: Inhoud: visie op de ontwerpopgave / conceptuele uitgangspunten voor het ontwerp
A21: 03.04.040 | C21: Maken Structuurontwerp Stedenbouw en Architectuur | E21: X | N21: Maken Stedenbouwkundig-architectonisch plan | O21: Stedenbouwkundig-architectonisch plan | Q21: Inhoud: onderzoek bebouwingscapaciteit locatie / zonering en morfologie bebouwing (1:1000/1:500) / functionele ordening op locatieniveau (‘stedenbouwkundig vlekkenplan’ 1:1000/1:500)
A22: 03.04.040 | C22: Maken Structuurontwerp Stedenbouw en Architectuur | N22: Ontwerpen hoofdvorm bebouwing | O22: Hoofdvorm bebouwing Structuurontwerp | Q22: Inhoud: hoofdmassa gebouw (1:500/1:200) / oriëntatie gebouw
A23: 03.04.040 | C23: Maken Structuurontwerp Stedenbouw en Architectuur | N23: Ontwerpen hoofdindeling bebouwing | O23: Hoofdindeling bebouwing Structuurontwerp | Q23: Inhoud: functionele ordening op gebouwniveau (‘vlekkenplan gebouw’ 1:500/1:200) / ontsluitingsprincipes gebouw / zonering horizontale en verticale verkeersruimten
A24: 03.04.050 | C24: Maken beeldkwaliteitplan Architectuur | D24: X | N24: Maken beeldkwaliteitplan Architectuur | O24: Beeldkwaliteitplan Architectuur | Q24: Inhoud: gewenste beeldtaal, sfeer en ambiance bebouwing / invloed gewenste imago op de architectuur / gewenste zichtbaarheid vanuit de omgeving / eerste indicatie materiaalgebruik
A25: 03.04.060 | C25: Maken V&G-risico-inventarisatie en -evaluatie Structuurontwerp | E25: X | N25: Maken V&G-risico-inventarisatie en -evaluatie Structuurontwerp | O25: V&G-risico-inventarisatie en –evaluatie fase Structuurontwerp | P25: V&G RI&E | Q25: Inhoud*: analyse veiligheids- en gezondheidsrisico’s in de uitvoeringsfase als gevolg van het ontwerp / eventuele maatregelen in het ontwerp
A26: 03.05 | B26: Interieur
A27: 03.05.010 | C27: Verzorgen inbreng Interieur in Structuurontwerp | E27: X | N27: Verzorgen inbreng Interieur in Structuurontwerp | O27: Inbreng Interieur fase Structuurontwerp | Q27: Inhoud: visie op de ontwerpopgave interieur / conceptuele uitgangspunten voor het interieurontwerp / gewenste beeldtaak, sfeer en ambiance interieur / invloed gewenste imago op het interieur / eerste indicatie materiaalgebruik
A28: 03.05.020 | C28: Bijdragen aan V&G-risico-inventarisatie en -evaluatie Structuurontwerp | N28: Bijdragen aan V&G-risico-inventarisatie en -evaluatie Structuurontwerp | O28: Bijdrage Interieur aan V&G-risico-inventarisatie en –evaluatie fase Structuurontwerp | P28: V&G RI&E | Q28: Inhoud*: analyse veiligheids- en gezondheidsrisico’s in de uitvoeringsfase als gevolg van het ontwerp / eventuele maatregelen in het ontwerp
A29: 03.06 | B29: Landschap
A30: 03.06.010 | C30: Interpreteren van locatie- en terreingegevens vanuit expertise Landschap | F30: X | N30: Analyseren van de ligging van het terrein vanuit expertise Landschap | O30: Analyse ligging terrein vanuit expertise Landschap | Q30: Inhoud: historie van het terrein / historie van de stedenbouwkundig-landschappelijke context / invloed van de ligging op de terreintypologie / landschappelijke inbedding / landschappelijke kwaliteiten van de locatie
A31: 03.06.010 | C31: Interpreteren van locatie- en terreingegevens vanuit expertise Landschap | N31: Bepalen van de kwaliteiten van het terrein vanuit expertise Landschap | O31: Kwaliteiten van het terrein vanuit Expertise Landschap | Q31: Inhoud: ontsluitingsprincipes terrein / parkeermogelijkheden / technisch-infrastructurele mogelijkheden / vormkwaliteiten / oriëntatiekwaliteiten / geofysische kwaliteiten
A32: 03.06.015 | C32: Ontwikkelen visie Landschap | F32: X | N32: Ontwikkelen visie Landschap | O32: Visie Landschap | Q32: Inhoud: visie op de ontwerpopgave / conceptuele uitgangspunten voor het ontwerp
A33: 03.06.020 | C33: Maken stedenbouwkundig-landschappelijk Structuurontwerp | F33: X | N33: Maken stedenbouwkundig-landschappelijk Structuurontwerp | O33: Stedenbouwkundig-landschappelijk Structuurontwerp | Q33: Inhoud: mogelijke ruimtelijke opbouw van het landschap (1:1000/1:500) / ontsluitingsprincipes terrein / functionele ordening Landschap (1:1000/1:500): parkeercapaciteit en –voorziening
A34: 03.06.040 | C34: Maken beeldkwaliteitplan Landschap | F34: X | N34: Maken beeldkwaliteitplan Landschap | O34: Beeldkwaliteitplan Landschap | Q34: Inhoud: gewenste beeldtaal, sfeer en ambiance Landschap / invloed gewenste imago op vormgeving Landschap / eerste indicatie sfeer beplanting en materiaalgebruik
A35: 03.06.050 | C35: Maken V&G-risico-inventarisatie en -evaluatie Landschap | F35: X | N35: Maken V&G-risico-inventarisatie en -evaluatie Landschap | O35: V&G-risico-inventarisatie en –evaluatie Landschap fase Structuurontwerp | P35: V&G RI&E | Q35: Inhoud*: analyse veiligheids- en gezondheidsrisico’s in de uitvoeringsfase als gevolg van het ontwerp / eventuele maatregelen in het ontwerp
A36: 03.07 | B36: Bouwfysica, Akoestiek en Brandveiligheid
A37: 03.07.010 | C37: Adviseren inzake Bouwfysica in Structuurontwerp | I37: X | N37: Adviseren inzake Bouwfysica | O37: Advies inzake Bouwfysica fase Structuurontwerp | Q37: Inhoud: adviezen ten aanzien van de stedenbouwfysische aspecten van het stedenbouwkundig-architectonisch plan / conclusies en aanbevelingen / adviezen voor eventuele nadere onderzoeken
A38: 03.07.020 | C38: Adviseren inzake Akoestiek in Structuurontwerp | I38: X | N38: Adviseren inzake Akoestiek | O38: Advies inzake Akoestiek fase Structuurontwerp | Q38: Inhoud: adviezen ten aanzien van de akoestische aspecten van het stedenbouwkundig-architectonisch plan / conclusies en aanbevelingen / adviezen voor eventuele nadere onderzoeken
A39: 03.07.030 | C39: Adviseren inzake Brandveiligheid in Structuurontwerp | I39: X | N39: Adviseren inzake Brandveiligheid | O39: Advies inzake Brandveiligheid fase Structuurontwerp | Q39: Inhoud: adviezen ten aanzien van brandveiligheidsaspecten van het stedenbouwkundig-architectonisch plan / conclusies en aanbevelingen / adviezen voor eventuele nadere onderzoeken
A40: 03.08 | B40: Constructie
A41: 03.08.010 | C41: Adviseren inzake Constructies in Structuurontwerp | G41: X | N41: Adviseren inzake Constructies | O41: Advies inzake Constructies fase Structuurontwerp | Q41: Inhoud: verkenning constructieve opzet: mogelijke principes hoofddraagstructuur
A42: 03.08.020 | C42: Bijdragen aan V&G-risico-inventarisatie en -evaluatie Structuurontwerp | G42: X | N42: Bijdragen aan V&G-risico-inventarisatie en -evaluatie Structuurontwerp | O42: Bijdrage Constructies aan V&G-risico-inventarisatie en –evaluatie fase Structuurontwerp | P42: V&G RI&E | Q42: Inhoud*: analyse veiligheids- en gezondheidsrisico’s in de uitvoeringsfase als gevolg van het ontwerp / eventuele maatregelen in het ontwerp
A43: 03.09 | B43: Installaties
A44: 03.09.010 | C44: Adviseren inzake Installaties in Structuurontwerp | H44: X | N44: Uitbrengen advies installatieconcepten | O44: Advies installatieconcepten | Q44: Inhoud: mogelijke installatieconcepten in relatie tot locatie en hoofdindeling bebouwing / zonering installatie technische infrastructuur
A45: 03.09.020 | C45: Verrichten onderzoek naar energievoorzieningsconcepten | H45: X | N45: Uitbrengen advies energievoorzieningsconcepten | O45: Advies energievoorzieningsconcepten | Q45: Inhoud: mogelijke energievoorzieningsconcepten in relatie tot locatie, aanwezige nutsvoorzieningen en bouwvorm / afweging en advies
A46: 03.09.030 | C46: Bijdragen aan V&G-risico-inventarisatie en -evaluatie Structuurontwerp | H46: X | N46: Bijdragen aan V&G-risico-inventarisatie en -evaluatie Structuurontwerp | O46: Bijdrage Installaties aan V&G-risico-inventarisatie en –evaluatie fase Structuurontwerp | P46: V&G RI&E | Q46: Inhoud*: analyse veiligheids- en gezondheidsrisico’s in de uitvoeringsfase als gevolg van het ontwerp / eventuele maatregelen in het ontwerp
A47: 03.10 | B47: Geotechniek
A48: 03.10.010 | C48: Advisering inzake Geotechniek in Structuurontwerp | I48: X | N48: Advisering inzake Geotechniek | O48: Advies inzake Geotechniek in Structuurontwerp | Q48: Inhoud: gegevens met betrekking tot grondgesteldheid, grondwater / verkenning geotechnische aspecten / mogelijke principes fundering, bouwput en bemalingen
A49: 03.11 | B49: Ontwerpintegratie
A50: 03.11.010 | C50: Coördineren adviezen van participanten | E50: X | N50: Coördineren adviezen van participanten | O50: Adviesverzoeken fase Structuurontwerp | Q50: Inhoud: verzoeken om advies aan betrokken participanten / afspraken m.b.t. tot workflow en onderlinge informatie-uitwisseling
A51: 03.11.030 | C51: Integreren adviezen Structuurontwerp | E51: X | N51: Integreren adviezen Structuurontwerp | O51: Integraal Structuurontwerp | Q51: Inhoud: verzamelde en inhoudelijk afgestemde Structuurontwerpen en adviezen per projectdeel (architectuur/bouwkunde, interieur, Landschap, constructie, installaties)
A52: 03.11.040 | C52: Integreren beeldkwaliteitsplannen | E52: X | N52: Integreren beeldkwaliteitsplannen | O52: Integraal beeldkwaliteitsplan | Q52: Inhoud: gewenste beeldtaal, sfeer en ambiance bebouwing en Landschap / invloed gewenste imago op de architectuur en vormgeving Landschap / gewenste zichtbaarheid bebouwing vanuit de omgeving / eerste indicatie materiaalgebruik bebouwing en Landschap, eerste indicatie beplanting
A53: 03.11.050 | C53: Uitvoeren V&G-coördinatie voor het ontwerp | E53: X | N53: Sturen V&G-risico-inventarisaties door participanten | O53: Verzoek tot bijdragen aan V&G-risico-inventarisatie Structuurontwerp | Q53: Inhoud: verzoek aan iedere participant tot het leveren van een bijdrage aan de V&G-risico-inventarisatie en –evaluatie op basis van de eigen expertise
A54: 03.11.050 | C54: Uitvoeren V&G-coördinatie voor het ontwerp | N54: Integreren bijdragen participanten in V&G-risico-inventarisatie en –evaluatie Structuurontwerp | O54: Geïntegreerde V&G-risico-inventarisatie en –evaluatie Structuurontwerp | Q54: Inhoud: eerste analyse van veiligheids- en gezondheidsrisico’s in de uitvoeringsfase als gevolg van het ontwerp / genomen maatregelen in het ontwerp / te nemen maatregelen / restrisico’s
A55: 03.12 | B55: Geld
A56: 03.12.010 | C56: Bewaken fasebudget | D56: X | E56: B | N56: Bewaken fasebudget | O56: Rapport bewaking SO-budget | P56: Rapport bewaking budget | Q56: Inhoud*: overzicht beschikbare budgetten en bestedingen per adviseur en totaal
A57: 03.12.030 | C57: Ramen bouwkosten | E57: X | H57: B | N57: Ramen bouwkosten | O57: Raming bouwkosten fase Structuurontwerp | P57: Raming bouwkosten SO | Q57: Inhoud*: raming van de kosten op het niveau van elementenclusters/elementen en op basis van kostenkengetallen per elementencluster/element
A58: 03.12.040 | C58: Ramen investeringskosten | D58: X | N58: Ramen investeringskosten | O58: Raming investeringskosten SO | P58: Raming investeringskosten | Q58: Inhoud*: gekozen aannames / grondslag voor de raming / ramingsmethode / raming investeringskosten conform NEN 2631 / advies
A59: 03.12.050 | C59: Adviseren kosten-kwaliteit | E59: X | G59: B | H59: B | N59: Adviseren kosten-kwaliteit | O59: Kosten-kwaliteitsadvies fase Structuurontwerp | P59: Kosten-kwal. advies | Q59: Inhoud*: analyse kostenramingen / referenties en benchmark gegevens / conclusies / advies
A60: 03.12.070 | C60: Ramen exploitatiekosten | D60: X | N60: Ramen exploitatiekosten | O60: Raming exploitatiekosten fase Structuurontwerp | P60: Raming exploitatiekosten | Q60: Inhoud*: raming exploitatiekosten, onderverdeeld in budgetten voor vaste kosten, energiekosten, onderhoudskosten, administratieve beheerkosten en specifieke bedrijfskosten / gekozen aannames / beoordeling t.o.v. budget / aanbevelingen t.a.v. te treffen maatregelen
A61: 03.12.080 | C61: Analyseren kosten-baten exploitatie | D61: X | N61: Analyseren kosten-baten exploitatie | O61: Analyse kosten-baten exploitatie fase Structuurontwerp | P61: Analyse k-b expl tm fase3 | Q61: Inhoud*: rentabiliteitsberekening / afweging exploitatiekosten tegen verwachte opbrengsten / advies
A62: 03.12.090 | C62: Inventariseren financieringsmogelijkheden | D62: X | N62: Inventariseren financieringsmogelijkheden | O62: Inventarisatie financieringsmogelijkheden fase Structuurontwerp | P62: Inventarisatie finanieringsmogelijkheden | Q62: Inhoud*: overzicht financieringsmogelijkheden / conclusies / advies
A63: 03.12.100 | C63: Inventariseren subsidiemogelijkheden | D63: X | N63: Inventariseren subsidiemogelijkheden | O63: Inventarisatie subsidiemogelijkheden fase Structuurontwerp | P63: Inventarisatie subsidiemogelijkheden | Q63: Inhoud*: overzicht subsidiemogelijkheden / conclusies / advies
A64: 03.13 | B64: Organisatie/procesintegratie
A65: 03.13.010 | C65: Organiseren project | D65: X | N65: Beheren projectorganisatie | O65: Realisatie projectorganisatie fase Structuurontwerp | P65: Realisatie projectorganisatie | Q65: Inhoud*: Verschillen tussen plan en realisatie/ voorgestelde maatregelen
A66: 03.13.010 | C66: Organiseren project | N66: Opzetten/herijken en waar nodig bijstellen projectorganisatie | O66: Plan projectorganisatie fase Structuurontwerp | P66: Plan projectorganisatie | Q66: Inhoud*: besturingsorganisatie / werkorganisatie / communicatieorganen / communicatieprocedures / vergaderingen / communicatiegegevens / overzicht participanten / NAW-gegevens / taakverdeling
A67: 03.13.020 | C67: Sturen en bewaken project | D67: X | N67: Sturen en bewaken fase Structuurontwerp | O67: Sturingsmaatregelen Structuurontwerp | P67: Sturingsmaatregelen | Q67: Inhoud*: opsomming van maatregelen
A68: 03.13.020 | C68: Sturen en bewaken project | N68: Sturen en bewaken fase Structuurontwerp | O68: Fase-afsluiting Structuurontwerp | P68: Fase-afsluiting | Q68: Inhoud*: vergelijking faserealisatie en faseplan naar resultaten en proces / opgetreden ontwikkelingen en verwerking daarvan / risicobeoordeling van het projectresultaat / beëindigde (deel)opdrachten van adviseurs / openstaande punten voor besluitvorming / aanbevelingen voor de volgende fase
A69: 03.13.020 | C69: Sturen en bewaken project | N69: Herijken en uitwerken Plan van Aanpak project | O69: Faseplan Structuurontwerp | P69: Faseplan | Q69: Inhoud*: verwijzing naar plan van aanpak project / analyse opdracht / specificatie faseresultaten / uitgangssituatie / takenstructuur / organisatiestructuur / overlegstructuur / fasetijdschema / fasebudget / configuratiemanagement / projectdocumenten / kwaliteitsbeheersing / randvoorwaarden werkplannen
A70: 03.13.020 | C70: Sturen en bewaken project | N70: Herijken en uitwerken Plan van Aanpak project | O70: Plan van Aanpak Project fase Structuurontwerp | P70: PvA Project | Q70: Inhoud*: projectresultaat / te hanteren fasen / faseresultaten / projectaanpak/ besturingsorganisatie/ uitgangspunten voor tijd en kosten
A71: 03.13.020 | C71: Sturen en bewaken project | N71: Sturen en bewaken fase Structuurontwerp | O71: Startrapport fase Structuurontwerp | P71: Startrapport | Q71: Inhoud*: uitgangssituatie fase / globaal faseresultaat / vereiste startcondities / getroffen maatregelen om condities te realiseren
A72: 03.13.030 | C72: Voorbereiden besluitvorming faseresultaten Structuurontwerp | D72: X | E72: B | N72: Adviseren inzake besluitvorming over faseresultaten Structuurontwerp | O72: Advies besluitvorming faseresultaten Structuurontwerp | Q72: Inhoud: samenvatting resultaatdocumenten Structuurontwerp op hoofdlijnen / conclusies m.b.t. kwaliteit (w.o. mate van overeenstemming met Programma van Eisen en regelgeving), geld en productrisico’s / aandachtspunten voor de volgende fase / conclusies / advies inzake besluitvorming van de opdrachtgever over faseresultaten
A73: 03.13.030 | C73: Voorbereiden besluitvorming faseresultaten Structuurontwerp | N73: Adviseren inzake besluitvorming over de voortgang van het project | O73: Advies besluitvorming voortgang project fase Structuurontwerp | Q73: Inhoud: evaluatie van het proces in de fase Structuurontwerp: organisatie, procesintegratie, planning, informatie en communicatie / procesrisico’s / aandachtspunten voor het Faseplan Voorontwerp / conclusies / advies inzake besluitvorming van de opdrachtgever over de voortgang van het project
A74: 03.14 | B74: Tijd
A75: 03.14.010 | C75: Plannen projectdoorlooptijd | D75: X | N75: Plannen projectdoorlooptijd | O75: Planning projectdoorlooptijd fase Structuurontwerp | P75: Projecttijdschema | Q75: Inhoud*: tijdschemastructuur/ projecttijdschema/ fasetijdschema/ specifieke tijdschema’s
A76: 03.15 | B76: Informatie en Communicatie
A77: 03.15.001 | C77: Opstellen en beheren informatie- en communicatieplan fase Structuurontwerp | D77: X | N77: Opstellen en beheren informatie- en communicatieplan fase Structuurontwerp | O77: Informatie- en communicatieplan fase Structuurontwerp | P77: Info- en comm.plan | Q77: Inhoud*: overlegvormen, inclusief deelnemers, frequenties, vergadertijden, globale agenderingen / afspraken en procedures voor informatie-uitwisseling tussen participanten
A78: 03.15.005 | C78: Beheren projectwebsite | D78: X | N78: Beheren projectwebsite | O78: Projectwebsite fase Structuurontwerp | P78: Projectwebsite | Q78: Inhoud*: voor alle participanten toegankelijk online Document Management Systeem / directory structuur / autorisatiestructuur
A79: 03.15.010 | C79: Voeren van overleg met de opdrachtgever (M-taak) | E79: X | H79: X | N79: Voeren van overleg met de opdrachtgever | O79: Verslagen overleg opdrachtgever fase Structuurontwerp | P79: Verslag overleg | Q79: Inhoud*: datum overleg / aanwezigen / onderwerpen / besprekingsresultaten / afspraken / actiepunten
A80: 03.15.015 | C80: Voorbereiden, voorzitten, verslagleggen van ontwerpteamvergaderingen | E80: X | N80: Voorbereiden, voorzitten, verslagleggen van ontwerpteamvergaderingen | O80: Verslagen ontwerpteamvergaderingen fase Structuurontwerp | P80: Verslag vergadering | Q80: Inhoud*: datum vergadering / agenda / aanwezigen / besprekingsresultaten / afspraken / actiepunten
A81: 03.15.020 | C81: Deelnemen aan ontwerpteamvergaderingen (M-taak) | D81: X | E81: X | F81: X | G81: X | H81: X | I81: X | J81: X | N81: Deelnemen aan ontwerpteamvergaderingen
A82: 03.15.024 | C82: Voorbereiden, voorzitten, verslagleggen van stuurgroepvergaderingen | D82: X | N82: Voorbereiden, voorzitten, verslagleggen van stuurgroepvergaderingen | O82: Verslagen stuurgroepvergaderingen fase Structuurontwerp | P82: Verslag vergadering | Q82: Inhoud*: datum vergadering / agenda / aanwezigen / besprekingsresultaten / afspraken / actiepunten
A83: 03.15.025 | C83: Deelnemen aan stuurgroepvergaderingen (M-taak) | D83: X | E83: B | N83: Deelnemen aan stuurgroepvergaderingen
A84: 03.15.030 | C84: Voeren van overleg met bevoegde instanties (M-taak) | D84: X | E84: X | H84: X | N84: Voeren van overleg met bevoegde instanties | O84: Afspraken overleg bevoegde instanties fase Structuurontwerp | P84: Verslag overleg | Q84: Inhoud*: datum overleg / aanwezigen / onderwerpen / besprekingsresultaten / afspraken / actiepunten
A85: 03.15.035 | C85: Voeren van overleg over financiering en subsidies (M-taak) | D85: X | J85: X | N85: Voeren van overleg over financiering en subsidies | O85: Besprekingsverslagen overleg financiering en subsidies fase Structuurontwerp | P85: Bespr.vers. overleg fin. en subs | Q85: Inhoud*: datum overleg / aanwezigen / onderwerpen / besprekingsresultaten / afspraken / actiepunten
A86: 03.15.040 | C86: Voeren van overleg met beheerders nutsvoorzieningen (M-taak) | D86: X | H86: X | N86: Voeren van overleg met beheerders nutsvoorzieningen | O86: Afspraken overleg beheerders nutsvoorzieningen fase Structuurontwerp | P86: Verslag overleg | Q86: Inhoud*: datum overleg / aanwezigen / onderwerpen / besprekingsresultaten / afspraken / actiepunten
A87: 03.15.050 | C87: Voeren van overleg met externe specialisten (M-taak) | D87: X | E87: X | H87: X | N87: Voeren van overleg met externe specialisten | O87: Afspraken overleg externe specialisten fase Structuurontwerp | P87: Verslag overleg | Q87: Inhoud*: datum overleg / aanwezigen / onderwerpen / besprekingsresultaten / afspraken / actiepunten
A88: 03.15.060 | C88: Uitvoeren wijzigingenbeheer | D88: X | N88: Verwerken wijzigingsbesluiten | O88: Rapport verwerkte wijzigingen fase Structuurontwerp | P88: Verwerkte wijzigingen | Q88: Inhoud*: opsomming van verwerkte, goedgekeurde wijzigingen / goedgekeurde consequenties voor planning en bouwkosten
A89: 03.15.060 | C89: Uitvoeren wijzigingenbeheer | N89: Managen wijzigingen | O89: Formele voorstellen tot wijzigingen op goedgekeurde faseresultaten in fase Structuurontwerp | P89: Formele voorstellen tot wijzigingen | Q89: Inhoud*: voorwerp van wijziging / aard van de wijziging / aanleiding voor en motivatie van de wijziging / consequenties voor planning en bouwkosten / eventuele extra kosten doorvoering wijziging
A90: 03.15.070 | C90: Beheren projectdocumenten | D90: X | N90: Beheren werkdocumenten | O90: Rapport werkdocumenten fase Structuurontwerp | P90: Rapport documenten | Q90: Inhoud*: overzicht fasedocumenten, inclusief data, versiebeheer, verantwoordelijke participanten, auteurs, verspreiding, autorisatie
A91: 03.15.070 | C91: Beheren projectdocumenten | N91: Beheren managementdocumenten | O91: Rapport managementdocumenten fase Structuurontwerp | P91: Rapport documenten | Q91: Inhoud*: overzicht fasedocumenten, inclusief data, versiebeheer, verantwoordelijke participanten, auteurs, verspreiding, autorisatie
A92: 03.16 | B92: Kwaliteitszorg en risico's
A93: 03.16.005 | C93: Herijken/analyseren en behandelen projectrisico`s per projectdeel (cluster) | D93: X | N93: Herijken/analyseren en behandelen projectrisico`s per projectdeel (cluster)
A94: 03.16.005.01 | C94: Herijken/analyseren en behandelen projectrisico`s Architectuur/bouwkunde | E94: X | N94: Herijken/analyseren en behandelen projectrisico`s Architectuur/bouwkunde | O94: RI&E Architectuur/bouwkunde fase Structuurontwerp | P94: RI&E | Q94: Inhoud*: gehanteerde methodiek / geïdentificeerde risico's ten aanzien van geld, organisatie, tijd, informatie, kwaliteit, maakbaarheid en beheer / beheermaatregelen
A95: 03.16.005.02 | C95: Herijken/analyseren en behandelen projectrisico`s Interieur | E95: X | N95: Herijken/analyseren en behandelen projectrisico`s Interieur | O95: RI&E Interieur fase Structuurontwerp | P95: RI&E | Q95: Inhoud*: gehanteerde methodiek / geïdentificeerde risico's ten aanzien van geld, organisatie, tijd, informatie, kwaliteit, maakbaarheid en beheer / beheermaatregelen
A96: 03.16.005.03 | C96: Herijken/analyseren en behandelen projectrisico`s Landschap | F96: X | N96: Herijken/analyseren en behandelen projectrisico`s Landschap | O96: RI&E Landschap fase Structuurontwerp | P96: RI&E | Q96: Inhoud*: gehanteerde methodiek / geïdentificeerde risico's ten aanzien van geld, organisatie, tijd, informatie, kwaliteit, maakbaarheid en beheer / beheermaatregelen
A97: 03.16.005.04 | C97: Herijken/analyseren en behandelen projectrisico`s Constructies | G97: X | N97: Herijken/analyseren en behandelen projectrisico`s Constructies | O97: RI&E Constructies fase Structuurontwerp | P97: RI&E | Q97: Inhoud*: gehanteerde methodiek / geïdentificeerde risico's ten aanzien van geld, organisatie, tijd, informatie, kwaliteit, maakbaarheid en beheer / beheermaatregelen
A98: 03.16.005.05 | C98: Herijken/analyseren en behandelen projectrisico`s Installaties | H98: X | I98: B | N98: Herijken/analyseren en behandelen projectrisico`s Installaties | O98: RI&E Installaties fase Structuurontwerp | P98: RI&E | Q98: Inhoud*: gehanteerde methodiek / geïdentificeerde risico's ten aanzien van geld, organisatie, tijd, informatie, kwaliteit, maakbaarheid en beheer / beheermaatregelen
A99: 03.16.010 | C99: Analyseren en behandelen projectrisico`s: integreren RI&E`s per projectdeel | E99: X | N99: Integreren RI&E`s per projectdeel | O99: Project RI&E fase Structuurontwerp | P99: RI&E | Q99: Inhoud*: gehanteerde methodiek / geïdentificeerde risico's ten aanzien van geld, organisatie, tijd, informatie, kwaliteit, maakbaarheid en beheer / beheermaatregelen
A100: 03.16.020 | C100: Opstellen kwantitatieve analyse van het Structuurontwerp | E100: X | N100: Maken oppervlakteanalyse gebouw | O100: Oppervlakteanalyse gebouw fase Structuurontwerp | Q100: Inhoud: bruto vloeroppervlakte, globale oppervlaktebepaling verschillende functionele eenheden, bruto-netto verhouding
...

Sheet Fase 4 VO
A1: Fase 4 Voorontwerp | D1: ='Fase 1 Ini'!D1 -> TU/e - opdrachtgever | E1: ='Fase 1 Ini'!E1 -> Architect / Stedenbouw | F1: ='Fase 1 Ini'!F1 -> Landschapsarchitect | G1: ='Fase 1 Ini'!G1 -> Adviseur constructies | H1: ='Fase 1 Ini'!H1 -> Installatie adviseur | I1: ='Fase 1 Ini'!I1 -> Bouwfysicus en Adviseur | J1: ='Fase 1 Ini'!J1 -> Kostenadviseur | K1: ='Fase 1 Ini'!K1 -> Aannemer | L1: ='Fase 1 Ini'!L1 -> Directievoerder | N1: tblActiviteiten.omschr | O1: Documentomschrijving | P1: Documentsoort | Q1: Documentinhoud
A2: 04.01 | B2: Opdrachtgeving
A3: 04.01.010 | C3: Evalueren en bijstellen beleidsuitgangspunten project | D3: X | N3: Evalueren en bijstellen beleidsuitgangspunten project | O3: Projectbeleid fase Voorontwerp | P3: Projectbeleid | Q3: Inhoud*: eventueel bijgestelde beleidsuitgangspunten: analyse huisvestingsproblematiek / relevant ondernemingsbeleid / relevant huisvestingsbeleid / projectdoelstellingen / projectresultaten / projectbudget / projectmijlpalen / uitbestedingsbeleid / beoordelingscriteria alternatieven / randvoorwaarden
A4: 04.01.020 | C4: Nemen besluiten over resultaten en voortgang | D4: X | N4: Nemen besluiten over resultaten en voortgang | O4: Besluiten fase Voorontwerp | Q4: Inhoud: opsomming van besluiten over resultaten / formele vaststelling integraal Voorontwerp / besluiten m.b.t. het vervolg van het project
A5: 04.02 | B5: Contracten
A6: 04.02.010 | C6: Voorbereiden contracteren van participanten | D6: X | N6: Organiseren contractvorming | O6: Uitbestedingsplan fase Voorontwerp (en verder) | P6: Uitbestedingsplan | Q6: Inhoud*: gekozen uitbestedingsvorm / uitbestedingstactiek / eventueel te houden aanbestedingen van diensten
A7: 04.02.010 | C7: Voorbereiden contracteren van participanten | N7: Opstellen aanbestedingsplan | O7: Aanbestedingsplan fase Voorontwerp (en verder) | P7: Aanbestedingsplan | Q7: Inhoud*: opzet aanbesteding per participant / tijdschema
A8: 04.02.010 | C8: Voorbereiden contracteren van participanten | N8: Voorbereiden contracteren van participanten | O8: Conceptcontracten met participanten fase Voorontwerp (en verder) | P8: Model Basisopdracht DNR 2011 | Q8: Inhoud*: zie Model Basisopdracht De Nieuwe Regeling 2011
A9: 04.02.010 | C9: Voorbereiden contracteren van participanten | N9: Voorbereiden contracteren van participanten | O9: Verslagen contractbesprekingen fase Voorontwerp (en verder) | P9: Verslag contractbe | Q9: Inhoud*: aanwezigen / agenda / besproken documenten / resultaten bespreking / afspraken
A10: 04.02.010 | C10: Voorbereiden contracteren van participanten | N10: Voorbereiden contracteren van eventuele aanvullende expertise | O10: Conceptcontracten aanvullende expertise fase Voorontwerp (en verder) | P10: Model Basisopdracht DNR 2011 | Q10: Inhoud*: zie Model Basisopdracht De Nieuwe Regeling 2011
A11: 04.02.020 | C11: Formuleren gewenste werkzaamheden aanvullende expertise (M-taak) | D11: X | N11: Formuleren gewenste werkzaamheden aanvullende expertise | O11: Gewenste werkzaamheden aanvullende expertise fase Voorontwerp (en verder) | P11: Gewenste werkzaamheden | Q11: Inhoud*: taakspecificatie extern in te schakelen deskundigen
A12: 04.02.030 | C12: Contracteren van participanten | D12: X | N12: Contracteren van participanten | O12: Rapport verleende opdrachten fase Voorontwerp (en verder) | P12: Rapport verleende opdrachten | Q12: Inhoud*: opsomming verleende opdrachten
A13: 04.02.030 | C13: Contracteren van participanten | N13: Contracteren van participanten | O13: Contracten met participanten fase Voorontwerp (en verder) | P13: Contracten met participanten | Q13: Inhoud*: zie Model Basisopdracht De Nieuwe Regeling 2011
A14: 04.02.035 | C14: Contracteren aanvullende expertise | D14: X | N14: Contracteren aanvullende expertise | O14: Contracten aanvullende expertise fase Voorontwerp (en verder) | P14: Contracten aanvullende expertise | Q14: Inhoud*: zie Model Basisopdracht De Nieuwe Regeling 2011
A15: 04.03 | B15: Programma van Eisen
A16: 04.03.020 | C16: Herijken en uitwerken PvE | D16: X | E16: B | G16: B | H16: B | I16: B | N16: Herijken en uitwerken PvE | O16: PvE fase Voorontwerp | P16: PvE | Q16: Inhoud*: (afhankelijk van het project): eventueel gewijzigde en/of nader uitgewerkte eisen aan de locatie / eisen en wensen m.b.t. stedenbouwkundige, landschappelijke en architectonische inpassing / ambities en verwachtingen m.b.t. de architectonische verschijningsvorm, verschijningsvorm van interieur en buitenruimte / ruimtebehoefte van en relaties tussen gebruiksactiviteiten, inclusief routing en omvang van mensen- en goederenstromen / eisen m.b.t. flexibiliteit, uitbreidbaarheid, bereikbaarheid, toegankelijkheid en veiligheid / functionele eisen m.b.t. inrichting van werkplekken en algemene (representatieve) ruimten / gebruikseisen aan tuin, externe verblijfsruimten, toegankelijkheid en veiligheid terrein, parkeren, opslagmogelijkheden op het terrein / eisen m.b.t. ruimtecondities (licht, lucht, temperatuur) / eisen aan energiegebruik (EPC), milieu en duurzaamheid / stedenbouwfysische eisen / eisen aan ruimteakoestiek van relevante ruimten / eisen m.b.t. interne en externe geluidsbelasting / overzicht maximale vloerbelastingen in relatie tot gebruiksactiviteiten en ruimtefuncties / eisen en/of uitgangspunten m.b.t. energievoorziening / eisen en/of uitgangspunten m.b.t. installatieconcepten / eisen en/of uitgangspunten m.b.t. funderingsconstructies, waterhuishouding en bouwput / randvoorwaarden m.b.t. investeringskosten, exploitatie- en/of levensduurkosten, doorlooptijd, arbeidsomstandigheden, onderhoud en reiniging
A17: 04.04 | B17: Architectuur/ bouwkunde
A18: 04.04.010 | C18: Digitaliseren tekeningen bestaand gebouw | N18: Digitaliseren tekeningen bestaand gebouw | O18: Gedigitaliseerde tekeningen bestaand gebouw | Q18: Inhoud: gedigitaliseerde tekeningen voor bestaand gebouw waarvoor wel papieren tekeningen, maar geen CAD-tekeningen beschikbaar zijn (in geval van renovatie en/of restauratie)
A19: 04.04.015 | C19: Gedetailleerd opmeten bestaand gebouw | N19: Gedetailleerd opmeten bestaand gebouw | O19: Gedetailleerde opmeting bestaand gebouw | Q19: Inhoud: meetgegevens, inclusief detailleringen, ter controle en aanvulling van bestaande tekeningen of – bij het ontbreken van bestaande tekeningen – het in tekening brengen van het bestaande gebouw (in geval van renovatie en/of restauratie)
A20: 04.04.015 | C20: Gedetailleerd opmeten bestaand gebouw | N20: Tekenen opmeting bestaande toestand gebouw | O20: Tekeningen bestaande toestand gebouw | Q20: Inhoud: plattegronden, doorsneden en gevels bestaande gebouw (1:100/1:50) / details (1:10/1:5)
A21: 04.04.018 | C21: Uitvoeren bouwtechnische inspectie bestaand gebouw | N21: Uitvoeren bouwtechnische inspectie bestaand gebouw | O21: Gebrekentekening met toelichting | Q21: Inhoud: plattegronden en eventuele doorsneden (1:100/1:50) bestaande situatie met daarop aangegeven locaties van technische gebreken / omschrijving technische gebreken
A22: 04.04.020 | C22: Uitwerken stedenbouwkundige inpassing gebouw in omgeving | E22: X | N22: Uitwerken stedenbouwkundige inpassing gebouw in omgeving | O22: Voorontwerp stedenbouwkundige inpassing gebouw | Q22: Inhoud: situatieschets (1:500): hoofdmassa gebouw / positionering gebouw op locatie / oriëntatie gebouw / hoofd- en neventoegangen
A23: 04.04.030 | C23: Ontwerpen functionele en ruimtelijke indeling gebouw | E23: X | N23: Ontwerpen functionele en ruimtelijke indeling gebouw | O23: Voorontwerp functionele en ruimtelijke indeling gebouw | Q23: Inhoud: plattegronden (1:200/1:100) met positionering van gebruikersfuncties in onderling verband en globale ruimtelijke indeling en compositie / m2 per ruimte / ruimtefuncties per ruimte / ruimtelijke reservering voor hoofddraagconstructies ruimtelijke reservering voor installaties, inclusief technische ruimten en schachten / doorsneden (1:200/1:100): per gebouw(deel) tenminste twee oriëntaties
A24: 04.04.035 | C24: Ontwerpen architectonische verschijningsvorm gebouw | E24: X | N24: Ontwerpen architectonische verschijningsvorm | O24: Voorontwerp architectonische verschijningsvorm gebouw | Q24: Inhoud: geveltekeningen (1:200/1:100): globale aanduiding van indeling, verschijningsvorm en materiaalgebruik
A25: 04.04.040 | C25: Bijdrage leveren aan V&G-risico-inventarisatie en -evaluatie, Architectuur/bouwkunde | E25: X | N25: Bijdrage leveren aan V&G-risico-inventarisatie en -evaluatie, Architectuur/bouwkunde | O25: Bijdrage Architectuur/bouwkunde aan V&G-risico-inventarisatie en –evaluatie fase Voorontwerp | P25: V&G RI&E | Q25: Inhoud*: analyse veiligheids- en gezondheidsrisico’s in de uitvoeringsfase als gevolg van het ontwerp / eventuele maatregelen in het ontwerp
A26: 04.04.050 | C26: Presenteren Voorontwerp Architectuur/bouwkunde | E26: X | N26: Presenteren Voorontwerp Architectuur/bouwkunde | O26: Presentatie Voorontwerp Architectuur/bouwkunde | Q26: Inhoud: presentatietekeningen
A27: 04.04.055 | C27: Maken schetsontwerp Architectuur/bouwkunde | E27: X | N27: Maken schetsontwerp Architectuur/bouwkunde (facultatief als eerste ontwerpstap) | O27: Schetsontwerp Architectuur/bouwkunde | Q27: Inhoud: schetsmatig ontwerp aan het begin van de fase Voorontwerp (1:200/1:100) ter communicatie met de opdrachtgever
A28: 04.04.080 | C28: Verwerken programmatische aanpassingen in Voorontwerp Architectuur/bouwkunde | E28: X | N28: Verwerken programmatische aanpassingen in Voorontwerp Architectuur/bouwkunde | O28: Programmatische aanpassingen op goedgekeurde faseresultaten in Voorontwerp Architectuur/bouwkunde | Q28: Inhoud: consequenties van wijzigingen en/of aanvullingen in het Programma van Eisen t.o.v. reeds door de opdrachtgever goedgekeurde resultaten verwerkt in toepasselijke projectdocumenten
A29: 04.04.090 | C29: Maken 3D-visualisaties Architectuur/bouwkunde | E29: X | N29: Maken 3D-visualisaties Architectuur/bouwkunde | O29: 3D-visualisaties Architectuur/bouwkunde fase Voorontwerp | P29: 3D visualisaties | Q29: Inhoud*: afhankelijk van contractuele afspraken: gerenderde 3D CAD-tekeningen, video- of digitale animaties, virtual reality presentatie
A30: 04.04.095 | C30: Maken maquette Architectuur/bouwkunde | E30: X | N30: Maken maquette Architectuur/bouwkunde | O30: Maquette Architectuur/bouwkunde fase Voorontwerp | P30: Maquette | Q30: Inhoud*: maquette op vooraf overeengekomen schaal en detailniveau
A31: 04.04.110 | C31: Maken schriftelijke toelichting/rapport Voorontwerp Architectuur/bouwkunde | E31: X | N31: Maken schriftelijke toelichting/rapport Voorontwerp Architectuur/bouwkunde | O31: Schriftelijke toelichting/rapport op Voorontwerp Architectuur/bouwkunde | Q31: Inhoud: uitgangspunten / achtergronden / beschrijving van het concept / verantwoording van en toelichting op gemaakte keuzen / verantwoording ten opzichte van eventueel Structuurontwerp
A32: 04.05 | B32: Interieur
A33: 04.05.010 | C33: Opstellen visie Voorontwerp Interieur | N33: Opstellen visie Voorontwerp Interieur | O33: Visie Voorontwerp Interieur | Q33: Inhoud: conceptuele uitgangspunten interieurontwerp / visie op de ontwerpopgave
A34: 04.05.020 | C34: Maken Voorontwerp Interieur | E34: X | N34: Maken Voorontwerp Interieur | O34: Voorontwerp Interieur | Q34: Inhoud: situatieschets geografische oriëntatie / plattegronden, doorsneden en aanzichten (1:100/1:50): ruimtelijke relaties, gebruiksfuncties, inzicht in de verschijningsvorm / hoofdopzet ruimte-, routing- of installatiebepalende functies en inrichtingselementen (1:100/1:50) / signalering noodzakelijke structurele aanpassingen
A35: 04.05.020 | C35: Maken Voorontwerp Interieur | N35: Presenteren Voorontwerp Interieur | O35: Presentatie Voorontwerp Interieur | Q35: Inhoud: presentatietekeningen
A36: 04.05.030 | C36: Bijdrage leveren aan V&G-risico-inventarisatie en -evaluatie, Interieur | N36: Bijdrage leveren aan V&G-risico-inventarisatie en -evaluatie, Interieur | O36: Bijdrage Interieur aan V&G-risico-inventarisatie en –evaluatie fase Voorontwerp | P36: V&G RI&E | Q36: Inhoud*: analyse veiligheids- en gezondheidsrisico’s in de uitvoeringsfase als gevolg van het ontwerp / eventuele maatregelen in het ontwerp
A37: 04.05.040 | C37: Maken 3D-visualisaties Interieur | N37: Maken 3D-visualisaties Interieur | O37: 3D-visualisaties Interieur fase Voorontwerp | P37: 3D visualisaties | Q37: Inhoud*: afhankelijk van contractuele afspraken: gerenderde 3D CAD-tekeningen, video- of digitale animaties, virtual reality presentatie
A38: 04.05.050 | C38: Maken maquette Interieur | N38: Maken maquette Interieur | O38: Maquette Interieur fase Voorontwerp | P38: Maquette | Q38: Inhoud*: maquette op vooraf overeengekomen schaal en detailniveau
A39: 04.05.060 | C39: Maken schriftelijke toelichting/rapport Voorontwerp Interieur | N39: Maken schriftelijke toelichting/rapport Voorontwerp Interieur | O39: Schriftelijke toelichting op Voorontwerp Interieur | P39: Toelichting | Q39: Inhoud*: uitgangspunten, achtergronden, beschrijving van het concept, verantwoording van en toelichting op gemaakte keuzen
A40: 04.06 | B40: Landschap
A41: 04.06.020 | C41: Maken Voorontwerp Landschap | F41: X | N41: Ontwikkelen ontwerpprincipes Voorontwerp Landschap | O41: Gegevens Landschap t.b.v. analyses door derden | Q41: Inhoud: afhankelijk van gewenste analyses: locatiegegevens / historische gegevens / gegevens m.b.t. bodemgesteldheid en grondwater / gegevens m.b.t. bestaande flora en fauna
A42: 04.06.020 | C42: Maken Voorontwerp Landschap | N42: Ontwikkelen ontwerpprincipes Voorontwerp Landschap | O42: Ontwerpprincipes Voorontwerp Landschap | Q42: Inhoud: visie op de ontwerpopgave / conceptuele uitgangspunten ontwerp buitenruimte
A43: 04.06.020 | C43: Maken Voorontwerp Landschap | N43: Maken Voorontwerp Landschap | O43: Voorontwerp Landschap | Q43: Inhoud: conceptuele voorstelling van het landschappelijke en/of stedenbouwkundige positie van de locatie en de aansluitingen op directe en wijdere omgeving / globale ruimtelijke en functionele voorstelling van het plan, situering en oriëntatie van gebouw(en) en voorzieningen, aard van de terreinbegrenzingen d.m.v. o.a. plattegronden, doorsneden en aanzichten / aard en verschijningsvorm van de belangrijkste inrichtingsmiddelen, beplantingen, verhardingen, bouwkundige elementen en terreininstallaties / inpassing eisen brandweer, reiniging gebouw, (on)toegankelijkheid terrein e.d.
A44: 04.06.020 | C44: Maken Voorontwerp Landschap | N44: Presenteren Voorontwerp Landschap | O44: Presentatie Voorontwerp Landschap | Q44: Inhoud: presentatietekeningen
A45: 04.06.030 | C45: Bijdrage leveren aan V&G-risico-inventarisatie en –evaluatie, Landschap | F45: X | N45: Bijdrage leveren aan V&G-risico-inventarisatie en –evaluatie, Landschap | O45: Bijdrage Landschap aan V&G-risico-inventarisatie en –evaluatie fase Voorontwerp | P45: V&G RI&E | Q45: Inhoud*: analyse veiligheids- en gezondheidsrisico’s in de uitvoeringsfase als gevolg van het ontwerp / eventuele maatregelen in het ontwerp
A46: 04.06.040 | C46: Maken 3D-visualisaties Landschap | N46: Maken 3D-visualisaties Landschap | O46: 3D-visualisaties Landschap fase Voorontwerp | P46: 3D visualisaties | Q46: Inhoud*: afhankelijk van contractuele afspraken: gerenderde 3D CAD-tekeningen, video- of digitale animaties, virtual reality presentatie
A47: 04.06.050 | C47: Maken maquette Landschap | N47: Maken maquette Landschap | O47: Maquette Landschap fase Voorontwerp | P47: Maquette | Q47: Inhoud*: maquette op vooraf overeengekomen schaal en detailniveau
A48: 04.06.060 | C48: Maken schriftelijke toelichting/rapport Voorontwerp Landschap | F48: X | N48: Maken schriftelijke toelichting/rapport Voorontwerp Landschap | O48: Schriftelijke toelichting op Voorontwerp Landschap | P48: Toelichting | Q48: Inhoud*: uitgangspunten, achtergronden, beschrijving van het concept, verantwoording van en toelichting op gemaakte keuzen
A49: 04.06.070 | C49: Maken Voorontwerp groene inrichting atria en/of binnentuinen | N49: Maken Voorontwerp groene inrichting atria en/of binnentuinen | O49: Voorontwerp groene inrichting atria en/of binnentuinen | Q49: Inhoud: voorstellen groene inrichting atria en/of binnentuinen
A50: 04.07 | B50: Bouwfysica, Akoestiek en Brandveiligheid
A51: 04.07.010 | C51: Ondersteunen/sturen VO-ontwikkeling op aspecten Bouwfysica | I51: X | N51: Opstellen conceptuele uitgangspunten Bouwfysica | O51: Conceptuele uitgangspunten Voorontwerp Bouwfysica | Q51: Inhoud: visie op de ontwerpopgave / conceptuele uitgangspunten bouwfysica
A52: 04.07.010 | C52: Ondersteunen/sturen VO-ontwikkeling op aspecten Bouwfysica | N52: Verkennen bouwfysische opzet | O52: Reactie Bouwfysica op ontwerp Architectuur/bouwkunde fase Voorontwerp | Q52: Inhoud: reactie schetsontwerp / beoordeling gebouw in zijn omgeving / ruimtesituering / beoordeling bouwkundige opzet / warmte, vocht en klimaat / ventilatie / daglicht en uitzicht / diversen, afhankelijk van overeengekomen activiteitenpakket / advies inzake optimalisatie integrale kwaliteit van de werkplek m.b.t. nader te bepalen items / conclusies
A53: 04.07.010 | C53: Ondersteunen/sturen VO-ontwikkeling op aspecten Bouwfysica | N53: Ondersteunen/sturen VO-ontwikkeling op aspecten Bouwfysica | O53: Richtinggevende adviezen Bouwfysica fase Voorontwerp | Q53: Inhoud: adviezen ten aanzien van: bouwkundige opzet en uitwerking, optimalisatie integrale kwaliteit van de werkplek, gebouwgerelateerde arboaspecten, behaaglijkheidscriteria voor verschillende ruimten in de diverse jaargetijden met de daarmee verband houdende externe en interne temperatuurs-, vochtigheids- en ventilatieniveaus in samenhang met het bedrijf, bezetting en bouwfysische aspecten van het bouwkundig concept / adviezen ter optimalisatie van bouwkundige oplossingen en alternatieve energiebesparingsopties / diverse adviezen afhankelijk van overeengekomen activiteiten (keuzepakket)
A54: 04.07.010 | C54: Ondersteunen/sturen VO-ontwikkeling op aspecten Bouwfysica | N54: Opstellen ontwerpverantwoording Voorontwerp Bouwfysica | O54: Ontwerpverantwoording Voorontwerp Bouwfysica | Q54: Inhoud: opsomming, samenvatting en verantwoording van aan ontwerpteam uitgebrachte adviezen / conclusies en aanbevelingen / adviezen voor eventuele nadere onderzoeken
A55: 04.07.020 | C55: Ondersteunen/sturen VO-ontwikkeling op aspecten Akoestiek | I55: X | N55: Opstellen ontwerpverantwoording Voorontwerp Akoestiek | O55: Ontwerpverantwoording Voorontwerp Akoestiek | Q55: Inhoud: opsomming, samenvatting en verantwoording van aan ontwerpteam uitgebrachte adviezen / conclusies en aanbevelingen / adviezen voor eventuele nadere onderzoeken
A56: 04.07.020 | C56: Ondersteunen/sturen VO-ontwikkeling op aspecten Akoestiek | N56: Ondersteunen/sturen VO-ontwikkeling op aspecten Akoestiek | O56: Richtinggevende adviezen Akoestiek fase Voorontwerp | Q56: Inhoud: adviezen ten aanzien van: bouwkundige opzet en uitwerking, geluidsisolatie intern (lucht- en contactgeluidsisolatie), geluidswering gevels, situering ten opzichte van geluidsbron(nen), ruimteakoestiek / diverse adviezen afhankelijk van overeengekomen activiteiten (keuzepakket)
A57: 04.07.020 | C57: Ondersteunen/sturen VO-ontwikkeling op aspecten Akoestiek | N57: Opstellen conceptuele uitgangspunten Akoestiek | O57: Conceptuele uitgangspunten Voorontwerp Akoestiek | Q57: Inhoud: visie op de ontwerpopgave / conceptuele uitgangspunten akoestiek
A58: 04.07.020 | C58: Ondersteunen/sturen VO-ontwikkeling op aspecten Akoestiek | N58: Verkennen opzet Akoestiek | O58: Reactie Akoestiek op ontwerp Architectuur/bouwkunde fase Voorontwerp | Q58: Inhoud: reactie schetsontwerp / beoordeling gebouw in zijn omgeving / geluidsisolatie intern (lucht- en contactgeluidsisolatie) / geluidswering gevel / situering t.o.v. geluidsbron(nen) / ruimteakoestiek
A59: 04.07.030 | C59: Uitvoeren windhinderonderzoek | N59: Uitvoeren windhinderonderzoek | O59: Rapportage windhinderonderzoek | Q59: Inhoud: onderzoeksvraag / onderzoeksopzet en –methode / gehanteerde uitgangspunten / toepasselijke normen en regelgeving / onderzoeksresultaten / conclusies / advies
A60: 04.07.040 | C60: Uitbrengen advies stedenbouwfysica | I60: X | N60: Uitbrengen advies stedenbouwfysica | O60: Kwalitatief advies stedenbouwfysica | Q60: Inhoud: onderzoeksvraag / onderzoeksopzet en –methode / gehanteerde uitgangspunten / toepasselijke normen en regelgeving / onderzoeksresultaten / conclusies / advies
A61: 04.07.050 | C61: Uitvoeren beschaduwingsonderzoek | N61: Uitvoeren beschaduwingsonderzoek | O61: Rapportage beschaduwingsonderzoek | Q61: Inhoud: onderzoeksvraag / onderzoeksopzet en –methode / gehanteerde uitgangspunten / toepasselijke normen en regelgeving / onderzoeksresultaten / conclusies / advies
A62: 04.07.060 | C62: Uitvoeren specifieke daglichtstudie | I62: X | N62: Uitvoeren specifieke daglichtstudie | O62: Rapportage daglichtstudie | Q62: Inhoud: onderzoeksvraag / onderzoeksopzet en –methode / gehanteerde uitgangspunten / toepasselijke normen en regelgeving / onderzoeksresultaten / conclusies / advies NOOT: het gaat hier om bijzondere, niet-standaard daglichtsituaties; behandeling van normale daglichtaspecten (glasoppervlak t.o.v. vloeroppervlak, belemmeringshoeken e.d.) behoren tot het takenpakket Architectuur/bouwkunde
A63: 04.07.070 | C63: Bepalen externe geluidsbelasting | I63: X | N63: Bepalen externe geluidsbelasting | O63: Bepaling externe geluidsbelasting | Q63: Inhoud: identificatie externe geluidsbron(nen) / gehanteerde bepalingsmethode / toepasselijke normen en regelgeving / voorlopige bepaling externe geluidsbelasting / conclusies / advies
A64: 04.07.080 | C64: Bepalen geluidsuitstraling naar omgeving | I64: X | N64: Bepalen geluidsuitstraling naar omgeving | O64: Bepaling geluidsuitstraling omgeving | Q64: Inhoud: identificatie interne geluidsbron(nen) / gehanteerde bepalingsmethoden / toepasselijke normen en regelgeving / overzicht geluidsuitstraling / conclusies / advies
A65: 04.07.090 | C65: Inventariseren behoefte maatregelen ruimteakoestiek | I65: X | N65: Inventariseren behoefte maatregelen ruimteakoestiek | O65: Inventarisatie behoefte maatregelen ruimteakoestiek | Q65: Inhoud: beoordeling Voorontwerp Architectuur/bouwkunde uit gezichtspunt van akoestiek, inventarisatie van ruimten waarin op basis van hun functie mogelijk ruimteakoestische maatregelen noodzakelijk zijn / voorlopige aanduiding ruimteakoestische maatregelen
A66: 04.07.095 | C66: Uitvoeren inventariserend trillingsonderzoek | H66: B | I66: X | N66: Uitvoeren inventariserend trillingsonderzoek | O66: Rapportage inventariserend trillingsonderzoek | Q66: Inhoud: onderzoeksvraag / onderzoeksopzet en –methode / gehanteerde uitgangspunten / toepasselijke normen en regelgeving / onderzoeksresultaten / conclusies / advies
A67: 04.07.200 | C67: Opstellen conceptuele uitgangspunten brandveiligheid | I67: X | N67: Toetsen bouwkundig (schets-)ontwerp op brandveiligheidsaspecten | O67: Rapportage toetsing bouwkundig ontwerp op brandveiligheidsaspecten | Q67: Inhoud: korte rapportage met beoordeling van ligging van compartimenten en trappenhuizen, vluchtwegen, compartimentering in relatie tot risico van brandoverslag / mogelijkheden voor gelijkwaardigheid waar niet direct kan worden voldaan aan Bouwbesluiteisen / bouwkundige tekeningen met daarop aangetekend aandachtspunten, opmerkingen en suggesties voor aanpassing Doel: voorkomen dat in een volgende fase het ontwerp ingrijpend moet worden aangepast door verplaatsing van compartimenten, trappenhuizen e.d.
A68: 04.07.200 | C68: Opstellen conceptuele uitgangspunten brandveiligheid | N68: Opstellen conceptuele uitgangspunten brandveiligheid | O68: Brandveiligheidsplan | Q68: Inhoud: beschrijving van het brandveiligheidsconcept (compartimentering, vluchtwegen e.d.), afgestemd op het beoogde gebruik / consequenties op hoofdlijnen voor uitwerking, inrichting en/of gebruik van vluchtwegen en compartimenteringen Doel: kennisoverdracht aan overige bouwpartners en eigenaar/beheerder over brandveiligheidsconcept en consequenties daarvan voor verdere uitwerking van het ontwerp en het toekomstige gebruik
A69: 04.08 | B69: Constructie
A70: 04.08.005 | C70: Digitaliseren tekeningen bestaande constructies | N70: Digitaliseren tekeningen bestaande constructies | O70: Gedigitaliseerde tekeningen bestaande constructies | Q70: Inhoud: gedigitaliseerde tekeningen voor bestaande constructies waarvoor wel papieren tekeningen, maar geen CAD-tekeningen beschikbaar zijn (in geval van renovatie en/of restauratie)
A71: 04.08.006 | C71: Gedetailleerd (laten) opmeten bestaande constructies | N71: Tekenen opmeting bestaande toestand constructies | O71: Tekeningen bestaande toestand constructies | Q71: Inhoud: plattegronden en doorsneden bestaande constructies (1:100/1:50) / details (1:10/1:5)
A72: 04.08.006 | C72: Gedetailleerd (laten) opmeten bestaande constructies | N72: Gedetailleerd (laten) opmeten bestaande constructies | O72: Gedetailleerde opmeting bestaande constructies | Q72: Inhoud: meetgegevens, inclusief detailleringen, ter controle en aanvulling van bestaande tekeningen of – bij het ontbreken van bestaande tekeningen – het in tekening brengen van de bestaande constructies
A73: 04.08.007 | C73: Uitvoeren technische inspectie bestaande constructies | N73: Uitvoeren technische inspectie bestaande constructies | O73: Beoordeling kwaliteit bestaande constructies | Q73: Inhoud: kwalitatieve beoordeling bestaande constructies en belendingen / inventarisatie eventuele verbouwingen die niet op tekening terecht zijn gekomen / vergelijking opmeting met bestaande tekeningen
A74: 04.08.010 | C74: Maken Voorontwerp Constructies | G74: X | N74: Ontwikkelen alternatieven Voorontwerp Constructies | O74: Ruimteclaim Voorontwerp Constructies | Q74: Inhoud: vaststelling minimale ruimtebehoefte constructies
A75: 04.08.010 | C75: Maken Voorontwerp Constructies | N75: Ontwikkelen alternatieven Voorontwerp Constructies | O75: Alternatieven Voorontwerp Constructies | Q75: Inhoud: mogelijke constructieprincipes / afweging / (voorlopige) keuze constructieprincipe(s) / motivatie keuze
A76: 04.08.010 | C76: Maken Voorontwerp Constructies | N76: Opstellen conceptuele uitgangspunten Constructies | O76: Conceptuele uitgangspunten Voorontwerp Constructies | Q76: Inhoud: inleiding / ruimtelijke opzet / constructies / constructieve functies en prestaties per ruimte / vrije ruimte per ruimte / belastingen per ruimte / brandveiligheid per ruimte
A77: 04.08.010 | C77: Maken Voorontwerp Constructies | N77: Maken Voorontwerp Constructies | O77: Voorontwerp Constructies | Q77: Inhoud: hoofdopzet draagconstructie / voorlopige materiaalkeuze / globale dimensionering hoofddraagstructuur (1:100/1:200) / principe fundering: globaal palen- en balkenplan / principe stabiliteit / principe dilataties / relevante doorsneden (1:100/1:200) / principedetails fundering en gevelconstructie (1:20) /diversen: afhankelijk van opgedragen activiteiten
A78: 04.08.015 | C78: Opstellen ontwerpnota constructies | G78: X | N78: Opstellen ontwerpnota constructies | O78: Ontwerpnota constructies fase VO | Q78: Inhoud: (voor zover van toepassing in deze fase): gebruiksdoel en bijbehorende randvoorwaarden van de constructie / gehanteerde ontwerpbasis en bijbehorende normen (met versieaanduiding) / aangehouden belastingen en belastingcombinaties / uitgangspunten voor constructieve samenhang / stabiliteitsprincipe / omschrijving hoofddraagconstructie / robuustheid van het ontwerp / tweede draagweg (afhankelijk van cc-klasse) / toelichting op gemaakte keuzen / verantwoording t.o.v. Programma van Eisen / resultaten van (interne) kwaliteitscontrole
A79: 04.08.020 | C79: Bijdrage leveren aan V&G-risico-inventarisatie en -evaluatie, Contructies | G79: X | N79: Bijdrage leveren aan V&G-risico-inventarisatie en -evaluatie, Contructies | O79: Bijdrage Constructies aan V&G-risico-inventarisatie en –evaluatie fase Voorontwerp | P79: V&G RI&E | Q79: Inhoud*: analyse veiligheids- en gezondheidsrisico’s in de uitvoeringsfase als gevolg van het ontwerp / eventuele maatregelen in het ontwerp
A80: 04.08.030 | C80: Inventariseren en adviseren contractueel overeengekomen bouwkundige constructies | G80: X | N80: Inventariseren en adviseren contractueel overeengekomen bouwkundige constructies | O80: Inventarisatie en adviezen contractueel overeengekomen bouwkundige constructies | Q80: Inhoud: afhankelijk van de aard van het project: inventarisatie van relevante bouwkundige constructies (zoals gevels) / adviezen t.a.v. meest essentiële bouwkundige constructie
A81: 04.08.040 | C81: Bepalen invloed sloopwerkzaamheden | G81: X | N81: Bepalen invloed sloopwerkzaamheden | O81: Voorlopige rapportage invloed sloopwerkzaamheden fase Voorontwerp | Q81: Inhoud: overzicht te slopen constructies / beschrijving aard te slopen constructies / bepaling/berekening invloed sloopwerkzaamheden op sterkte en stabiliteit draagconstructies / conclusies / advies noodzakelijke maatregelen
A82: 04.08.050 | C82: Coördineren en verwerken resultaten advisering geotechniek | G82: X | N82: Coördineren en verwerken resultaten advisering geotechniek | O82: Verwerking resultaten advisering geotechniek fase Voorontwerp | Q82: Inhoud: resultaten verwerkt in Voorontwerp en Ontwerpnota
A83: 04.09 | B83: Installaties
A84: 04.09.005 | C84: Digitaliseren tekeningen bestaande installaties | N84: Digitaliseren tekeningen bestaande installaties | O84: Gedigitaliseerde tekeningen bestaande installaties | Q84: Inhoud: gedigitaliseerde tekeningen voor bestaande installaties waarvoor wel papieren tekeningen, maar geen CAD-tekeningen beschikbaar zijn (in geval van renovatie en/of restauratie)
A85: 04.09.006 | C85: Gedetailleerd opnemen bestaande installaties | N85: Gedetailleerd opnemen bestaande installaties | O85: Gedetailleerde opname bestaande installaties | Q85: Inhoud: opnamegegevens ter controle en aanvulling van bestaande tekeningen/documentatie of – bij het ontbreken van bestaande tekeningen/documentatie – het documenteren van bestaande installaties
A86: 04.09.006 | C86: Gedetailleerd opnemen bestaande installaties | N86: Tekenen opname bestaande installaties | O86: Tekeningen bestaande installaties | Q86: Inhoud: plattegronden, doorsneden (1:100/1:50) / details (1:10/1:5)
A87: 04.09.007 | C87: Uitvoeren technische inspectie bestaande installaties | N87: Uitvoeren technische inspectie bestaande installaties | O87: Gebrekentekening installaties met toelichting | Q87: Inhoud: plattegronden en eventuele doorsneden (1:100/1:50) met daarop aangegeven de bestaande installaties, inclusief locaties van installatietechnische gebreken / omschrijving installatietechnische gebreken
A88: 04.09.010 | C88: Maken Voorontwerp Installaties | H88: X | N88: Maken Voorontwerp Installaties | O88: Voorontwerp Installaties | Q88: Inhoud: plattegronden en doorsneden (1:200/1:100): hoofdopzet van de Installaties ten behoeve van de inpassing in het bouwproject / belangrijke tracés en projecteringen van installaties / globale capaciteitsbepaling / globale installatieberekening ter bepaling van de globale afmetingen van de benodigde technische ruimte, schachten en inbouwruimte voor Installaties / principeschema’s Installaties / voorzieningen ten behoeve van toekomstig doelmatig en economisch onderhoud / kwaliteitsspecificaties ten behoeve van bedrijfszekerheid en duurzaamheid / indicatie energieverbruik / mogelijkheden beperking energiegebruik
A89: 04.09.010 | C89: Maken Voorontwerp Installaties | N89: Ontwikkelen principes Voorontwerp Installaties | O89: Principes Voorontwerp Installaties | Q89: Inhoud: voorstel toe te passen installatiesystemen / principekeuze installatieonderdelen aan de hand van kostenfactoren / principeschema’s
A90: 04.09.010 | C90: Maken Voorontwerp Installaties | N90: Ontwikkelen principes Voorontwerp Installaties | O90: Ruimteclaim Voorontwerp Installaties | Q90: Inhoud: vaststelling minimale ruimtebehoefte installaties
A91: 04.09.010 | C91: Maken Voorontwerp Installaties | N91: Verkennen Installatietechnische opzet | O91: Ontwerpvarianten Voorontwerp Installaties | Q91: Inhoud: vergelijking installatiesystemen inzake bedrijfszekerheid, duurzaamheid, doelmatigheid en economisch onderhoud in relatie tot gebouwontwerp
A92: 04.09.010 | C92: Maken Voorontwerp Installaties | N92: Opstellen conceptuele uitgangspunten Installaties | O92: Conceptuele uitgangspunten Voorontwerp Installaties | Q92: Inhoud: uitgangspunten voor energie-, milieu- en kwaliteitsaspecten
A93: 04.09.012 | C93: Maken Voorontwerp Installaties landschap | H93: X | N93: Maken Voorontwerp Installaties Landschap | O93: Voorontwerp Installaties Landschap | Q93: Inhoud: plattegronden (1:200/1:100): hoofdopzet van leidingen en installaties (riolering/DWA, HWA, nutsaansluitingen, beveiliging, terreinverlichting) / belangrijke tracés en projecteringen / principeschema’s Installaties Landschap
A94: 04.09.015 | C94: Bepalen installatiegeluid t.g.v. Installaties | H94: X | N94: Bepalen installatiegeluid t.g.v. Installaties | O94: Bepaling installatiegeluid (incl. trillingen en geluidsuitstraling) t.g.v. Installaties | Q94: Inhoud: identificatie trillingsbron(nen) / gehanteerde bepalingsmethoden / toepasselijke normen en regelgeving / bepaling/berekening installatiegeluid / conclusies / advies maatregelen
A95: 04.09.020 | C95: Bijdrage leveren aan V&G-risico-inventarisatie en -evaluatie, Installaties | H95: X | N95: Bijdrage leveren aan V&G-risico-inventarisatie en -evaluatie, Installaties | O95: Bijdrage Installaties aan V&G-risico-inventarisatie en –evaluatie fase Voorontwerp | P95: V&G RI&E | Q95: Inhoud*: analyse veiligheids- en gezondheidsrisico’s in de uitvoeringsfase als gevolg van het ontwerp / eventuele maatregelen in het ontwerp
A96: 04.09.050 | C96: Bepalen invloed sloop- en/of renovatiewerkzaamheden op Installaties | H96: X | N96: Bepalen invloed sloop- en/of renovatiewerkzaamheden op Installaties | O96: Bepaling invloed sloop- en/of renovatie werkzaamheden op Installaties | Q96: Inhoud: overzicht te slopen of te installaties en/of installatiedelen / beschrijving aard te slopen of te renoveren installaties en/of installatiedelen / bepaling/berekening invloed sloopwerkzaamheden of renovatiewerkzaamheden / conclusies / advies noodzakelijke maatregelen
A97: 04.09.060 | C97: Maken schriftelijke toelichting/rapport Voorontwerp Installaties | H97: X | N97: Maken schriftelijke toelichting/rapport Voorontwerp Installaties | O97: Schriftelijke toelichting op Voorontwerp Installaties | P97: Toelichting | Q97: Inhoud*: uitgangspunten, achtergronden, beschrijving van het concept, verantwoording van en toelichting op gemaakte keuzen
A98: 04.10 | B98: Geotechniek
A99: 04.10.010 | C99: Uitbrengen vooradvies funderingen | G99: B | N99: Uitbrengen vooradvies funderingen | O99: Vooradvies fundering | Q99: Inhoud: uitgangspunten / verwijzing naar geotechnisch onderzoek / aanbevolen funderingsmethode, inclusief motivatie / eventueel: mogelijke alternatieven
A100: 04.10.010 | C100: Uitbrengen vooradvies funderingen | N100: Uitbrengen vooradvies funderingen | O100: Rapport geotechnisch onderzoek t.b.v. fundering | Q100: Inhoud: beschrijving onderzoeksmethode / onderzoeksresultaten, waar onder gegevens bodemgesteldheid, resultaten sonderingen
...

Sheet Fase 5 DO
A1: Fase 5 Definitief ontwerp | D1: ='Fase 1 Ini'!D1 -> TU/e - opdrachtgever | E1: ='Fase 1 Ini'!E1 -> Architect / Stedenbouw | F1: ='Fase 1 Ini'!F1 -> Landschapsarchitect | G1: ='Fase 1 Ini'!G1 -> Adviseur constructies | H1: ='Fase 1 Ini'!H1 -> Installatie adviseur | I1: ='Fase 1 Ini'!I1 -> Bouwfysicus en Adviseur | J1: ='Fase 1 Ini'!J1 -> Kostenadviseur | K1: ='Fase 1 Ini'!K1 -> Aannemer | L1: ='Fase 1 Ini'!L1 -> Directievoerder | N1: tblActiviteiten.omschr | O1: Documentomschrijving | P1: Documentsoort | Q1: Documentinhoud
A2: 05.01 | B2: Opdrachtgeving
A3: 05.01.010 | C3: Evalueren en bijstellen beleidsuitgangspunten project | D3: X | N3: Evalueren en bijstellen beleidsuitgangspunten project | O3: Projectbeleid fase Definitief ontwerp | P3: Projectbeleid | Q3: Inhoud*: eventueel bijgestelde beleidsuitgangspunten: analyse huisvestingsproblematiek / relevant ondernemingsbeleid / relevant huisvestingsbeleid / projectdoelstellingen / projectresultaten / projectbudget / projectmijlpalen / uitbestedingsbeleid / beoordelingscriteria alternatieven / randvoorwaarden
A4: 05.01.020 | C4: Nemen besluiten over resultaten en voortgang | D4: X | N4: Nemen besluiten over resultaten en voortgang | O4: Besluiten fase Definitief ontwerp | Q4: Inhoud: opsomming van besluiten over resultaten / formele vaststelling integraal Definitief Ontwerp / besluiten m.b.t. het vervolg van het project
A5: 05.02 | B5: Contracten
A6: 05.02.010 | C6: Voorbereiden contracteren van participanten | D6: X | N6: Organiseren contractvorming | O6: Uitbestedingsplan fase Definitief ontwerp (en verder) | P6: Uitbestedingsplan | Q6: Inhoud*: gekozen uitbestedingsvorm / uitbestedingstactiek / eventueel te houden aanbestedingen van diensten
A7: 05.02.010 | C7: Voorbereiden contracteren van participanten | N7: Voorbereiden contracteren van eventuele aanvullende expertise | O7: Conceptcontracten aanvullende expertise fase Definitief ontwerp (en verder) | P7: Model Basisopdracht DNR 2011 | Q7: Inhoud*: zie Model Basisopdracht De Nieuwe Regeling 2011
A8: 05.02.010 | C8: Voorbereiden contracteren van participanten | N8: Voorbereiden contracteren van participanten | O8: Verslagen contractbesprekingen fase Definitief ontwerp (en verder) | P8: Verslag contractbe | Q8: Inhoud*: aanwezigen / agenda / besproken documenten / resultaten bespreking / afspraken
A9: 05.02.010 | C9: Voorbereiden contracteren van participanten | N9: Herijken en uitwerken aanbestedingsplan | O9: Aanbestedingsplan fase Definitief ontwerp (en verder) | P9: Aanbestedingsplan | Q9: Inhoud*: opzet aanbesteding per participant / tijdschema
A10: 05.02.010 | C10: Voorbereiden contracteren van participanten | N10: Voorbereiden contracteren van participanten | O10: Conceptcontracten met participanten fase Definitief ontwerp (en verder) | P10: Model Basisopdracht DNR 2011 | Q10: Inhoud*: zie Model Basisopdracht De Nieuwe Regeling 2011
A11: 05.02.020 | C11: Formuleren gewenste werkzaamheden aanvullende expertise (M-taak) | D11: X | E11: B | N11: Formuleren gewenste werkzaamheden aanvullende expertise | O11: Gewenste werkzaamheden aanvullende expertise fase Definitief ontwerp (en verder) | P11: Gewenste werkzaamheden | Q11: Inhoud*: taakspecificatie extern in te schakelen deskundigen
A12: 05.02.030 | C12: Contracteren van participanten | D12: X | N12: Contracteren van participanten | O12: Rapport verleende opdrachten fase Definitief ontwerp | P12: Rapport verleende opdrachten | Q12: Inhoud*: opsomming verleende opdrachten
A13: 05.02.030 | C13: Contracteren van participanten | N13: Contracteren van participanten | O13: Contracten met participanten fase Definitief ontwerp (en verder) | P13: Contracten met participanten | Q13: Inhoud*: zie Model Basisopdracht De Nieuwe Regeling 2011
A14: 05.02.035 | C14: Contracteren aanvullende expertise | D14: X | N14: Contracteren aanvullende expertise | O14: Contracten aanvullende expertise fase Definitief ontwerp (en verder) | P14: Contracten aanvullende expertise | Q14: Inhoud*: zie Model Basisopdracht De Nieuwe Regeling 2011
A15: 05.03 | B15: Programma van Eisen
A16: 05.03.020 | C16: Herijken en uitwerken PvE | D16: X | E16: B | H16: B | N16: Herijken en uitwerken PvE | O16: PvE fase Definitief ontwerp | P16: PvE | Q16: Inhoud*: (afhankelijk van het project): eventueel gewijzigde en/of nader uitgewerkte eisen aan de locatie / eisen en wensen m.b.t. stedenbouwkundige, landschappelijke en architectonische inpassing / ambities en verwachtingen m.b.t. de architectonische verschijningsvorm, verschijningsvorm van interieur en buitenruimte / ruimtebehoefte van en relaties tussen gebruiksactiviteiten, inclusief routing en omvang van mensen- en goederenstromen / eisen m.b.t. flexibiliteit, uitbreidbaarheid, bereikbaarheid, toegankelijkheid en veiligheid / functionele eisen m.b.t. inrichting van werkplekken en algemene (representatieve) ruimten / gebruikseisen aan tuin, externe verblijfsruimten, toegankelijkheid en veiligheid terrein, parkeren, opslagmogelijkheden op het terrein / eisen m.b.t. ruimtecondities (licht, lucht, temperatuur) / eisen aan energiegebruik (EPC), milieu en duurzaamheid / stedenbouwfysische eisen / eisen aan ruimteakoestiek van relevante ruimten / eisen m.b.t. interne en externe geluidsbelasting / overzicht maximale vloerbelastingen in relatie tot gebruiksactiviteiten en ruimtefuncties / eisen en/of uitgangspunten m.b.t. energievoorziening / eisen en/of uitgangspunten m.b.t. installatieconcepten / eisen en/of uitgangspunten m.b.t. funderingsconstructies, waterhuishouding en bouwput / randvoorwaarden m.b.t. investeringskosten, exploitatie- en/of levensduurkosten, doorlooptijd, arbeidsomstandigheden, onderhoud en reiniging
A17: 05.04 | B17: Architectuur/ bouwkunde
A18: 05.04.020 | C18: Vastleggen definitieve stedenbouwkundige inpassing gebouw | E18: X | N18: Vastleggen definitieve stedenbouwkundige inpassing gebouw | O18: Definitieve stedenbouwkundige inpassing gebouw | Q18: Inhoud: situatietekening (1:500): definitieve positionering gebouw op locatie / definitieve oriëntatie gebouw / definitieve bouwmassa, bouwblokgrenzen, hoofd- en neventoegangen
A19: 05.04.030 | C19: Vastleggen functionele en ruimtelijke indeling gebouw | E19: X | N19: Vastleggen functionele en ruimtelijke indeling gebouw | O19: Definitief Ontwerp functionele en ruimtelijke indeling gebouw | Q19: Inhoud: plattegronden (1:100/1:200) met definitieve positionering van gebruikersfuncties in onderling verband, definitieve ruimtelijke structuur, vaste inrichtingselementen, ruimtenamen conform programma van eisen, m2 per ruimte en brandcompartimentering / plaats en afmetingen van bouwdelen / doorsneden (1:100/1:200): per gebouw(deel) tenminste twee oriëntaties / ruimtelijke integratie van constructies en installaties, inclusief globaal inrichtingsplan productie- en technische ruimten
A20: 05.04.035 | C20: Vastleggen architectonische verschijningsvorm gebouw | E20: X | N20: Vastleggen architectonische verschijningsvorm | O20: Definitief Ontwerp architectonische verschijningsvorm gebouw | Q20: Inhoud: geveltekeningen (1:200/1:100): aanzichten van alle gevels, inclusief eventuele aansluitingen op bestaande gebouwen, met plaats en afmetingen van bouwdelen
A21: 05.04.040 | C21: Ontwerpen globale materialisatie gebouw | E21: X | N21: Ontwerpen globale materialisatie gebouw | O21: Materialisatie Definitief Ontwerp Architectuur/bouwkunde | Q21: Inhoud: kenmerkende fragmenten in doorsneden, aanzichten en plafonds (1:50) en principedetails bouwkundig werk (1:5) met maatvoering en aanduiding van materialen, voor zover relevant voor de globale beeldvorming en bouwfysische en installatietechnische berekeningen / omschrijving van toe te passen materialen, afwerkingen en kleuren
A22: 05.04.050 | C22: Bijdrage leveren aan herijken V&G-risico-inventarisatie en -evaluatie, Architectuur/bouwkunde | E22: X | N22: Bijdrage leveren aan herijken V&G-risico-inventarisatie en -evaluatie, Architectuur/bouwkunde | O22: Bijdrage Architectuur/bouwkunde aan herijken V&G-risico-inventarisatie en –evaluatie fase Definitief ontwerp | P22: V&G RI&E | Q22: Inhoud*: analyse veiligheids- en gezondheidsrisico’s in de uitvoeringsfase als gevolg van het ontwerp / eventuele maatregelen in het ontwerp
A23: 05.04.060 | C23: Presenteren Definitief Ontwerp Architectuur/bouwkunde | E23: X | N23: Presenteren Definitief Ontwerp Architectuur/bouwkunde | O23: Presentatie Definitief Ontwerp Architectuur/bouwkunde | P23: Presentatie Ontwerp | Q23: Inhoud*: afhankelijk van het project: presentatietekeningen, presentatieboekje, digitale presentatie, diapresentatie, ….
A24: 05.04.070 | C24: Maken schriftelijke toelichting op Definitief Ontwerp Architectuur/bouwkunde | E24: X | N24: Maken schriftelijke toelichting op Definitief Ontwerp Architectuur/bouwkunde | O24: Schriftelijke toelichting op Definitief Ontwerp Architectuur/bouwkunde | Q24: Inhoud: beschrijving van het DO Architectuur/bouwkunde / verantwoording van en toelichting op gemaakte keuzen / verantwoording en motivering van wijzigingen t.o.v. Voorontwerp / consequenties van wijzigingen / aandachtspunten voor fase TO
A25: 05.04.080 | C25: Opstellen bijdrage Architectuur/bouwkunde aan aanvraag omgevingsvergunning bouwen | E25: X | N25: Opstellen bijdrage Architectuur/bouwkunde aan aanvraag omgevingsvergunning bouwen | O25: Bijdrage Architectuur/bouwkunde aan aanvraag omgevingsvergunning bouwen | Q25: Inhoud: tenminste de gegevens als genoemd in artikel 2.2 - de leden 1c, 1d, 1h, 2b, 2c, 2e, 2f, 3, (5h: overlap met Installaties), 5i - artikel 2.3 en artikel 2.5 van de Regeling Omgevingsrecht (Mor), met inachtname van het gestelde in de paragrafen 2.2 en 2.3 van diezelfde Regeling.
A26: 05.04.090 | C26: Maken 3D-visualisaties Architectuur/bouwkunde | E26: X | N26: Maken 3D-visualisaties Architectuur/bouwkunde | O26: 3D-visualisaties Architectuur/bouwkunde fase Definitief ontwerp | P26: 3D visualisaties | Q26: Inhoud*: afhankelijk van contractuele afspraken: gerenderde 3D CAD-tekeningen, video- of digitale animaties, virtual reality presentatie
A27: 05.04.091 | C27: Maken maquette Architectuur/bouwkunde | E27: X | N27: Maken maquette Architectuur/bouwkunde | O27: Maquette Architectuur/bouwkunde fase Definitief Ontwerp | P27: Maquette | Q27: Inhoud*: maquette op vooraf overeengekomen schaal en detailniveau
A28: 05.04.095 | C28: Maken hoeveelhedenstaten Architectuur/bouwkunde | E28: X | N28: Maken hoeveelhedenstaten Architectuur/bouwkunde | O28: Hoeveelhedenstaten Architectuur/bouwkunde fase Definitief ontwerp | Q28: Inhoud: opsomming van hoeveelheden van te gebruiken materialen, inclusief aanduiding van de toepassingen
A29: 05.05 | B29: Interieur
A30: 05.05.010 | C30: Maken Definitief Ontwerp Interieur | E30: X | N30: Genereren gegevens Interieur t.b.v. analyses door derden | O30: Gegevens ontwerp Interieur t.b.v. analyses door derden | Q30: Inhoud: gegevens t.b.v. analyses en berekeningen op het gebied van bouwfysica en akoestiek / gegevens t.b.v. eventueel te contracteren aanvullende expertise
A31: 05.05.010 | C31: Maken Definitief Ontwerp Interieur | N31: Maken Definitief Ontwerp Interieur | O31: Definitief Ontwerp Interieur | Q31: Inhoud: situatietekening op toepasselijke schaal als overzicht van de geografische en verkeerstechnische oriëntatie / plattegronden, doorsneden en aanzichten (1:100 / 1:50): definitieve ruimte-indeling, locatie van vast en bepalende losse inrichtingselementen, layout verlichtingsplan / verdere uitwerking van kenmerkende ruimtelijk en/of inrichtingselementen (1:50/1:20) / afhankelijk van de opdracht: ruimtelijke, functionele en technische gegevens van bijzondere voorzieningen in tekst en tekeningen (1:100/1:50) / aanpassing en inpassing van afwerkingen, inrichtingselementen, armaturen, toestellen in overzichten en principedetails (1:100/1:50/1:5) / systematisch overzicht van materialen en afwerkingen / details bepalend voor de verschijningsvorm of voor de vereiste gebruikseigenschappen (1:20/1:5)
A32: 05.05.010 | C32: Maken Definitief Ontwerp Interieur | N32: Maken schriftelijke toelichting Definitief Ontwerp Interieur | O32: Schriftelijke toelichting op Definitief Ontwerp Interieur | P32: Schriftelijke toelichting | Q32: Inhoud*: uitgangspunten, achtergronden, verantwoording van en toelichting op gemaakte keuzen
A33: 05.05.010 | C33: Maken Definitief Ontwerp Interieur | N33: Presenteren Definitief Ontwerp Interieur | O33: Presentatie Definitief Ontwerp Interieur | P33: Presentatie Ontwerp | Q33: Inhoud*: afhankelijk van het project: presentatietekeningen, presentatieboekje, digitale presentatie, diapresentatie, ….
A34: 05.05.020 | C34: Bijdrage leveren aan herijken V&G-risico-inventarisatie en -evaluatie, Interieur | E34: X | N34: Bijdrage leveren aan herijken V&G-risico-inventarisatie en -evaluatie, Interieur | O34: Bijdrage Interieur aan herijken V&G-risico-inventarisatie en –evaluatie fase Definitief ontwerp | P34: V&G RI&E | Q34: Inhoud*: analyse veiligheids- en gezondheidsrisico’s in de uitvoeringsfase als gevolg van het ontwerp / eventuele maatregelen in het ontwerp
A35: 05.05.030 | C35: Maken 3D-visualisaties Interieur | E35: X | N35: Maken 3D-visualisaties Interieur | O35: 3D-visualisaties Interieur fase Definitief ontwerp | P35: 3D visualisaties | Q35: Inhoud*: afhankelijk van contractuele afspraken: gerenderde 3D CAD-tekeningen, video- of digitale animaties, virtual reality presentatie
A36: 05.05.040 | C36: Maken maquette Interieur | N36: Maken maquette Interieur | O36: Maquette Interieur fase Definitief ontwerp | P36: Maquette | Q36: Inhoud*: maquette op vooraf overeengekomen schaal en detailniveau
A37: 05.05.050 | C37: Maken hoeveelhedenstaten Interieur | E37: X | N37: Maken hoeveelhedenstaten Interieur | O37: Hoeveelhedenstaten Interieur fase Definitief ontwerp | Q37: Inhoud: opsomming van hoeveelheden van te gebruiken materialen, inclusief aanduiding van de toepassingen
A38: 05.06 | B38: Landschap
A39: 05.06.010 | C39: Maken Definitief Ontwerp Landschap | F39: X | N39: Presenteren Definitief Ontwerp Landschap | O39: Presentatie Definitief Ontwerp Landschap | P39: Presentatie Ontwerp | Q39: Inhoud*: afhankelijk van het project: presentatietekeningen, presentatieboekje, digitale presentatie, diapresentatie, ….
A40: 05.06.010 | C40: Maken Definitief Ontwerp Landschap | N40: Genereren gegevens Landschap t.b.v. analyses door derden | O40: Gegevens Landschapsarchitectuur t.b.v. analyses door derden | Q40: Inhoud: afhankelijk van gewenste analyses: gegevens m.b.t. bodemgesteldheid en grondwater / gegevens m.b.t. (bestaande) flora en fauna / beplantingsplan / bestratingsplan
A41: 05.06.010 | C41: Maken Definitief Ontwerp Landschap | N41: Maken schriftelijke toelichting Definitief Ontwerp Landschap | O41: Schriftelijke toelichting op Definitief Ontwerp Landschap | P41: Schriftelijke toelichting | Q41: Inhoud*: uitgangspunten, achtergronden, verantwoording van en toelichting op gemaakte keuzen
A42: 05.06.010 | C42: Maken Definitief Ontwerp Landschap | N42: Maken Definitief Ontwerp Landschap | O42: Definitief Ontwerp Landschap | Q42: Inhoud: ruimtelijke, functionele en maatvaste voorstelling van het plan, afgestemd op de definitieve status van bebouwing, begrenzingen en omgeving / aanduiding van de dimensies van het plan en benoeming van maat, kleur en soort van toe te passen voorzieningen en materialen d.m.v. plattegronden, doorsneden en aanzichten / weergave van de beschikbare ruimte ten behoeve van boven- en ondergrondse infrastructuur / aard en verschijningsvorm van de belangrijkste inrichtingsmiddelen, beplantingen, verhardingen, bouwkundige elementen, erfafscheidingen, vast meubilair, terreinverlichting en andere installaties / weergave van principes van essentiële details / verwerking eisen (on)toegankelijkheid terrein, brandweer, reiniging gebouw, verzameling en afvoer huisvuil, infiltratie hemelwater van daken en verhardingen e.d.
A43: 05.06.020 | C43: Bijdrage leveren aan herijken V&G-risico-inventarisatie en -evaluatie, Landschap | F43: X | N43: Bijdrage leveren aan herijken V&G-risico-inventarisatie en -evaluatie, Landschap | O43: Bijdrage Landschap aan herijken V&G-risico-inventarisatie en –evaluatie fase Definitief ontwerp | P43: V&G RI&E | Q43: Inhoud*: analyse veiligheids- en gezondheidsrisico’s in de uitvoeringsfase als gevolg van het ontwerp / eventuele maatregelen in het ontwerp
A44: 05.06.030 | C44: Maken 3D-visualisaties Landschap | N44: Maken 3D-visualisaties Landschap | O44: 3D-visualisaties Landschap fase Definitief ontwerp | P44: 3D visualisaties | Q44: Inhoud*: afhankelijk van contractuele afspraken: gerenderde 3D CAD-tekeningen, video- of digitale animaties, virtual reality presentatie
A45: 05.06.032 | C45: Maken Definitief Ontwerp groene inrichting atria en/of binnentuinen | F45: X | N45: Maken Definitief Ontwerp groene inrichting atria en/of binnentuinen | O45: Definitief Ontwerp groene inrichting atria en/of binnentuinen | Q45: Inhoud: aanduiding (op tekening en/of schriftelijk) van aard, locatie en afmetingen van planten en beplantingen en eventuele waterpartijen / uitvoering/keuze van potten, planbakken en bassins / referentiebeelden
A46: 05.06.035 | C46: Maken maquette Landschap | N46: Maken maquette Landschap | O46: Maquette Landschap fase Definitief ontwerp | P46: Maquette | Q46: Inhoud*: maquette op vooraf overeengekomen schaal en detailniveau
A47: 05.06.040 | C47: (Doen) uitvoeren van verkennend bodemonderzoek | N47: (Doen) uitvoeren van verkennend bodemonderzoek | O47: Verkennend bodemonderzoek | Q47: Inhoud: beoordeling civiel- en cultuurtechnische kwaliteiten terrein t.b.v. funderingseisen infrastructuur, grondbewerking, mogelijke beplantingskeuzen en vereiste bemesting
A48: 05.06.050 | C48: Maken beplantingsplan | F48: X | N48: Maken beplantingsplan | O48: Beplantingsplan | Q48: Inhoud: soort, kwaliteit en maat van beplantingen / plantafstanden en/of schema’s
A49: 05.06.060 | C49: Selecteren plantmateriaal op kwekerij | N49: Selecteren plantmateriaal op kwekerij (al dan niet in samenspraak met opdrachtgever) | O49: Lijst geselecteerd plantmateriaal | Q49: Inhoud: opsomming en beknopte beschrijving geselecteerd materiaal
A50: 05.06.070 | C50: Opstellen advies hemelwaterinfiltratie | F50: B | H50: X | N50: Opstellen advies hemelwaterinfiltratie | O50: Advies hemelwaterinfiltratie | Q50: Inhoud: uitgangspunten / analyse / berekeningen hemelwaterinfiltratie / conclusies / advies
A51: 05.06.080 | C51: Opstellen advies drainage terrein | F51: B | H51: X | N51: Opstellen advies drainage terrein | O51: Advies drainage terrein | Q51: Inhoud: uitgangspunten / analyse / berekeningen benodigde drainage / terreintekening met daarop aangegeven: drainageleidingen, locatie(s) voor afwatering op oppervlaktewater of rioolsysteem
A52: 05.07 | B52: Bouwfysica, Akoestiek en Brandveiligheid
A53: 05.07.010 | C53: Ondersteunen/sturen DO-ontwikkeling op bouwfysische aspecten | I53: X | N53: Ondersteunen/sturen DO-ontwikkeling op bouwfysische aspecten | O53: Richtinggevende adviezen Bouwfysica fase Definitief ontwerp | Q53: Inhoud: nader uitgewerkte adviezen, maatregelen en/of berekeningen ten aanzien van: lucht- en waterdichtheid, gebouwgerelateerde arboaspecten, thermische isolatie en koudebruggen, vocht/condensvorming, temperatuursoverschrijdingen en daaraan gerelateerde (bouwkundige) maatregelen, ventilatie, daglicht en uitzicht / diverse adviezen afhankelijk van overeengekomen activiteitenpakket (keuzepakket)
A54: 05.07.010 | C54: Ondersteunen/sturen DO-ontwikkeling op bouwfysische aspecten | N54: Ondersteunen/sturen DO-ontwikkeling op bouwfysische aspecten | O54: Ontwerpverantwoording Definitief Ontwerp Bouwfysica | Q54: Inhoud: opsomming, samenvatting en verantwoording van aan ontwerpteam uitgebrachte adviezen / conclusies en aanbevelingen / adviezen voor eventuele nadere onderzoeken
A55: 05.07.020 | C55: Opstellen bijdrage Bouwfysica aan aanvraag omgevingsvergunning bouwen | I55: X | N55: Opstellen bijdrage Bouwfysica aan aanvraag omgevingsvergunning bouwen | O55: Bijdrage Bouwfysica aan aanvraag omgevingsvergunning bouwen | Q55: Inhoud: geluidbelasting en geluidwering uitwendige scheidingsconstructie / energieprestatieberekening
A56: 05.07.030 | C56: Adviseren specifieke daglichtvoorzieningen | I56: X | N56: Adviseren specifieke daglichtvoorzieningen | O56: Advies specifieke daglichtvoorzieningen | Q56: Inhoud: resumé conclusies en advies fase Voorontwerp / voorgestelde maatregelen / verantwoording / te verwachten effecten NOOT: het gaat hier om bijzondere, niet-standaard daglichtvoorzieningen; normale daglichtvoorzieningen behoren tot het takenpakket Architectuur/bouwkunde
A57: 05.07.034 | C57: Adviseren maatregelen stedenbouwfysica | I57: X | N57: Adviseren maatregelen stedenbouwfysica | O57: Advies maatregelen stedenbouwfysica | Q57: Inhoud: resumé conclusies en advies fase Voorontwerp / voorgestelde maatregelen / verantwoording / te verwachten effecten
A58: 05.07.038 | C58: Adviseren maatregelen windhinder | I58: X | N58: Adviseren maatregelen windhinder | O58: Advies maatregelen windhinder | Q58: Inhoud: resumé conclusies en advies fase Voorontwerp / voorgestelde maatregelen / verantwoording / te verwachten effecten
A59: 05.07.040 | C59: Ondersteunen/sturen DO-ontwikkeling op akoestische aspecten | I59: X | N59: Ondersteunen/sturen DO-ontwikkeling op akoestische aspecten | O59: Ontwerpverantwoording Definitief Ontwerp Akoestiek | Q59: Inhoud: opsomming, samenvatting en verantwoording van aan ontwerpteam uitgebrachte adviezen / conclusies en aanbevelingen / adviezen voor eventuele nadere onderzoeken
A60: 05.07.040 | C60: Ondersteunen/sturen DO-ontwikkeling op akoestische aspecten | N60: Ondersteunen/sturen DO-ontwikkeling op akoestische aspecten | O60: Richtinggevende adviezen Akoestiek fase Definitief ontwerp | Q60: Inhoud: nader uitgewerkte adviezen, maatregelen en/of berekeningen ten aanzien van: geluidsisolatie intern (lucht- en contactgeluidsisolatie), geluidswering gevels, ruimteakoestiek / diverse adviezen afhankelijk van overeengekomen activiteiten (keuzepakket)
A61: 05.07.040 | C61: Opstellen bijdrage Akoestiek aan aanvraag omgevingsvergunning bouwen | N61: Opstellen bijdrage Akoestiek aan de aanvraag omgevingsvergunning bouwen | O61: Bijdrage Akoestiek aan de aanvraag omgevingsvergunning bouwen | Q61: Inhoud: tenminste de gegevens als genoemd in artikel 2.2, lid 2a van de Regeling Omgevingsrecht, met inachtname van het gestelde in paragraaf 2.3 van diezelfde Regeling
A62: 05.07.050 | C62: Adviseren bijzondere maatregelen trillingen | I62: X | N62: Adviseren bijzondere maatregelen trillingen | O62: Advies maatregelen trillingen | Q62: Inhoud: resumé conclusies en advies fase Voorontwerp / voorgestelde maatregelen / verantwoording / te verwachten effecten
A63: 05.07.060 | C63: Adviseren maatregelen externe geluidsbelasting | I63: X | N63: Adviseren maatregelen externe geluidsbelasting | O63: Advies maatregelen externe geluidsbelasting | Q63: Inhoud: resumé conclusies en advies fase Voorontwerp / voorgestelde maatregelen / verantwoording / te verwachten effecten
A64: 05.07.070 | C64: Adviseren maatregelen geluidsuitstraling naar omgeving | I64: X | N64: Adviseren maatregelen geluidsuitstraling naar omgeving | O64: Advies maatregelen geluidsuitstraling omgeving | Q64: Inhoud: resumé conclusies en advies fase Voorontwerp / voorgestelde maatregelen / verantwoording / te verwachten effecten
A65: 05.07.080 | C65: Adviseren maatregelen ruimteakoestiek | I65: X | N65: Adviseren maatregelen ruimteakoestiek | O65: Advies maatregelen ruimteakoestiek | Q65: Inhoud: resumé conclusies en advies fase Voorontwerp / voorgestelde maatregelen / verantwoording / te verwachten effecten
A66: 05.07.200 | C66: Herijken en eventueel aanpassen brandveiligheidsplan | I66: X | N66: Herijken en eventueel aanpassen brandveiligheidsplan | O66: Brandveiligheidsplan fase DO | Q66: Inhoud: eventueel aangepaste beschrijving van het brandveiligheidsconcept (compartimentering, vluchtwegen e.d.), afgestemd op het beoogde gebruik / consequenties op hoofdlijnen voor uitwerking, inrichting en/of gebruik van vluchtwegen en compartimenteringen
A67: 05.07.210 | C67: Maken berekeningen brandveiligheid (conform Bouwbesluit) | I67: X | N67: Maken berekeningen brandveiligheid | O67: Berekeningen brandveiligheid | Q67: Inhoud: berekening permanente vuurbelasting indien van toepassing / berekening van opvang- en doorgangscapaciteit in relatie tot de bezettingsgraad / berekening ontruimingstijd / eventueel: berekeningen voor het aantonen van gelijkwaardigheid (vultijdenberekeningen e.d.) / berekening en beoordeling van brandoverslag conform NEN 6068, in relatie tot brandwerendheidsvoorzieningen in de gevel
A68: 05.07.220 | C68: Specificeren eisen aan materialen en constructies uit oogpunt van brandveiligheid | I68: X | N68: Specificeren eisen voor sterkte bij brand | O68: Eisen voor sterkte bij brand | Q68: Inhoud: rekenvoorschriften voor belastingen die voor brandveiligheid moeten worden gehanteerd / eisen voor sterkte van draagconstructies bij brand / specificatie van aanvullende maatregelen wanneer niet aan die sterkte-eisen kan worden voldaan
A69: 05.07.220 | C69: Specificeren eisen aan materialen en constructies uit oogpunt van brandveiligheid | N69: Specificeren eisen aan materialen in vluchtwegen | O69: Specificatie materiaalgebruik in vluchtwegen | Q69: Inhoud: eisen aan materialen: brandvoortplantingsklasse, rookproductie / brandwerendheidscriteria voor met name glazen delen: vlamdichtheid, temperatuur en straling / check verkrijgbaarheid voorgestelde producten met vereiste brandwerendheid
A70: 05.07.230 | C70: Opstellen uitgangspunten brandveiligheidsinstallatie | I70: X | N70: Opstellen uitgangspunten brandveiligheidsinstallatie | O70: Uitgangspuntendocument brandveiligheidsinstallatie | Q70: Inhoud: uitgangspunten voor rookafvoer, eventuele sprinklerinstallatie, brandmeldinstallatie / noodverlichtingplan / panieksluitingen e.d. Doel: basis voor besprekingen met toekomstige gebruiker en de inspectie-instelling / basis voor het door deze instelling op te stellen inspectieplan
A71: 05.07.240 | C71: Controleren principedetails op brandveiligheidsaspecten | I71: X | N71: Controleren principedetails op brandveiligheidsaspecten | O71: Rapportage controle principedetails op brandveiligheidsaspecten | Q71: Inhoud: korte rapportage met beoordeling van principedetails / bouwkundige detailtekeningen met daarop aangetekend aandachtspunten, opmerkingen en suggesties voor aanpassingen
A72: 05.07.250 | C72: Opstellen bewakingsplan | D72: B | I72: X | N72: Opstellen bewakingsplan | O72: Bewakingsplan | Q72: Inhoud: procedures voor brandbewaking en -melding, sturing informatiestromen bij brandmelding, een en ander mede op basis van het inspectieplan van de inspectie-instelling
A73: 05.07.260 | C73: Opstellen aanvraagrapportage brandveiligheid t.b.v. aanvraag omgevingsvergunning voor de bouwactiviteit | I73: X | N73: Uitvoeren finale controle van voor brandveiligheid relevante aanvraagstukken | O73: Op brandveiligheid gecontroleerde aanvraagstukken | Q73: Inhoud: op brandveiligheid gecontroleerde bouwkundige, constructieve en installatietechnische tekeningen / gecontroleerde en geautoriseerde brandveiligheidsberekeningen
A74: 05.07.260 | C74: Opstellen aanvraagrapportage brandveiligheid t.b.v. aanvraag omgevingsvergunning voor de bouwactiviteit | N74: Opstellen aanvraagrapportage brandveiligheid | O74: Aanvraagrapportage brandveiligheid | Q74: Inhoud: uitgangspunten brandveiligheid / benoeming van en bewijsmateriaal voor eventuele gelijkwaardigheden / berekeningen brandoverslag, vuurlast, eventueel vultijden, enzovoort Eis: bevoegd gezag moet het plan op basis van deze rapportage en de bouwkundige, constructieve en installatietechnische tekeningen kunnen toetsen aan de brandveiligheidseisen uit het Bouwbesluit
A75: 05.08 | B75: Constructie
A76: 05.08.010 | C76: Maken Definitief Ontwerp Constructies | G76: X | N76: Verwerken wijzigingen Definitief Ontwerp Constructies | O76: Wijzigingen Definitief Ontwerp Constructies | Q76: Inhoud: wijzigingen door toedoen van ontwerppartners of derden, voor zover dit in de uitwerking van tekeningen en berekeningen reeds verricht werk niet teniet doet
A77: 05.08.010 | C77: Maken Definitief Ontwerp Constructies | N77: Maken Definitief Ontwerp Constructies | O77: Definitief Ontwerp Constructies | Q77: Inhoud: plattegronden en doorsneden van de definitieve hoofdopzet van de constructies (1:200/1:100): schematisch funderingsoverzicht of palenplan met globale plaatsing, aantallen en lengtes van palen / plattegronden van vloeren en daken, inclusief globale maatvoering / overzichtstekeningen van constructies in staal, hout en geprefabriceerd beton, inclusief stabiliteitsvoorzieningen en dilataties, inclusief globale maatvoering / principedetails van karakteristieke constructieonderdelen (1:20/1:10/1:5), inclusief maatvoering / essentiële plattegrondfragmenten / doorsneden: tenminste één maatgevende doorsnede per gebouw(deel)
A78: 05.08.010 | C78: Maken Definitief Ontwerp Constructies | N78: Maken ontwerpberekeningen Constructies | O78: Ontwerpberekeningen Constructies | Q78: Inhoud: ontwerp gewichtsberekening, ontwerp stabiliteitsberekening, ontwerp detailberekeningen, globale analyse verplaatsingen en vormveranderingen. Eisen: De Definitief Ontwerp berekeningen moeten voldoen als interne onderbouwing van het Definitief Ontwerp en zijn niet bestemd om extern te worden verstrekt
A79: 05.08.015 | C79: Doorontwikkelen ontwerpnota constructies | G79: X | N79: Maken schriftelijke toelichting Definitief Ontwerp Constructies | O79: Ontwerpnota constructies fase Definitief ontwerp | Q79: Inhoud: gebruiksdoel en bijbehorende randvoorwaarden van de constructie / gehanteerde ontwerpbasis en bijbehorende normen (met versieaanduiding) / aangehouden belastingen en belastingcombinaties / uitgangspunten voor constructieve samenhang / stabiliteitsprincipe / omschrijving hoofddraagconstructie /robuustheid van het ontwerp / tweede draagweg (afhankelijk van cc-klasse) / toelichting op (interne) kwaliteitscontrole / meningvorming over eventuele tweede draagweg en de opzet daarvan
A80: 05.08.020 | C80: Bijdrage leveren aan herijken V&G-risico-inventarisatie en -evaluatie, Constructies | G80: X | N80: Bijdrage leveren aan herijken V&G-risico-inventarisatie en -evaluatie, Constructies | O80: Bijdrage Constructies aan herijken V&G-risico-inventarisatie en –evaluatie fase Definitief ontwerp | P80: V&G RI&E | Q80: Inhoud*: analyse veiligheids- en gezondheidsrisico’s in de uitvoeringsfase als gevolg van het ontwerp / eventuele maatregelen in het ontwerp
A81: 05.08.030 | C81: Opstellen bijdrage Constructie aan de aanvraag omgevingsvergunning bouwen | G81: X | N81: Opstellen bijdrage Constructies aan de aanvraag omgevingsvergunning bouwen | O81: Bijdrage Constructies aan de aanvraag omgevingsvergunning bouwen | Q81: Inhoud: tenminste de gegevens als genoemd in artikel 2.2, de leden 1a en 1b van de Regeling Omgevingsrecht, met inachtname van het gestelde in de paragrafen 2.2 en 2.3 van diezelfde Regeling
A82: 05.08.040 | C82: Adviseren bouwkundige constructies | G82: X | N82: Adviseren bouwkundige constructies | O82: Advies bouwkundige constructies fase Definitief ontwerp | Q82: Inhoud: adviezen aan bouwteamleden op basis van door hen vervaardigde ontwerpdocumenten
A83: 05.08.050 | C83: Berekenen invloed sloopwerkzaamheden | G83: X | N83: Berekenen invloed sloopwerkzaamheden | O83: Definitieve rapportage invloed sloopwerkzaamheden | Q83: Inhoud: overzicht te slopen constructies / definitieve bepaling en/of berekening invloed sloopwerkzaamheden op sterkte en stabiliteit draagconstructies / beschrijving noodzakelijke maatregelen
A84: 05.08.060 | C84: Opstellen adviezen voorzieningen bestaande omgeving | G84: X | N84: Opstellen adviezen voorzieningen bestaande omgeving | O84: Adviezen voorzieningen bestaande omgeving | Q84: Inhoud: resultaten van onderzoek naar mogelijke schade aan belendingen en infrastructuur in de directe omgeving van de bouwplaats als gevolg van ontgravingen, ontwateringen en/of bouwactiviteiten / adviezen voor maatregelen ter voorkoming van die schade aan belendingen en infrastructuur
A85: 05.08.070 | C85: Maken hoeveelhedenstaten Constructies | N85: Maken hoeveelhedenstaten Constructies | O85: Hoeveelhedenstaten Constructies fase Definitief ontwerp | Q85: Inhoud: opsomming van hoeveelheden van te gebruiken materialen, inclusief aanduiding van de toepassingen
A86: 05.08.080 | C86: Coördineren en verwerken resultaten advisering geotechniek | G86: X | N86: Coördineren en verwerken resultaten advisering geotechniek | O86: Verwerking resultaten advisering geotechniek fase Definitief ontwerp | Q86: Inhoud: resultaten verwerkt in Definitief Ontwerp en Ontwerpnota
A87: 05.09 | B87: Installaties
A88: 05.09.010 | C88: Maken Definitief Ontwerp Installaties | H88: X | N88: Maken Definitief Ontwerp Installaties | O88: Definitief Ontwerp Installaties | Q88: Inhoud: hoofdopzet installaties / definitieve installatieberekeningen en capaciteitsbepaling ter bepaling van de definitieve afmetingen van benodigde technische ruimten en leidingtracés en inpassing van installaties / blok- en installatieschema’s / definitieve installatietekeningen (1:100) ten aanzien van tracés en projectering / aanduiding van plaats, afmetingen en soorten van eindtoestellen, inclusief die in plafonds, voor zover relevant voor de globale beeldvorming / doorsneden 1:100/1:200 over maatgevende ruimten en sanitaire units / relevante detailtekeningen (1:5)
A89: 05.09.010 | C89: Maken Definitief Ontwerp Installaties | N89: Maken schriftelijke toelichting Definitief Ontwerp Installaties | O89: Schriftelijke toelichting op Definitief Ontwerp Installaties | Q89: Inhoud: uitgangspunten / achtergronden / verantwoording van en toelichting op gemaakte keuzen m.b.t. de verschillende installaties / verantwoording t.o.v. Voorontwerp
A90: 05.09.012 | C90: Maken Definitief Ontwerp Installaties landschap | H90: X | N90: Maken Definitief Ontwerp Installaties Landschap | O90: Definitief Ontwerp Installaties Landschap | Q90: Inhoud: plattegronden (1:200/1:100): hoofdopzet van de terreininstallaties / capaciteitsbepaling ter bepaling van definitieve afmetingen van benodigde technische ruimten en leidingtracés / principeschema’s Installaties Landschap / installatietekeningen (1:100) t.a.v. tracés en projecteringen
A91: 05.09.015 | C91: Adviseren maatregelen installatiegeluid t.g.v. Installaties | H91: X | N91: Adviseren maatregelen installatiegeluid t.g.v. Installaties | O91: Advies maatregelen installatiegeluid t.g.v. Installaties | Q91: Inhoud: herijking berekening installatiegeluid op basis van actuele informatie / advies maatregelen
A92: 05.09.020 | C92: Bijdrage leveren aan herijken V&G-risico-inventarisatie en -evaluatie, Installaties | H92: X | N92: Bijdrage leveren aan herijken V&G-risico-inventarisatie en -evaluatie, Installaties | O92: Bijdrage Installaties aan herijken V&G-risico-inventarisatie en –evaluatie fase Definitief ontwerp | P92: V&G RI&E | Q92: Inhoud*: analyse veiligheids- en gezondheidsrisico’s in de uitvoeringsfase als gevolg van het ontwerp / eventuele maatregelen in het ontwerp
A93: 05.09.030 | C93: Opstellen bijdrage Installaties aan de aanvraag omgevingsvergunning bouwen | H93: X | N93: Opstellen bijdrage installaties aan de aanvraag omgevingsvergunning bouwen | O93: Bijdrage Installaties aan de aanvraag omgevingsvergunning bouwen | Q93: Inhoud: tenminste de gegevens als bedoeld in artikel 2.2, lid 5a, 5b, 5c, 5d, 5f (en 5h: overlap Architectuur/bouwkunde)
A94: 05.09.040 | C94: Opnemen te slopen/te renoveren Installaties | H94: X | N94: Opnemen te slopen/te renoveren Installaties | O94: Opname te slopen/te renoveren Installaties | Q94: Inhoud: beschrijving van te slopen/te renoveren Installatie- en leidingsystemen / beschrijving van verdere activiteiten t.b.v de Installaties bij sloop en/of renovatie
A95: 05.09.040 | C95: Opnemen te slopen/te renoveren Installaties | N95: Maken slooptekeningen Installaties | O95: Slooptekeningen Installaties | Q95: Inhoud: schematische plattegronden en doorsneden van het gebouw (1:100), met daarop aangegeven (delen van) te slopen Installatie- en leidingsystemen
A96: 05.09.050 | C96: Tekenen installatiecomponenten t.b.v. verkooptekeningen | N96: Tekenen installatiecomponenten t.b.v. verkooptekeningen | O96: Installatiecomponenten t.b.v. verkooptekeningen fase Definitief ontwerp | Q96: Inhoud: typen en vorm van eindtoestellen / alternatieven/opties
A97: 05.09.060 | C97: Maken tekeningen installatieruimten en leidingschachten | H97: X | N97: Maken tekeningen leidingschachten | O97: Tekeningen Leidingschachten fase DO | Q97: Inhoud: plattegronden (1:20) met daarop aangegeven: hoofdmaten, eventuele tussenvloeren, (grote) sparingen, luiken en deuren, bijzondere eisen / doorsneden 1:100/1:200
A98: 05.09.060 | C98: Maken tekeningen installatieruimten en leidingschachten | N98: Maken tekeningen installatieruimten | O98: Tekeningen Installatieruimten fase DO | Q98: Inhoud: plattegronden (1:100) met daarop aangegeven: m2 per ruimte, indeling binnenwanden, ruimtefunties, opstortingen, verhoogde vloeren, (grote) sparingen, bijzondere eisen, inrichtingsvoorstel apparaten
A99: 05.09.070 | C99: Aangeven consequenties W-installaties | H99: X | N99: Aangeven consequenties W-installaties | O99: Consequenties W-installaties | Q99: Inhoud: in plattegronden van maatgevende lagen: klimaatcondities per ruimte / materiaalvoorkeuren / bouwkundige consequenties: glasoppervlak, zonwering, leidingschachten, (gevel)kolomplaatsing, sparingen in constructieve delen, opstortingen / bijzondere eisen aan deuren, wanden, vloeren, plafonds m.b.t. brand- en geluidswering, trillingsoverdracht, (binnen)milieu
A100: 05.09.080 | C100: Maken aanvullende berekeningen E-installaties | H100: X | N100: Maken aanvullende berekeningen E-installaties | O100: Aanvullende berekeningen E-installaties | Q100: Inhoud: benodigde vermogens licht- en krachtinstallaties / benodigde kabeltypen en hoofdschakelaars in verdeelinrichtingen / lichtsterkteberekeningen diverse ruimten
...

Sheet Fase 6 TO
A1: Fase 6 Technisch ontwerp / Bestek | D1: ='Fase 1 Ini'!D1 -> TU/e - opdrachtgever | E1: ='Fase 1 Ini'!E1 -> Architect / Stedenbouw | F1: ='Fase 1 Ini'!F1 -> Landschapsarchitect | G1: ='Fase 1 Ini'!G1 -> Adviseur constructies | H1: ='Fase 1 Ini'!H1 -> Installatie adviseur | I1: ='Fase 1 Ini'!I1 -> Bouwfysicus en Adviseur | J1: ='Fase 1 Ini'!J1 -> Kostenadviseur | K1: ='Fase 1 Ini'!K1 -> Aannemer | L1: ='Fase 1 Ini'!L1 -> Directievoerder | M1: Toezichthouder | O1: tblActiviteiten.omschr | P1: Documentomschrijving | Q1: Documentsoort | R1: Documentinhoud
A2: 06.01 | B2: Opdrachtgeving
A3: 06.01.010 | C3: Evalueren en bijstellen beleidsuitgangspunten project | D3: X | O3: Evalueren en bijstellen beleidsuitgangspunten project | P3: Projectbeleid fase Technisch ontwerp | Q3: Projectbeleid | R3: Inhoud*: eventueel bijgestelde beleidsuitgangspunten: analyse huisvestingsproblematiek / relevant ondernemingsbeleid / relevant huisvestingsbeleid / projectdoelstellingen / projectresultaten / projectbudget / projectmijlpalen / uitbestedingsbeleid / beoordelingscriteria alternatieven / randvoorwaarden
A4: 06.01.020 | C4: Nemen besluiten over resultaten en voortgang | D4: X | O4: Nemen besluiten over resultaten en voortgang | P4: Besluiten fase Technisch ontwerp | R4: Inhoud: opsomming van besluiten over resultaten / formele vaststelling integraal Technisch Ontwerp / besluiten m.b.t. het vervolg van het project
A5: 06.02 | B5: Contracten
A6: 06.02.010 | C6: Voorbereiden contracteren van participanten | D6: X | O6: Herijken en uitwerken aanbestedingsplan | P6: Aanbestedingsplan fase Technisch ontwerp (en verder) | Q6: Aanbestedingsplan | R6: Inhoud*: opzet aanbesteding per participant / tijdschema
A7: 06.02.010 | C7: Voorbereiden contracteren van participanten | O7: Organiseren contractvorming | P7: Uitbestedingsplan fase Technisch ontwerp (en verder) | Q7: Uitbestedingsplan | R7: Inhoud*: gekozen uitbestedingsvorm / uitbestedingstactiek / eventueel te houden aanbestedingen van diensten
A8: 06.02.010 | C8: Voorbereiden contracteren van participanten | O8: Voorbereiden contracteren van eventuele aanvullende expertise | P8: Conceptcontracten aanvullende expertise fase Technisch ontwerp (en verder) | Q8: Model Basisopdracht DNR 2011 | R8: Inhoud*: zie Model Basisopdracht De Nieuwe Regeling 2011
A9: 06.02.010 | C9: Voorbereiden contracteren van participanten | O9: Voorbereiden contracteren van participanten | P9: Conceptcontracten met participanten fase Technisch ontwerp (en verder) | Q9: Model Basisopdracht DNR 2011 | R9: Inhoud*: zie Model Basisopdracht De Nieuwe Regeling 2011
A10: 06.02.010 | C10: Voorbereiden contracteren van participanten | O10: Voorbereiden contracteren van participanten | P10: Verslagen contractbesprekingen fase Technisch ontwerp (en verder) | Q10: Verslag contractbe | R10: Inhoud*: aanwezigen / agenda / besproken documenten / resultaten bespreking / afspraken
A11: 06.02.020 | C11: Formuleren gewenste werkzaamheden aanvullende expertise (M-taak) | D11: X | O11: Formuleren gewenste werkzaamheden aanvullende expertise | P11: Gewenste werkzaamheden aanvullende expertise fase Technisch ontwerp (en verder) | Q11: Gewenste werkzaamheden | R11: Inhoud*: taakspecificatie extern in te schakelen deskundigen
A12: 06.02.030 | C12: Contracteren van participanten | D12: X | O12: Contracteren van participanten | P12: Rapport verleende opdrachten fase Technisch ontwerp (en verder) | Q12: Rapport verleende opdrachten | R12: Inhoud*: opsomming verleende opdrachten
A13: 06.02.030 | C13: Contracteren van participanten | D13: X | O13: Contracteren van participanten | P13: Contracten met participanten fase Technisch ontwerp (en verder) | Q13: Contracten met participanten | R13: Inhoud*: zie Model Basisopdracht De Nieuwe Regeling 2011
A14: 06.02.035 | C14: Contracteren aanvullende expertise | D14: X | O14: Contracteren aanvullende expertise | P14: Contracten aanvullende expertise fase Technisch ontwerp (en verder) | Q14: Contracten aanvullende expertise | R14: Inhoud*: zie Model Basisopdracht De Nieuwe Regeling 2011
A15: 06.03 | B15: Programma van Eisen
A16: 06.03.020 | C16: Herijken en uitwerken PvE | D16: X | E16: B | H16: B | O16: Herijken en uitwerken PvE | P16: PvE fase Technisch ontwerp | Q16: PvE | R16: Inhoud*: (afhankelijk van het project): eventueel gewijzigde en/of nader uitgewerkte eisen aan de locatie / eisen en wensen m.b.t. stedenbouwkundige, landschappelijke en architectonische inpassing / ambities en verwachtingen m.b.t. de architectonische verschijningsvorm, verschijningsvorm van interieur en buitenruimte / ruimtebehoefte van en relaties tussen gebruiksactiviteiten, inclusief routing en omvang van mensen- en goederenstromen / eisen m.b.t. flexibiliteit, uitbreidbaarheid, bereikbaarheid, toegankelijkheid en veiligheid / functionele eisen m.b.t. inrichting van werkplekken en algemene (representatieve) ruimten / gebruikseisen aan tuin, externe verblijfsruimten, toegankelijkheid en veiligheid terrein, parkeren, opslagmogelijkheden op het terrein / eisen m.b.t. ruimtecondities (licht, lucht, temperatuur) / eisen aan energiegebruik (EPC), milieu en duurzaamheid / stedenbouwfysische eisen / eisen aan ruimteakoestiek van relevante ruimten / eisen m.b.t. interne en externe geluidsbelasting / overzicht maximale vloerbelastingen in relatie tot gebruiksactiviteiten en ruimtefuncties / eisen en/of uitgangspunten m.b.t. energievoorziening / eisen en/of uitgangspunten m.b.t. installatieconcepten / eisen en/of uitgangspunten m.b.t. funderingsconstructies, waterhuishouding en bouwput / randvoorwaarden m.b.t. investeringskosten, exploitatie- en/of levensduurkosten, doorlooptijd, arbeidsomstandigheden, onderhoud en reiniging
A17: 06.04 | B17: Architectuur/ bouwkunde
A18: 06.04.030 | C18: Uitwerken Technisch Ontwerp Architectuur/bouwkunde | E18: X | O18: Uitwerken Technisch Ontwerp Architectuur/bouwkunde | P18: Technisch Ontwerp Architectuur/bouwkunde | R18: Inhoud: situatie (1:200/1:500): definitieve stedenbouwkundige inpassing gebouw, definitieve terreinindeling / plattegronden (1:100/1:200) met definitieve indeling en inrichting met ruimte- en bouwdeelspecificaties en maatvoering, m2 per ruimte, ruimtefunctie per ruimte / aanzichten (1:100/1:200): definitieve indeling van alle gevels, inclusief eventuele aansluitingen op bestaande gebouwen, met bouwdeelspecificaties en maatvoering / kenmerkende fragmenten (1:20/1:50) met ruimte- en bouwdeelspecificaties en maatvoering / principedetails bouwkundig werk (1:5/1:1) / doorsneden (1:100/1:200): tenminste 2 oriëntaties per bouwdeel met definitieve indeling en inrichting met ruimte- en bouwdeelspecificaties en maatvoering / afwerkstaat / ruimtelijke reservering Constructies en Installaties inclusief inrichtingsplan productie- en technische ruimten
A19: 06.04.030 | C19: Uitwerken Technisch Ontwerp Architectuur/bouwkunde | O19: Maken schriftelijke toelichting op Technisch Ontwerp Architectuur/bouwkunde | P19: Schriftelijke toelichting op Technisch Ontwerp Architectuur/bouwkunde | R19: Inhoud: uitgangspunten / achtergronden / verantwoording van en toelichting op gemaakte keuzen / verantwoording t.o.v. Programma van Eisen / verantwoording t.o.v. Definitief Ontwerp
A20: 06.04.050 | C20: Opstellen technische specificaties (‘besteksomschrijvingen’) Architectuur/bouwkunde | E20: X | L20: B | M20: B | O20: Opstellen technische specificaties (‘besteksomschrijvingen’) Architectuur/bouwkunde | P20: Technische specificaties (‘besteksomschrijvingen’) Architectuur/bouwkunde | R20: Inhoud: technische specificaties van bouwdelen, componenten en materialen, inclusief plaatsaanduidingen
A21: 06.04.070 | C21: Bijdrage leveren aan herijken V&G-risico-inventarisatie en -evaluatie, Architectuur/bouwkunde | E21: X | L21: B | M21: B | O21: Bijdrage leveren aan herijken V&G-risico-inventarisatie en -evaluatie, Architectuur/bouwkunde | P21: Bijdrage Architectuur/bouwkunde aan herijken V&G-risico-inventarisatie en –evaluatie fase Technisch ontwerp / bestek | Q21: V&G RI&E | R21: Inhoud*: analyse veiligheids- en gezondheidsrisico’s in de uitvoeringsfase als gevolg van het ontwerp / eventuele maatregelen in het ontwerp
A22: 06.04.080 | C22: Presenteren Technisch Ontwerp Architectuur/bouwkunde | E22: X | O22: Presenteren Technisch Ontwerp Architectuur/bouwkunde | P22: Presentatie Technisch Ontwerp Architectuur/bouwkunde | Q22: Presentatie Ontwerp | R22: Inhoud*: afhankelijk van het project: presentatietekeningen, presentatieboekje, digitale presentatie, diapresentatie, ….
A23: 06.04.085 | C23: Leveren bijdrage Architectuur/bouwkunde aan Aanvullende Administratieve Bepalingen | D23: B | E23: X | L23: B | O23: Leveren bijdrage Architectuur/bouwkunde aan Aanvullende Administratieve Bepalingen | P23: Bijdrage Architectuur/bouwkunde aan Aanvullende Administratieve Bepalingen | R23: Inhoud: projectspecifieke aanvullingen op standaard Algemene Bepalingen in STABU-systematiek vanuit de invalshoek Architectuur/bouwkunde, t.b.v. het bestek
A24: 06.04.100 | C24: Maken (deel)bestek Architectuur/bouwkunde | E24: X | L24: B | M24: B | O24: Maken (deel)bestek Architectuur/bouwkunde | P24: (Deel)bestek Architectuur/bouwkunde | R24: Inhoud: ingeval van aparte aanbesteding van bouwkundig werk: administratieve bepalingen, technische specificaties van bouwkundige constructies, componenten en materialen, inclusief plaatsaanduidingen. Eis: het (deel)bestek Architectuur/bouwkunde moet als zelfstandig contractstuk kunnen dienen
A25: 06.04.110 | C25: Maken 3D-visualisaties Architectuur/bouwkunde | O25: Maken 3D-visualisaties Architectuur/bouwkunde | P25: 3D-visualisaties Architectuur/bouwkunde fase Technisch ontwerp / Bestek | Q25: 3D visualisaties | R25: Inhoud*: afhankelijk van contractuele afspraken: gerenderde 3D CAD-tekeningen, video- of digitale animaties, virtual reality presentatie
A26: 06.04.115 | C26: Maken maquette Architectuur/bouwkunde | O26: Maken maquette Architectuur/bouwkunde | P26: Maquette Architectuur/bouwkunde fase Technisch ontwerp / Bestek | Q26: Maquette | R26: Inhoud*: maquette op vooraf overeengekomen schaal en detailniveau
A27: 06.04.120 | C27: Maken bouwkundige onderleggers voor verkooptekeningen | O27: Maken bouwkundige onderleggers voor verkooptekeningen | P27: Bouwkundige onderleggers voor verkooptekeningen | R27: Inhoud: plattegronden, doorsneden en gevels met ruimte-indelingen, bouwkundige elementen en eventuele opties
A28: 06.04.120 | C28: Maken bouwkundige onderleggers voor verkooptekeningen | O28: Integreren door derden aan te leveren installatiecomponenten | P28: Bouwkundige en installatietechnische onderleggers voor verkooptekeningen | R28: Inhoud: plattegronden, doorsneden en gevels met ruimte-indelingen, bouwkundige elementen, installatiecomponenten en eventuele opties
A29: 06.04.130 | C29: Maken splitsingstekeningen | O29: Maken splitsingstekeningen | P29: Splitsingstekeningen | R29: Inhoud: plattegronden (1:100) met demarcatie van eigendommen van verschillende eigenaren
A30: 06.04.140 | C30: Maken gedetailleerde slooptekeningen Architectuur/bouwkunde | O30: Maken gedetailleerde slooptekeningen Architectuur/bouwkunde | P30: Gedetailleerde slooptekeningen Architectuur/bouwkunde | R30: Inhoud: plattegronden en doorsneden bestaande gebouw (1:100/1:50), met daarop aangegeven de te slopen bouwdelen, inclusief maatvoering. Eis: de tekeningen moeten als contractstuk kunnen dienen bij separate aanbesteding van de sloop van bouwkundig werk
A31: 06.04.150 | C31: Maken sloopbestek Architectuur/bouwkunde | O31: Maken sloopbestek Architectuur/bouwkunde | P31: Sloopbestek Architectuur/bouwkunde | R31: Inhoud: administratieve bepalingen, technische specificaties van te slopen bouwkundig werk, inclusief plaatsaanduidingen. Optioneel: hoeveelheden. Eis: het bestek moet als contractstuk kunnen dienen bij separate aanbesteding van de sloop van bestaand bouwkundig werk
A32: 06.04.160 | C32: Maken hoeveelhedenstaten Architectuur/bouwkunde | E32: X | O32: Maken hoeveelhedenstaten Architectuur/bouwkunde | P32: Hoeveelhedenstaten Architectuur/bouwkunde fase Technisch ontwerp | R32: Inhoud: opsomming van hoeveelheden van te gebruiken materialen, inclusief aanduiding van de toepassingen
A33: 06.05 | B33: Interieur
A34: 06.05.010 | C34: Maken Technisch Ontwerp Interieur | E34: X | O34: Presenteren Technisch Ontwerp Interieur | P34: Presentatie Technisch Ontwerp Interieur | Q34: Presentatie Ontwerp | R34: Inhoud*: afhankelijk van het project: presentatietekeningen, presentatieboekje, digitale presentatie, diapresentatie, ….
A35: 06.05.010 | C35: Maken Technisch Ontwerp Interieur | O35: Uitwerken Technisch Ontwerp Interieur | P35: Technisch Ontwerp Interieur | R35: Inhoud: plattegronden, doorsneden en aanzichten (1:100/1:50/1:20) van inrichting(selementen), afwerkingen en maatvoering / detailtekeningen en specificaties voor zover benodigd voor het vastleggen van de verschijningsvorm en/of van vereiste eigenschappen en maatvoering / beoordelingen van tekeningen van derden in relatie tot de interieurarchitectuur in dit stadium inclusief eventuele rapportages hierover
A36: 06.05.030 | C36: Aanleveren technische specificaties Interieur, t.b.v. bestek | E36: X | O36: Aanleveren technische specificaties Interieur, tb.v. bestek | P36: Technische specificaties Interieur | R36: Inhoud: technische specificaties van inrichting(selementen) en afwerkingen, inclusief plaatsaanduidingen, t.b.v. door derden op te stellen bestek
A37: 06.05.050 | C37: Bijdrage leveren aan herijken V&G-risico-inventarisatie en -evaluatie, Interieur | E37: X | M37: B | O37: Bijdrage leveren aan herijken V&G-risico-inventarisatie en -evaluatie, Interieur | P37: Bijdrage Interieur aan herijken V&G-risico-inventarisatie en –evaluatie fase Technisch ontwerp / bestek | Q37: V&G RI&E | R37: Inhoud*: analyse veiligheids- en gezondheidsrisico’s in de uitvoeringsfase als gevolg van het ontwerp / eventuele maatregelen in het ontwerp
A38: 06.05.060 | C38: Leveren bijdrage Interieur aan Aanvullende Administratieve Bepalingen | D38: B | E38: X | L38: B | O38: Leveren bijdrage Interieur aan Aanvullende Administratieve Bepalingen | P38: Bijdrage Interieur aan Aanvullende Administratieve Bepalingen | R38: Inhoud: projectspecifieke aanvullingen op standaard Algemene Bepalingen in STABU-systematiek vanuit de invalshoek Interieur, t.b.v. het bestek
A39: 06.05.070 | C39: Maken (deel)bestek Interieur | E39: X | L39: B | M39: B | O39: Maken (deel)bestek Interieur | P39: (Deel)bestek Interieur | R39: Inhoud: ingeval van aparte aanbesteding van interieurwerk: administratieve bepalingen, technische specificaties van (vaste) inrichtingen en afwerkingen, inclusief plaatsaanduidingen / optioneel: hoeveelheden. Eis: het (deel)bestek Interieur moet als zelfstandig contractstuk kunnen dienen
A40: 06.05.080 | C40: Maken 3D-visualisaties Interieur | O40: Maken 3D-visualisaties Interieur | P40: 3D-visualisaties Interieur fase Technisch ontwerp / Bestek | Q40: 3D visualisaties | R40: Inhoud*: afhankelijk van contractuele afspraken: gerenderde 3D CAD-tekeningen, video- of digitale animaties, virtual reality presentatie
A41: 06.05.090 | C41: Maken maquette Interieur | O41: Maken maquette Interieur | P41: Maquette Interieur fase Technisch ontwerp / Bestek | Q41: Maquette | R41: Inhoud*: maquette op vooraf overeengekomen schaal en detailniveau
A42: 06.05.100 | C42: Maken hoeveelhedenstaten Interieur | E42: X | O42: Maken hoeveelhedenstaten Interieur | P42: Hoeveelhedenstaten Interieur fase Technisch ontwerp | R42: Inhoud: opsomming van hoeveelheden van te gebruiken materialen, inclusief aanduiding van de toepassingen
A43: 06.06 | B43: Landschap
A44: 06.06.010 | C44: Maken Technisch Ontwerp Landschap | F44: X | O44: Maken Technisch Ontwerp Landschap | P44: Technisch Ontwerp Landschap | R44: Inhoud: uitwerkingen plan ten behoeve van prijs- en contractvorming: maatvaste plattegronden met indelingen, globale peilen, exacte materialisatie maaiveld en opgaande onderdelen van het plan, leidingen, putten en installaties t.b.v. verwerking hemelwater van gebouw en verhardingen, drainage, beregening / profielen met constructies, materialisatie, maatvoering en peilen, weergegeven in NAP of t.o.v. vloerpeil(en) gebouw(en) / detaillering, definiëring onderdelen en materialen, nadere benodigde uitwerkingen t.b.v. prijs- en contractvorming
A45: 06.06.040 | C45: Opstellen technische specificaties Landschap (deel 2 RAW-bestek) | F45: X | O45: Opstellen technische specificaties Landschap (deel 2 RAW-bestek) | P45: Technische specificaties Landschap (deel 2 RAW-bestek) | R45: Inhoud: RAW-werkomschrijvingen: beschrijving van het werk, technische specificaties (kwaliteitseisen) / lijsten: beplantingen (aantallen, soorten, maten, kwaliteiten, vormen), overzicht van door de opdrachtgever te leveren materialen, overzicht van leveranciers, overzicht van producenten / grondbalans: balansen van aanwezige materialen / voorbereidende werkzaamheden als slopen opstallen, grondwerk en rooien beplanting t.b.v. de bouw
A46: 06.06.060 | C46: Bijdrage leveren aan herijken V&G-risico-inventarisatie en -evaluatie, Landschap | F46: X | O46: Bijdrage leveren aan herijken V&G-risico-inventarisatie en -evaluatie, Landschap | P46: Bijdrage Landschap aan herijken V&G-risico-inventarisatie en –evaluatie fase Technisch ontwerp / bestek | Q46: V&G RI&E | R46: Inhoud*: analyse veiligheids- en gezondheidsrisico’s in de uitvoeringsfase als gevolg van het ontwerp / eventuele maatregelen in het ontwerp
A47: 06.06.070 | C47: Leveren bijdrage Landschap aan Aanvullende Administratieve Bepalingen (deel 3 RAW-bestek) | D47: B | F47: X | O47: Leveren bijdrage Landschap aan Aanvullende Administratieve Bepalingen (deel 3 RAW-bestek) | P47: Bijdrage Landschap aan Aanvullende Administratieve Bepalingen (deel 3 RAW-bestek) | R47: Inhoud: projectspecifieke aanvullingen op standaard Algemene Bepalingen volgens Deel 3 van de RAW-systematiek vanuit de invalshoek Landschap, t.b.v. het bestek
A48: 06.06.075 | C48: Maken Bestek Landschap (deel 1, 2 en 3 RAW-bestek) | F48: X | O48: Maken Bestek Landschap (deel 1, 2 en 3 RAW-bestek) | P48: Bestek Landschap (deel 1, 2 en 3 RAW-bestek) | R48: Inhoud: Algemene administratieve bepalingen/RAW-werkomschrijvingen: beschrijving van het werk, technische specificaties (kwaliteitseisen) / lijsten: beplantingen (aantallen, soorten, maten, kwaliteiten, vormen), overzicht van door de opdrachtgever te leveren materialen, overzicht van leveranciers, overzicht van producenten / grondbalans: balansen van aanwezige materialen / voorbereidende werkzaamheden als slopen opstallen, grondwerk en rooien beplantingen t.b.v. de bouw. Eis: het (Deel)bestek Landschap moet als zelfstandig contractstuk kunnen dienen
A49: 06.06.080 | C49: Opstellen advies grondverbetering en bemesting | F49: X | O49: Opstellen advies grondverbetering en bemesting | P49: Advies grondverbetering en bemesting | R49: Inhoud: advies maatregelen grondbewerking, gronduitwisseling, drainage, beregening en bemesting naar aanleiding van uitkomsten verkennend bodemonderzoek
A50: 06.06.090 | C50: Maken berekening en uitwerken maatregelen hemelwaterinfiltratie | H50: X | O50: Maken berekening en uitwerken maatregelen hemelwaterinfiltratie | P50: Berekening en maatregelen hemelwaterinfiltratie | R50: Inhoud: uitgangspunten / definitieve berekeningen hemelwaterinfiltratie / beschrijving/specificatie maatregelen
A51: 06.06.100 | C51: Maken berekening en uitwerken drainage terrein | H51: X | O51: Maken berekeningen en uitwerken drainage terrein | P51: Berekening en uitwerking drainage terrein | R51: Inhoud: definitieve berekeningen benodigde drainage / terreintekening met daarop aangegeven: drainageleidingen, locatie(s) voor afwatering op oppervlaktewater of rioolsysteem
A52: 06.06.110 | C52: Opstellen berekeningen en advies rioleringen in terrein | H52: X | O52: Opstellen berekeningen en advies rioleringen in terrein | P52: Berekeningen en advies rioleringen in terrein | R52: Inhoud: leidingstelsel / dimensionering / capaciteit pompen / ……
A53: 06.07 | B53: Bouwfysica, Akoestiek en Brandveiligheid
A54: 06.07.010 | C54: Ondersteunen/sturen TO-ontwikkeling op bouwfysische aspecten | I54: X | O54: Beoordelen technische oplossingen diverse projectdelen t.a.v. bouwfysische aspecten | P54: Beoordeling technische oplossingen t.a.v. bouwfysische aspecten | R54: Inhoud: beoordeelde technische oplossingen en principedetails / beoordelingen inclusief motivaties / adviezen
A55: 06.07.010 | C55: Ondersteunen/sturen TO-ontwikkeling op bouwfysische aspecten | O55: Maken definitieve berekeningen t.a.v. bouwfysische aspecten | P55: Definitieve berekeningen bouwfysische aspecten | R55: Inhoud: definitieve berekeningen ten aanzien van lucht- en waterdichtheid, thermische isolatie en koudebruggen, vocht-/condensvorming, ventilatie, daglicht en uitzicht
A56: 06.07.010 | C56: Ondersteunen/sturen TO-ontwikkeling op bouwfysische aspecten | O56: Opstellen ontwerpverantwoording Technisch Ontwerp Bouwfysica | P56: Ontwerpverantwoording Technisch Ontwerp Bouwfysica | R56: Inhoud: samenvatting en verantwoording van de volledige bouwfysische advisering en definitieve berekeningen in de TO-fase ten aanzien van aspecten als lucht- en waterdichtheid, gebouwgerelateerde arboaspecten, thermische isolatie en koudebruggen, vocht/condensvorming, temperatuursoverschrijdingen, ventilatie, daglicht en uitzicht, brandveiligheid en diverse aspecten afhankelijk van het overeengekomen activiteitenpakket (bijvoorbeeld stedenbouwfysica, windhinder, beschaduwingsonderzoek)
A57: 06.07.020 | C57: Opstellen rapportages bouwfysica voor aanvraag reguliere bouwvergunning (in één keer of tweede fase) | I57: X | O57: Opstellen rapportages bouwfysica voor aanvraag reguliere bouwvergunning (in één keer of tweede fase) | P57: Rapportages bouwfysica voor aanvraag reguliere bouwvergunning (in één keer of tweede fase) | R57: Inhoud: tenminste: gegevens als genoemd in de bijlage van het Besluit indieningsvereisten aanvraag bouwvergunning (Biab), paragraaf 1.2.4 onderdeel 1a, 1c, 1e, 1i en 1j, met inachtneming van het gestelde in paragraaf 1.5 (“Op een later tijdstip aan te leveren gegevens en bescheiden”)
A58: 06.07.030 | C58: Ondersteunen/sturen TO-ontwikkeling op akoestische basisaspecten | I58: X | O58: Beoordelen technische oplossingen t.a.v. akoestische basisaspecten | P58: Beoordeling technische oplossingen t.a.v. akoestische basisaspecten | R58: Inhoud: beoordeelde technische oplossingen en principedetails / beoordelingen inclusief motivaties / adviezen
A59: 06.07.030 | C59: Ondersteunen/sturen TO-ontwikkeling op akoestische basisaspecten | O59: Opstellen ontwerpverantwoording Technisch Ontwerp Akoestiek | P59: Ontwerpverantwoording Technisch Ontwerp Akoestiek | R59: Inhoud: samenvatting en verantwoording van de volledige akoestische advisering en berekeningen in de TO-fase ten aanzien van aspecten als geluidsisolatie intern (lucht- en contactgeluidsisolatie), geluidswering gevel, ruimteakoestiek, alsmede diverse aspecten afhankelijk van het overeengekomen activiteitenpakket (bijvoorbeeld externe geluidsbelasting, installatiegeluid, trillingen, geluidsuitstraling naar de omgeving, zaalakoestiek)
A60: 06.07.030 | C60: Ondersteunen/sturen TO-ontwikkeling op akoestische basisaspecten | O60: Maken definitieve berekeningen t.a.v. akoestische basisaspecten | P60: Definitieve berekeningen akoestische basisaspecten | R60: Inhoud: definitieve berekeningen ten aanzien van geluidsisolatie intern (lucht- en contactgeluidsisolatie), geluidswering gevel, ruimteakoestiek
A61: 06.07.040 | C61: Ondersteunen technisch specificeren en dimensioneren specifieke maatregelen daglichtvoorzieningen | I61: X | O61: Ondersteunen technisch specificeren en dimensioneren specifieke maatregelen daglichtvoorzieningen | P61: Technische specificatie en dimensionering specifieke maatregelen daglichtvoorziening | R61: Inhoud: definitieve berekeningen van afmetingen / technische specificaties maatregelen (al dan niet t.b.v. bestek) NOOT: het gaat hier om bijzondere, niet-standaard daglichtvoorzieningen; normale daglichtvoorzieningen behoren tot het takenpakket Architectuur/bouwkunde
A62: 06.07.050 | C62: Ondersteunen technisch specificeren en dimensioneren maatregelen stedenbouwfysica | I62: X | O62: Ondersteunen technisch specificeren en dimensioneren maatregelen stedenbouwfysica | P62: Technische specificatie maatregelen stedenbouwfysica | Q62: Techn. specificatie | R62: Inhoud*: definitieve berekeningen van afmetingen / technische specificaties maatregelen (al dan niet t.b.v. bestek)
A63: 06.07.060 | C63: Ondersteunen technisch specificeren en dimensioneren maatregelen windhinder | O63: Ondersteunen technisch specificeren en dimensineren maatregelen windhinder | P63: Technische specificatie en dimensionering maatregelen windhinder | Q63: Techn. specificatie | R63: Inhoud*: definitieve berekeningen van afmetingen / technische specificaties maatregelen (al dan niet t.b.v. bestek)
A64: 06.07.070 | C64: Ondersteunen technisch specificeren en dimensioneren bijzondere maatregelen trillingen | I64: X | O64: Ondersteunen technisch specificeren en dimensioneren bijzondere maatregelen trillingen | P64: Technische specificatie en dimensionering bijzondere maatregelen trillingen | Q64: Techn. specificatie | R64: Inhoud*: definitieve berekeningen van afmetingen / technische specificaties maatregelen (al dan niet t.b.v. bestek)
A65: 06.07.080 | C65: Ondersteunen technisch specificeren en dimensioneren maatregelen geluidsuitstraling naar de omgeving | I65: X | O65: Ondersteunen technisch specificeren en dimensioneren maatregelen geluidsuitstraling naar omgeving | P65: Technische specificatie en dimensionering maatregelen geluidsuitstraling naar omgeving | Q65: Techn. specificatie | R65: Inhoud*: definitieve berekeningen van afmetingen / technische specificaties maatregelen (al dan niet t.b.v. bestek)
A66: 06.07.090 | C66: Ondersteunen technisch specificeren en dimensioneren maatregelen installatiegeluid | I66: X | O66: Ondersteunen technisch specificeren en dimensioneren maatregelen installatiegeluid | P66: Technische specificatie en dimensionering maatregelen installatiegeluid | Q66: Techn. specificatie | R66: Inhoud*: definitieve berekeningen van afmetingen / technische specificaties maatregelen (al dan niet t.b.v. bestek)
A67: 06.07.100 | C67: Ondersteunen technisch specificeren en dimensioneren maatregelen ruimteakoestiek | I67: X | O67: Ondersteunen technisch specificeren en dimensioneren maatregelen ruimteakoestiek | P67: Technische specificatie en dimensionering maatregelen ruimteakoestiek | Q67: Techn. specificatie | R67: Inhoud*: definitieve berekeningen van afmetingen / technische specificaties maatregelen (al dan niet t.b.v. bestek)
A68: 06.07.110 | C68: Uitbrengen projectspecifiek akoestisch advies | I68: X | O68: Ondersteunen technisch specificeren en dimensioneren maatregelen externe geluidsbelasting | P68: Technische specificatie en dimensionering maatregelen externe geluidsbelasting | Q68: Techn. specificatie | R68: Inhoud*: definitieve berekeningen van afmetingen / technische specificaties maatregelen (al dan niet t.b.v. bestek)
A69: 06.07.200 | C69: Herijken en eventueel aanpassen brandveiligheidsplan | I69: X | O69: Herijken en eventueel aanpassen brandveiligheidsplan | P69: Brandveiligheidsplan fase TO | R69: Inhoud: eventueel aangepaste beschrijving van het brandveiligheidsconcept (compartimentering, vluchtwegen e.d.), afgestemd op het beoogde gebruik / consequenties op hoofdlijnen voor uitwerking, inrichting en/of gebruik van vluchtwegen en compartimenteringen
A70: 06.07.210 | C70: Controleren TO-documenten op brandveiligheidsaspecten | I70: X | M70: B | O70: Controleren TO-documenten op brandveiligheidsaspecten | P70: Rapportage brandveiligheid fase TO | R70: Inhoud: controle van bestek, c.q. technische specificaties / beoordeling bouwkundige detaillering / beoordeling certificaten en testrapporten / indien van toepassing: voorstellen voor toe te passen materialen in relatie tot brandveiligheid
A71: 06.08 | B71: Constructie
A72: 06.08.010 | C72: Maken Technisch Ontwerp Constructies | G72: X | O72: Maken hoofdberekeningen Technisch Ontwerp Constructies | P72: Hoofdberekeningen Technisch Ontwerp Constructies | R72: Inhoud: gewichtsberekening, inclusief berekening wateraccumulatie op lichte platte daken / stabiliteitsberekening / berekening van belastingen van funderingspalen en/of stroken / globale berekeningen van constructieonderdelen voorzieningen tweede draagweg. Eisen: de berekeningen moeten voldoen als interne onderbouwing van het technisch ontwerp. In de stabiliteitsberekening moeten, op basis van de gekozen opbouw van de constructie en de fundering en onder invloed van de optredende uitwendige krachten en invloeden, voor de constructie als geheel de eigenschappen qua vervorming en qua krachtsverdeling zijn vastgelegd, het evenwicht en de vervormingen zijn gecontroleerd, de gekozen constructieafmetingen zijn geverifieerd en de krachten op de fundering zijn bepaald
A73: 06.08.010 | C73: Maken Technisch Ontwerp Constructies | O73: Verwerken van wijzigingen Technisch Ontwerp Constructies | P73: Wijzigingen in tekeningen en berekeningen Technisch Ontwerp | R73: Inhoud: wijzigingen door toedoen van ontwerppartners of derden, voor zover dit in de uitwerking van tekeningen en berekeningen reeds verricht werk niet teniet doet
A74: 06.08.010 | C74: Maken Technisch Ontwerp Constructies | O74: Maken Technisch Ontwerp Constructies | P74: Technisch Ontwerp Constructies | R74: Inhoud: Tekeningen / palenplan(nen) inclusief aanduiding paaltype, - afmetingen en –draagvermogen, overzicht(en) van funderingen (1:100) / plattegronden en doorsneden draagstructuur (1:100) met kolom-, wand- en balkafmetingen, vloertypen en –dikten, vloerbelastingen en dilataties / essentiële plattegrond- en gevelfragmenten (1:50 of groter) / principedetails constructieonderdelen (1:20 of groter). Eisen: de tekeningen moeten voldoende informatie bevatten voor de prijsvorming door de inschrijvers en als contractstuk kunnen dienen.
A75: 06.08.015 | C75: Doorontwikkelen ontwerpnota constructies | G75: X | O75: Maken schriftelijke toelichting op Technisch Ontwerp Constructies | P75: Schriftelijke toelichting op Technisch Ontwerp Constructies | R75: Inhoud: uitgangspunten / achtergronden / omschrijving hoofddraagconstructie en brandwering tegen bezwijken daarvan / verantwoording van en toelichting op gemaakte keuzen / aangehouden belastingen en belastingcombinaties / constructiemethoden en materialen / stabiliteitsprincipe / verantwoording t.o.v. Programma van Eisen / verantwoording t.o.v. Definitief Ontwerp / robuustheid van het ontwerp / uitwerking eventuele tweede draagweg
A76: 06.08.020 | C76: Indien van toepassing: leveren aanvullende informatie t.b.v. omgevingsvergunning bouw | G76: X | O76: Indien van toepassing: leveren aanvullende informatie t.b.v. omgevingsvergunning bouw | P76: Aanvullende informatie constructies t.b.v. omgevingsvergunning bouw | R76: Inhoud: informatie omtrent constructies als bedoeld in paragraaf 2.2, artikel 2.7 "Uitgestelde indieningsvereisten omtrent het bouwen" van de Regeling omgevingsrecht
A77: 06.08.030 | C77: Aanleveren technische specificaties Constructies, t.b.v. bestek | G77: X | L77: B | M77: B | O77: Leveren bijdrage Constructies aan Aanvullende Administratieve Bepalingen | P77: Bijdrage Constructies aan Aanvullende Administratieve Bepalingen | R77: Inhoud: projectspecifieke aanvullingen op standaard Algemene Bepalingen in STABU-systematiek vanuit de invalshoek Constructie, t.b.v. het bestek
A78: 06.08.030 | C78: Aanleveren technische specificaties Constructies, t.b.v. bestek | O78: Aanleveren technische specificaties Constructies, t.b.v. bestek | P78: Technische specificaties Constructies | R78: Inhoud: technische specificaties van constructies en constructieonderdelen, inclusief plaatsaanduidingen, t.b.v. door derden te vervaardigen bestek
A79: 06.08.050 | C79: Bijdrage leveren aan herijken V&G-risico-inventarisatie en -evaluatie, Constructies | G79: X | L79: B | M79: B | O79: Bijdrage leveren aan herijken V&G-risico-inventarisatie en -evaluatie, Constructies | P79: Bijdrage Constructies aan herijken V&G-risico-inventarisatie en –evaluatie fase Technisch ontwerp / bestek | Q79: V&G RI&E | R79: Inhoud*: analyse veiligheids- en gezondheidsrisico’s in de uitvoeringsfase als gevolg van het ontwerp / eventuele maatregelen in het ontwerp
A80: 06.08.055 | C80: Opstellen demarcatielijst hoofdconstructeur - coördinerend constructeur | G80: X | O80: Opstellen demarcatielijst hoofdconstructeur - coördinerend constructeur | P80: Demarcatielijst hoofdconstructeur - coördinerend constructeur | R80: Inhoud: taakverdeling hoofdconstructeur - coördinerend constructeur in de fasen Uitvoering-Uitvoeringsgereed Ontwerp en Uitvoering-Directievoering op basis van KIWA-Criteria 73/06 bijlage 8
A81: 06.08.060 | C81: Adviseren bouwkundige constructies | G81: X | O81: Adviseren bouwkundige constructies | P81: Advies bouwkundige constructies fase Technisch ontwerp | R81: Inhoud: adviezen aan bouwteamleden op basis van door hen vervaardigde ontwerpdocumenten
A82: 06.08.090 | C82: Maken overzichtstekeningen geprefabriceerde beton-, staal-, hout- en/of metselconstructies | G82: X | O82: Maken overzichtstekeningen geprefabriceerde beton-, staal-, hout- en/of metselconstructies | P82: Overzichtstekeningen geprefabriceerde betonconstructies, van staal-, hout- en metselwerkconstructies | R82: Inhoud: Volledig overzicht van voorkomende elementen van de onderscheiden constructietypen, uitgewerkt in plattegronden en eventuele wand- en gevelaanzichten (schaal 1:100 of groter). Eisen: de overzichtstekeningen moeten voldoende informatie bevatten voor de prijsvorming door de inschrijvers en als contractstuk kunnen dienen. Zij moeten een volledig overzicht bieden van de voorkomende elementen van de onderscheiden constructietypen. Wanneer hiermee aan de genoemde eisen kan worden voldaan mogen de overzichten van de onderscheiden constructietypen worden gecombineerd
A83: 06.08.100 | C83: Maken gedetailleerde slooptekeningen Constructies | G83: X | O83: Maken gedetailleerde slooptekeningen Constructies | P83: Gedetailleerde slooptekeningen Constructies | R83: Inhoud: schematische plattegronden en doorsneden van het bestaande gebouw (1:100/1:50), met daarop aangegeven de te slopen constructiedelen, inclusief maatvoering. Eis: de tekeningen moeten als contractstuk kunnen dienen bij separate aanbesteding van de sloop van constructiedelen
A84: 06.08.110 | C84: Specificeren maatregelen sloop/renovatie Constructies | G84: X | O84: Specificeren maatregelen sloop/renovatie Constructies | P84: Specificatie maatregelen sloop/renovatie Constructies | R84: Inhoud: specificatie van te slopen/te renoveren constructiedelen / specificatie van maatregelen t.b.v. de sloop
A85: 06.08.120 | C85: Maken sloopbestek Constructies | G85: X | O85: Maken sloopbestek Constructies | P85: Sloopbestek Constructies | R85: Inhoud: administratieve bepalingen / technische specificaties van te slopen constructiedelen / optioneel: hoeveelheden. Eis: het sloopbestek moet als contractstuk kunnen dienen bij separate aanbesteding van de sloop van constructiedelen
A86: 06.08.130 | C86: Maken hoeveelhedenstaten Constructies | O86: Maken hoeveelhedenstaten Constructies | P86: Hoeveelhedenstaten Constructies fase Technisch ontwerp | R86: Inhoud: opsomming van hoeveelheden van te gebruiken materialen, inclusief aanduiding van de toepassingen
A87: 06.08.140 | C87: Coördineren en verwerken resultaten advisering geotechniek | G87: X | O87: Coördineren en verwerken resultaten advisering geotechniek | P87: Verwerking resultaten advisering geotechniek fase Technisch Ontwerp / Bestek | R87: Inhoud: resultaten verwerkt in Technisch Ontwerp en Ontwerpnota
A88: 06.09 | B88: Installaties
A89: 06.09.010 | C89: Maken Technisch Ontwerp Installaties | H89: X | O89: Maken bestektekeningen Installaties | P89: Bestektekeningen Installaties | R89: Inhoud: bestektekeningen (1:100) voorzien van dimensioneringen, maatvoering van alle leidingen en eindtoestellen, schema’s waarin werking en capaciteit van de installaties eenduidig worden vastgelegd / klimaatcondities per ruimte / doorsneden (1:100/1:200) per gebouw(deel) over maatgevende ruimten, sanitaire units en leidingschachten
A90: 06.09.010 | C90: Maken Technisch Ontwerp Installaties | O90: Maken schriftelijke toelichting op Technisch Ontwerp Installaties | P90: Schriftelijke toelichting op Technisch Ontwerp Installaties | R90: Inhoud: uitgangspunten / achtergronden / verantwoording van en toelichting op gemaakte keuzen / verantwoording t.o.v. Programma van Eisen / verantwoording t.o.v. Definitief Ontwerp
A91: 06.09.010 | C91: Maken Technisch Ontwerp Installaties | O91: Maken gedetailleerde berekeningen Installaties | P91: Gedetailleerde berekeningen Installaties | R91: Inhoud: volledige berekeningen, benodigd voor de dimensionering, maatvoering en apparatuurselectie van alle installatieonderdelen
A92: 06.09.020 | C92: Maken Technisch Ontwerp Installaties landschap | H92: X | O92: Maken Technisch Ontwerp Installaties Landschap | P92: Tekeningen en berekeningen Installaties Landschap | R92: Inhoud: berekeningen, dimensionering, situering en weergave op tekening van leidingen en installaties (riolering/DWA, HWA, pompen, nutsaansluitingen, beveiliging, terreinverlichting)
A93: 06.09.030 | C93: Aanleveren technische specificaties Installaties, t.b.v. bestek | H93: X | L93: B | M93: B | O93: Aanleveren technische specificaties Installaties, t.b.v. bestek | P93: Technische specificaties ('besteksomschrijvingen') Installaties | R93: Inhoud: technische specifiacties van installaties en installatie-onderdelen, inclusief plaatsaanduiding, t.b.v. door derden te vervaardigen bestek
A94: 06.09.040 | C94: Indien van toepassing: leveren aanvullende informatie t.b.v. omgevingsvergunning bouw | H94: X | O94: Indien van toepassing: leveren aanvullende informatie t.b.v. omgevingsvergunning bouw | P94: Aanvullende informatie installaties t.b.v. omgevingsvergunning bouw | R94: Inhoud: informatie omtrent installaties als bedoeld in paragraaf 2.2, artikel 2.7 "Uitgestelde indieningsvereisten omtrent het bouwen" van de Regeling omgevingsrecht
A95: 06.09.050 | C95: Bijdrage leveren aan herijken V&G-risico-inventarisatie en -evaluatie, Installaties | H95: X | L95: B | M95: B | O95: Bijdrage leveren aan herijken V&G-risico-inventarisatie en -evaluatie, Installaties | P95: Bijdrage Installaties aan herijken V&G-risico-inventarisatie en –evaluatie fase Technisch ontwerp / bestek | Q95: V&G RI&E | R95: Inhoud*: analyse veiligheids- en gezondheidsrisico’s in de uitvoeringsfase als gevolg van het ontwerp / eventuele maatregelen in het ontwerp
A96: 06.09.055 | C96: Maken tekeningen installatieruimten en leidingschachten | H96: X | O96: Maken tekeningen leidingschachten | P96: Tekeningen Leidingschachten fase TO | R96: Inhoud: plattegronden (1:20) met daarop aangegeven: hoofdmaten, eventuele tussenvloeren, (grote) sparingen, luiken en deuren, bijzondere eisen
A97: 06.09.055 | C97: Maken tekeningen installatieruimten en leidingschachten | O97: Maken tekeningen installatieruimten | P97: Tekeningen Installatieruimten fase TO | R97: Inhoud: plattegronden (1:100) met daarop aangegeven: m2 per ruimte, indeling binnenwanden, ruimtefunties, opstortingen, verhoogde vloeren, (grote) sparingen, bijzondere eisen, inrichting met apparaten
A98: 06.09.058 | C98: Nader uitwerken Technische Ontwerp Transportinstallaties | H98: X | O98: Nader uitwerken Technisch Ontwerp Transportinstallaties | P98: Nadere uitwerking Technisch Ontwerp Transportinstallaties | R98: Inhoud: opstellingstekeningen schachtindelingen (1:10/1:20) / tekeningen schachtopstanden (1:50) / machinekamerindeling (1:10/1:20) / definitieve opgave van door derden te leveren voorzieningen
A99: 06.09.060 | C99: Maken bestektekeningen voor functioneel ontwerp Installaties | H99: X | O99: Maken bestektekeningen voor functioneel ontwerp Installaties | P99: Ontwerptekeningen voor functioneel ontwerp Installaties | R99: Inhoud: tot bestektekeningen gecompleteerde DO-tekeningen en schema’s (1:200/1:100) / Eis: tekeningen en schema’s moeten in combinatie met het functioneel bestek voor de Installaties voldoende informatie bevatten voor uitwerking door de aanbieder en een prijsaanbieding op basis van die uitwerking
A100: 06.09.070 | C100: Maken functioneel bestek Installaties | H100: X | O100: Maken functioneel bestek Installaties | P100: Functioneel bestek Installaties | R100: Inhoud: administratieve bepalingen / technische voorwaarden en technische aanduiding van Installaties / Eis: het functioneel bestek moet in combinatie met de Technisch ontwerptekeningen Installaties voldoende informatie bevatten voor uitwerking door de aanbieder en een prijsaanbieding op basis van die uitwerking
...

Sheet Fase 7 P&C
